Workbook

Sheet Forside
B1: Budsjetteringsmaler Universitetet i Oslo
B2: Velg type mal i nedtrekksmenyene under og faner vises automatisk
B3: Kategorisering
B4: Bidrag
B6: Søknadstype - oppdrag
B7: Konferansebudsjett
B9: Søknadstype - bidrag
B10: SFF
A40: 45314

Sheet Registrering
A2: Prosjektinformasjon
A3: Prosjekttittel*
A4: Prosjektleder*
A5: Prosjekteier *
A6: Navn på enhet*
A7: Kort begrunnelse for prosjektes faglige interesse* (Manglende eller dårlig begrunnelse vil kunne medføre avvist prosjektoppretting)
S11: Sats for ekst. fin. overhead
A12: Kort begrunnelse for kategorisering (bidrag/oppdrag)* (Manglende eller dårlig begrunnelse vil kunne medføre avvist prosjektoppretting) | S12: Rundsummer NFR
S13: Fast beløp
S14: Egenandel
A17: Prosjektnummer (om opprettet)
A18: Saksnummer i ephorte (om opprettet)
A19: Prosjektperiode
A20: Prosjektstart (dd.mm.år)*
A21: Prosjektets (avtaleperioden) start*
A22: Prosjektets (avtaleperioden) slutt*
A23: Prosjektslutt (dd.mm.år)
A24: Informasjon om finansiering
A25: Navn på finansieringskilde(r)
A26: NFR-program
A27: Prosjektkategorisering (Oppdrag eller Bidrag)*
A28: Finansieringstype* | H28: Legg inn prosentsats
A29: Prosjekttype (overheadkostnader)* | B29: Prosjekter som foregår i UiOs lokaler
A30: Rebudsjettering
A31: Beskrivelse av endringer
A36: Fra når gjelder rebudsjetteringene
A37: Ny sluttdato
A38: Oppdrag
A39: Påslag uforutsette hendelser (%)
A40: Påslag fortjeneste (%)
A41: Merverdiavgift
A42: Hvis ikke merverdiavgift, angi årsak
A44: Konferanser
A45: Antall betalende deltakere
A46: Antall deltakere hvor UiO har utlegg (forutsetter like utlegg)
... A48: Subsidiering (NB: husk å trekke ut mva- grunnlaget)
A49: Påslag for indirekte kostnader | B49: 0.4
A52: Ved valg av "Sats for eksternt finansiert overhead", skriv inn prosent
A53: Ved valg av "fast beløp", skriv inn beløp
A54: Pris- lønnsjustering
A55: Årlig lønnsjustering i hele prosjektperioden | B55: Ja
B56: 2025 | E56: 2026 | J56: 2027 og fremover
B57: 0.035 | E57: =Tabeller!L46 -> 0.035 | J57: 0.035

Sheet Budsjett
A1: Alle beløp er angitt i hele kroner | C1: Prosjekttittel: | D1: =Registrering!B3 -> 0 | AQ1: LØNNS- OG DRIFTSKOSTNADER | AW1: =AP4*K88 -> 0 | BE1: OVERHEADKOSTNADER | BT1: Eksternt finansiert overhead | CI1: Internt finansiert overhead | CX1: Ekstern finansiering | DN1: NFR | ED1: Private | ET1: Internasjonale | FJ1: Offentlige | GA1: Egenandel | GR1: Overhead i henhold til TDI
C2: =C10+C19 -> 0 | D2: =D10+D19 -> 0 | I2: REGISTRER MÅNEDSVERK
B3: Prosjektansatte | C3: Inntekter | D3: Lønn og sos. kostn. | E3: Årsv | F3: Finansiør | G3: Årslønn | H3: Navn | I3: =Tabeller!D1 -> 2025 | J3: =I3+1 -> 2026 | K3: =J3+1 -> 2027 | L3: =K3+1 -> 2028 | M3: =L3+1 -> 2029 | N3: =M3+1 -> 2030 | O3: =N3+1 -> 2031 | P3: =O3+1 -> 2032 | Q3: =P3+1 -> 2033 | ... U3: =T3+1 -> 2037 | AE3: Bruttolønn | AF3: inkl lønnsv. | AG3: Lønn | AH3: Feriep | AI3: AGA | AJ3: Pensjon | AK3: inkl sos.avg. | AL3: inkl. ind.kost. | AM3: Timesats | AP3: =I3 -> 2025 | AQ3: =J3 -> 2026 | AR3: =K3 -> 2027 | AS3: =L3 -> 2028 | AT3: =M3 -> 2029 | AU3: =N3 -> 2030 | AV3: =O3 -> 2031 | AW3: =P3 -> 2032 | ... BB3: =U3 -> 2037 | BD3: =AP3 -> 2025 | BE3: =AQ3 -> 2026 | BF3: =AR3 -> 2027 | BG3: =AS3 -> 2028 | BH3: =AT3 -> 2029 | BI3: =AU3 -> 2030 | BJ3: =AV3 -> 2031 | BK3: =AW3 -> 2032 | ... BP3: =BB3 -> 2037 | BS3: =BD3 -> 2025 | BT3: =BE3 -> 2026 | BU3: =BF3 -> 2027 | BV3: =BG3 -> 2028 | BW3: =BH3 -> 2029 | BX3: =BI3 -> 2030 | BY3: =BJ3 -> 2031 | BZ3: =BK3 -> 2032 | ... CE3: =BP3 -> 2037 | CH3: =CW3 -> 2025 | CI3: =CX3 -> 2026 | CJ3: =CY3 -> 2027 | CK3: =CZ3 -> 2028 | CL3: =DA3 -> 2029 | CM3: =DB3 -> 2030 | CN3: =DC3 -> 2031 | CO3: =DD3 -> 2032 | ... CT3: =DI3 -> 2037 | CW3: =BS3 -> 2025 | CX3: =BT3 -> 2026 | CY3: =BU3 -> 2027 | CZ3: =BV3 -> 2028 | DA3: =BW3 -> 2029 | DB3: =BX3 -> 2030 | DC3: =BY3 -> 2031 | DD3: =BZ3 -> 2032 | ... DI3: =CE3 -> 2037 | DJ3: Totalt | DN3: =BS3 -> 2025 | DO3: =BT3 -> 2026 | DP3: =BU3 -> 2027 | DQ3: =BV3 -> 2028 | DR3: =BW3 -> 2029 | DS3: =BX3 -> 2030 | DT3: =BY3 -> 2031 | DU3: =BZ3 -> 2032 | ... DZ3: =CE3 -> 2037 | EA3: Totalt | ED3: =CH3 -> 2025 | EE3: =CI3 -> 2026 | EF3: =CJ3 -> 2027 | EG3: =CK3 -> 2028 | EH3: =CL3 -> 2029 | EI3: =CM3 -> 2030 | EJ3: =CN3 -> 2031 | EK3: =CO3 -> 2032 | ... EP3: =CT3 -> 2037 | EQ3: Totalt | ET3: =CW3 -> 2025 | EU3: =CX3 -> 2026 | EV3: =CY3 -> 2027 | EW3: =CZ3 -> 2028 | EX3: =DA3 -> 2029 | EY3: =DB3 -> 2030 | EZ3: =DC3 -> 2031 | FA3: =DD3 -> 2032 | ... FG3: =DJ3 -> Totalt | FJ3: =DN3 -> 2025 | FK3: =DO3 -> 2026 | FL3: =DP3 -> 2027 | FM3: =DQ3 -> 2028 | FN3: =DR3 -> 2029 | FO3: =DS3 -> 2030 | FP3: =DT3 -> 2031 | FQ3: =DU3 -> 2032 | ... FW3: =EA3 -> Totalt | GA3: =ED3 -> 2025 | GB3: =EE3 -> 2026 | GC3: =EF3 -> 2027 | GD3: =EG3 -> 2028 | GE3: =EH3 -> 2029 | GF3: =EI3 -> 2030 | GG3: =EJ3 -> 2031 | GH3: =EK3 -> 2032 | ... GN3: =EQ3 -> Totalt | GQ3: =AP3 -> 2025 | GR3: =AQ3 -> 2026 | GS3: =AR3 -> 2027 | GT3: =AS3 -> 2028 | GU3: =AT3 -> 2029 | GV3: =AU3 -> 2030 | GW3: =AV3 -> 2031 | GX3: =AW3 -> 2032 | ... HC3: =BB3 -> 2037
D4: =SUM(AP4:BB4) -> 0 | E4: =SUM(I4:U4)/12 -> 0 | AE4: =G4 -> 0 | AF4: =AE4*Tabeller!$I$49 -> 0 | AG4: =IF(AE4>0,(AF4-400)/52*47,0) -> 0 | AH4: =AG4*Tabeller!$H$40 -> 0 | AI4: =SUM(AG4:AH4,AJ4)*Tabeller!$H$41 -> 0 | AJ4: =AF4*Tabeller!$H$42 -> 0 | AK4: =SUM(AG4:AJ4) -> 0 | AL4: =AK4+(IF(B4="Teknisk adm bistand",Registrering!$E$51,Registrering!$B$51)) -> 0 | AM4: =AL4/Tabeller!$H$5 -> 0 | AP4: =((I4*Budsjett!$AK4))/12 -> 0 | AQ4: =((J4*Budsjett!$AK4)*(Tabeller!J$49))/12 -> 0 | AR4: =((K4*Budsjett!$AK4)*(Tabeller!K$49))/12 -> 0 | AS4: =((L4*Budsjett!$AK4)*(Tabeller!L$49))/12 -> 0 | AT4: =((M4*Budsjett!$AK4)*(Tabeller!M$49))/12 -> 0 | AU4: =((N4*Budsjett!$AK4)*(Tabeller!N$49))/12 -> 0 | AV4: =((O4*Budsjett!$AK4)*(Tabeller!O$49))/12 -> 0 | AW4: =((P4*Budsjett!$AK4)*(Tabeller!P$49))/12 -> 0 | AX4: =((Q4*Budsjett!$AK4)*(Tabeller!Q$49))/12 -> 0 | ... BB4: =((U4*Budsjett!$AK4)*(Tabeller!U$49))/12 -> 0 | BD4: =IFERROR(IF(#REF!>#REF!,BS4,GQ4),0) -> 0 | BE4: =IFERROR(IF(#REF!>#REF!,BT4,GR4),0) -> 0 | BF4: =IFERROR(IF(#REF!>#REF!,BU4,GS4),0) -> 0 | BG4: =IFERROR(IF(#REF!>#REF!,BV4,GT4),0) -> 0 | BH4: =IFERROR(IF(#REF!>#REF!,BW4,GU4),0) -> 0 | BI4: =IFERROR(IF(#REF!>#REF!,BX4,GV4),0) -> 0 | BJ4: =IFERROR(IF(#REF!>#REF!,BY4,GW4),0) -> 0 | BK4: =IFERROR(IF(#REF!>#REF!,BZ4,GX4),0) -> 0 | ... BP4: =IFERROR(IF(#REF!>#REF!,CE4,HC4),0) -> 0 | BS4: =IFERROR(IF(#REF!=#REF!,AP4*#REF!,AP4*Budsjett!#REF!),0) -> 0 | BT4: =IFERROR(IF(#REF!=#REF!,AQ4*#REF!,AQ4*Budsjett!#REF!),0) -> 0 | BU4: =IFERROR(IF(#REF!=#REF!,AR4*#REF!,AR4*Budsjett!#REF!),0) -> 0 | BV4: =IFERROR(IF(#REF!=#REF!,AS4*#REF!,AS4*Budsjett!#REF!),0) -> 0 | BW4: =IFERROR(IF(#REF!=#REF!,AT4*#REF!,AT4*Budsjett!#REF!),0) -> 0 | BX4: =IFERROR(IF(#REF!=#REF!,AU4*#REF!,AU4*Budsjett!#REF!),0) -> 0 | BY4: =IFERROR(IF(#REF!=#REF!,AV4*#REF!,AV4*Budsjett!#REF!),0) -> 0 | BZ4: =IFERROR(IF(#REF!=#REF!,AW4*#REF!,AW4*Budsjett!#REF!),0) -> 0 | ... CE4: =IFERROR(IF(#REF!=#REF!,BB4*#REF!,BB4*Budsjett!#REF!),0) -> 0 | CH4: =BD4-BS4 -> 0 | CI4: =BE4-BT4 -> 0 | CJ4: =BF4-BU4 -> 0 | CK4: =BG4-BV4 -> 0 | CL4: =BH4-BW4 -> 0 | CM4: =BI4-BX4 -> 0 | CN4: =BJ4-BY4 -> 0 | CO4: =BK4-BZ4 -> 0 | ... CT4: =BP4-CE4 -> 0 | CV4: =B4 -> 0 | CW4: =-((IF($CV4="Teknisk/adm. bistand/Feltassistent",IF(Budsjett!AP4*(1+Tabeller!$I$76)>Tabeller!I$69,Tabeller!I$69,Budsjett!AP4*(1+Tabeller!$I$76)),0)+(IF($CV4="Forsker - professor",Tabeller!I$69*I4,0)+IF($CV4="Prosjektleder/adm.leder",Tabeller!I$68*I4,0)+IF($CV4="Forsker - 1.aman.",Tabeller!I$70*I4,0)+IF($CV4="Gjesteforsker",Tabeller!I$72*I4,0)+IF($CV4="Postdoktor / forsker",Tabeller!I$73*I4,0)+IF($CV4="Stipendiat",Tabeller!I$74*I4,0)+IF($CV4="Forsker (rundsum)",Tabeller!I$71*I4,0)+IF($CV4="Vit.ass",Tabeller!I$75*I4,0))/12)) -> 0 | CX4: =-((IF($CV4="Teknisk/adm. bistand/Feltassistent",IF(Budsjett!AQ4*(1+Tabeller!$I$76)>Tabeller!J$69,Tabeller!J$69,Budsjett!AQ4*(1+Tabeller!$I$76)),0)+(IF($CV4="Forsker - professor",Tabeller!J$69*J4,0)+IF($CV4="Prosjektleder/adm.leder",Tabeller!J$68*J4,0)+IF($CV4="Forsker - 1.aman.",Tabeller!J$70*J4,0)+IF($CV4="Gjesteforsker",Tabeller!J$72*J4,0)+IF($CV4="Postdoktor / forsker",Tabeller!J$73*J4,0)+IF($CV4="Stipendiat",Tabeller!J$74*J4,0)+IF($CV4="Forsker (rundsum)",Tabeller!J$71*J4,0)+IF($CV4="Vit.ass",Tabeller!J$75*J4,0))/12)) -> 0 | CY4: =-((IF($CV4="Teknisk/adm. bistand/Feltassistent",IF(Budsjett!AR4*(1+Tabeller!$I$76)>Tabeller!K$69,Tabeller!K$69,Budsjett!AR4*(1+Tabeller!$I$76)),0)+(IF($CV4="Forsker - professor",Tabeller!K$69*K4,0)+IF($CV4="Prosjektleder/adm.leder",Tabeller!K$68*K4,0)+IF($CV4="Forsker - 1.aman.",Tabeller!K$70*K4,0)+IF($CV4="Gjesteforsker",Tabeller!K$72*K4,0)+IF($CV4="Postdoktor / forsker",Tabeller!K$73*K4,0)+IF($CV4="Stipendiat",Tabeller!K$74*K4,0)+IF($CV4="Forsker (rundsum)",Tabeller!K$71*K4,0)+IF($CV4="Vit.ass",Tabeller!K$75*K4,0))/12)) -> 0 | CZ4: =-((IF($CV4="Teknisk/adm. bistand/Feltassistent",IF(Budsjett!AS4*(1+Tabeller!$I$76)>Tabeller!L$69,Tabeller!L$69,Budsjett!AS4*(1+Tabeller!$I$76)),0)+(IF($CV4="Forsker - professor",Tabeller!L$69*L4,0)+IF($CV4="Prosjektleder/adm.leder",Tabeller!L$68*L4,0)+IF($CV4="Forsker - 1.aman.",Tabeller!L$70*L4,0)+IF($CV4="Gjesteforsker",Tabeller!L$72*L4,0)+IF($CV4="Postdoktor / forsker",Tabeller!L$73*L4,0)+IF($CV4="Stipendiat",Tabeller!L$74*L4,0)+IF($CV4="Forsker (rundsum)",Tabeller!L$71*L4,0)+IF($CV4="Vit.ass",Tabeller!L$75*L4,0))/12)) -> 0 | DA4: =-((IF($CV4="Teknisk/adm. bistand/Feltassistent",IF(Budsjett!AT4*(1+Tabeller!$I$76)>Tabeller!M$69,Tabeller!M$69,Budsjett!AT4*(1+Tabeller!$I$76)),0)+(IF($CV4="Forsker - professor",Tabeller!M$69*M4,0)+IF($CV4="Prosjektleder/adm.leder",Tabeller!M$68*M4,0)+IF($CV4="Forsker - 1.aman.",Tabeller!M$70*M4,0)+IF($CV4="Gjesteforsker",Tabeller!M$72*M4,0)+IF($CV4="Postdoktor / forsker",Tabeller!M$73*M4,0)+IF($CV4="Stipendiat",Tabeller!M$74*M4,0)+IF($CV4="Forsker (rundsum)",Tabeller!M$71*M4,0)+IF($CV4="Vit.ass",Tabeller!M$75*M4,0))/12)) -> 0 | DB4: =-((IF($CV4="Teknisk/adm. bistand/Feltassistent",IF(Budsjett!AU4*(1+Tabeller!$I$76)>Tabeller!N$69,Tabeller!N$69,Budsjett!AU4*(1+Tabeller!$I$76)),0)+(IF($CV4="Forsker - professor",Tabeller!N$69*N4,0)+IF($CV4="Prosjektleder/adm.leder",Tabeller!N$68*N4,0)+IF($CV4="Forsker - 1.aman.",Tabeller!N$70*N4,0)+IF($CV4="Gjesteforsker",Tabeller!N$72*N4,0)+IF($CV4="Postdoktor / forsker",Tabeller!N$73*N4,0)+IF($CV4="Stipendiat",Tabeller!N$74*N4,0)+IF($CV4="Forsker (rundsum)",Tabeller!N$71*N4,0)+IF($CV4="Vit.ass",Tabeller!N$75*N4,0))/12)) -> 0 | DC4: =-((IF($CV4="Teknisk/adm. bistand/Feltassistent",IF(Budsjett!AV4*(1+Tabeller!$I$76)>Tabeller!O$69,Tabeller!O$69,Budsjett!AV4*(1+Tabeller!$I$76)),0)+(IF($CV4="Forsker - professor",Tabeller!O$69*O4,0)+IF($CV4="Prosjektleder/adm.leder",Tabeller!O$68*O4,0)+IF($CV4="Forsker - 1.aman.",Tabeller!O$70*O4,0)+IF($CV4="Gjesteforsker",Tabeller!O$72*O4,0)+IF($CV4="Postdoktor / forsker",Tabeller!O$73*O4,0)+IF($CV4="Stipendiat",Tabeller!O$74*O4,0)+IF($CV4="Forsker (rundsum)",Tabeller!O$71*O4,0)+IF($CV4="Vit.ass",Tabeller!O$75*O4,0))/12)) -> 0 | DD4: =-((IF($CV4="Teknisk/adm. bistand/Feltassistent",IF(Budsjett!AW4*(1+Tabeller!$I$76)>Tabeller!P$69,Tabeller!P$69,Budsjett!AW4*(1+Tabeller!$I$76)),0)+(IF($CV4="Forsker - professor",Tabeller!P$69*P4,0)+IF($CV4="Prosjektleder/adm.leder",Tabeller!P$68*P4,0)+IF($CV4="Forsker - 1.aman.",Tabeller!P$70*P4,0)+IF($CV4="Gjesteforsker",Tabeller!P$72*P4,0)+IF($CV4="Postdoktor / forsker",Tabeller!P$73*P4,0)+IF($CV4="Stipendiat",Tabeller!P$74*P4,0)+IF($CV4="Forsker (rundsum)",Tabeller!P$71*P4,0)+IF($CV4="Vit.ass",Tabeller!P$75*P4,0))/12)) -> 0 | ... DI4: =-((IF($CV4="Teknisk/adm. bistand/Feltassistent",IF(Budsjett!BB4*(1+Tabeller!$I$76)>Tabeller!U$69,Tabeller!U$69,Budsjett!BB4*(1+Tabeller!$I$76)),0)+(IF($CV4="Forsker - professor",Tabeller!U$69*U4,0)+IF($CV4="Prosjektleder/adm.leder",Tabeller!U$68*U4,0)+IF($CV4="Forsker - 1.aman.",Tabeller!U$70*U4,0)+IF($CV4="Gjesteforsker",Tabeller!U$72*U4,0)+IF($CV4="Postdoktor / forsker",Tabeller!U$73*U4,0)+IF($CV4="Stipendiat",Tabeller!U$74*U4,0)+IF($CV4="Forsker (rundsum)",Tabeller!U$71*U4,0)+IF($CV4="Vit.ass",Tabeller!U$75*U4,0))/12)) -> 0 | DJ4: =SUM(CW4:DI4) -> 0 | DM4: =CV4 -> 0 | DN4: =IF($F4="NFR",CW4,0) -> 0 | DO4: =IF($F4="NFR",CX4,0) -> 0 | DP4: =IF($F4="NFR",CY4,0) -> 0 | DQ4: =IF($F4="NFR",CZ4,0) -> 0 | DR4: =IF($F4="NFR",DA4,0) -> 0 | DS4: =IF($F4="NFR",DB4,0) -> 0 | DT4: =IF($F4="NFR",DC4,0) -> 0 | DU4: =IF($F4="NFR",DD4,0) -> 0 | ... DZ4: =IF($F4="NFR",DI4,0) -> 0 | EA4: =SUM(DN4:DZ4) -> 0 | EC4: =DM4 -> 0 | ED4: =IF($F4=$ED$1,CW4,0) -> 0 | EE4: =IF($F4=$ED$1,CX4,0) -> 0 | EF4: =IF($F4=$ED$1,CY4,0) -> 0 | EG4: =IF($F4=$ED$1,CZ4,0) -> 0 | EH4: =IF($F4=$ED$1,DA4,0) -> 0 | EI4: =IF($F4=$ED$1,DB4,0) -> 0 | EJ4: =IF($F4=$ED$1,DC4,0) -> 0 | EK4: =IF($F4=$ED$1,DD4,0) -> 0 | ... EP4: =IF($F4=$ED$1,DI4,0) -> 0 | EQ4: =SUM(ED4:EP4) -> 0 | ES4: =EC4 -> 0 | ET4: =IF($F4=$ET$1,CW4,0) -> 0 | EU4: =IF($F4=$ET$1,CX4,0) -> 0 | EV4: =IF($F4=$ET$1,CY4,0) -> 0 | EW4: =IF($F4=$ET$1,CZ4,0) -> 0 | EX4: =IF($F4=$ET$1,DA4,0) -> 0 | EY4: =IF($F4=$ET$1,DB4,0) -> 0 | EZ4: =IF($F4=$ET$1,DC4,0) -> 0 | FA4: =IF($F4=$ET$1,DD4,0) -> 0 | ... FF4: =IF($F4=$ET$1,DI4,0) -> 0 | FG4: =SUM(ET4:FF4) -> 0 | FI4: =ES4 -> 0 | FJ4: =IF($F4=$FJ$1,CW4,0) -> 0 | FK4: =IF($F4=$FJ$1,CX4,0) -> 0 | FL4: =IF($F4=$FJ$1,CY4,0) -> 0 | FM4: =IF($F4=$FJ$1,CZ4,0) -> 0 | FN4: =IF($F4=$FJ$1,DA4,0) -> 0 | FO4: =IF($F4=$FJ$1,DB4,0) -> 0 | FP4: =IF($F4=$FJ$1,DC4,0) -> 0 | FQ4: =IF($F4=$FJ$1,DD4,0) -> 0 | ... FV4: =IF($F4=$FJ$1,DI4,0) -> 0 | FW4: =SUM(FJ4:FV4) -> 0 | FZ4: =FI4 -> 0 | GN4: =SUM(GA4:GM4) -> 0 | GQ4: =IF(Registrering!$B$29="Prosjekter som foregår i UiOs lokaler",IF($B4="Teknisk/adm. bistand/Feltassistent",(I4/12)*Tabeller!J$11,(I4/12)*Tabeller!J$10),IF($B4="Teknisk/adm. bistand/Feltassistent",(I4/12)*Tabeller!J$13,(I4/12)*Tabeller!J$12)) -> 0 | GR4: =IF(Registrering!$B$29="Prosjekter som foregår i UiOs lokaler",IF($B4="Teknisk/adm. bistand/Feltassistent",(J4/12)*Tabeller!K$11,(J4/12)*Tabeller!K$10),IF($B4="Teknisk/adm. bistand/Feltassistent",(J4/12)*Tabeller!K$13,(J4/12)*Tabeller!K$12)) -> 0 | GS4: =IF(Registrering!$B$29="Prosjekter som foregår i UiOs lokaler",IF($B4="Teknisk/adm. bistand/Feltassistent",(K4/12)*Tabeller!L$11,(K4/12)*Tabeller!L$10),IF($B4="Teknisk/adm. bistand/Feltassistent",(K4/12)*Tabeller!L$13,(K4/12)*Tabeller!L$12)) -> 0 | GT4: =IF(Registrering!$B$29="Prosjekter som foregår i UiOs lokaler",IF($B4="Teknisk/adm. bistand/Feltassistent",(L4/12)*Tabeller!M$11,(L4/12)*Tabeller!M$10),IF($B4="Teknisk/adm. bistand/Feltassistent",(L4/12)*Tabeller!M$13,(L4/12)*Tabeller!M$12)) -> 0 | GU4: =IF(Registrering!$B$29="Prosjekter som foregår i UiOs lokaler",IF($B4="Teknisk/adm. bistand/Feltassistent",(M4/12)*Tabeller!N$11,(M4/12)*Tabeller!N$10),IF($B4="Teknisk/adm. bistand/Feltassistent",(M4/12)*Tabeller!N$13,(M4/12)*Tabeller!N$12)) -> 0 | GV4: =IF(Registrering!$B$29="Prosjekter som foregår i UiOs lokaler",IF($B4="Teknisk/adm. bistand/Feltassistent",(N4/12)*Tabeller!O$11,(N4/12)*Tabeller!O$10),IF($B4="Teknisk/adm. bistand/Feltassistent",(N4/12)*Tabeller!O$13,(N4/12)*Tabeller!O$12)) -> 0 | GW4: =IF(Registrering!$B$29="Prosjekter som foregår i UiOs lokaler",IF($B4="Teknisk/adm. bistand/Feltassistent",(O4/12)*Tabeller!P$11,(O4/12)*Tabeller!P$10),IF($B4="Teknisk/adm. bistand/Feltassistent",(O4/12)*Tabeller!P$13,(O4/12)*Tabeller!P$12)) -> 0 | GX4: =IF(Registrering!$B$29="Prosjekter som foregår i UiOs lokaler",IF($B4="Teknisk/adm. bistand/Feltassistent",(P4/12)*Tabeller!Q$11,(P4/12)*Tabeller!Q$10),IF($B4="Teknisk/adm. bistand/Feltassistent",(P4/12)*Tabeller!Q$13,(P4/12)*Tabeller!Q$12)) -> 0 | ... HC4: =IF(Registrering!$B$29="Prosjekter som foregår i UiOs lokaler",IF($B4="Teknisk/adm. bistand/Feltassistent",(U4/12)*Tabeller!V$11,(U4/12)*Tabeller!V$10),IF($B4="Teknisk/adm. bistand/Feltassistent",(U4/12)*Tabeller!V$13,(U4/12)*Tabeller!V$12)) -> 0
D5: =SUM(AP5:BB5) -> 0 | E5: =SUM(I5:U5)/12 -> 0 | AE5: =G5 -> 0 | AF5: =AE5*Tabeller!$I$49 -> 0 | AG5: =IF(AE5>0,(AF5-400)/52*47,0) -> 0 | AH5: =AG5*Tabeller!$H$40 -> 0 | AI5: =SUM(AG5:AH5,AJ5)*Tabeller!$H$42 -> 0 | AJ5: =AF5*Tabeller!$H$41 -> 0 | AK5: =SUM(AG5:AJ5) -> 0 | AL5: =AK5+(IF(B5="Teknisk adm bistand",Registrering!$E$51,Registrering!$B$51)) -> 0 | AM5: =AL5/Tabeller!$H$5 -> 0 | AP5: =((I5*Budsjett!$AK5))/12 -> 0 | AQ5: =((J5*Budsjett!$AK5)*(Tabeller!J$49))/12 -> 0 | AR5: =((K5*Budsjett!$AK5)*(Tabeller!K$49))/12 -> 0 | AS5: =((L5*Budsjett!$AK5)*(Tabeller!L$49))/12 -> 0 | AT5: =((M5*Budsjett!$AK5)*(Tabeller!M$49))/12 -> 0 | AU5: =((N5*Budsjett!$AK5)*(Tabeller!N$49))/12 -> 0 | AV5: =((O5*Budsjett!$AK5)*(Tabeller!O$49))/12 -> 0 | AW5: =((P5*Budsjett!$AK5)*(Tabeller!P$49))/12 -> 0 | AX5: =((Q5*Budsjett!$AK5)*(Tabeller!Q$49))/12 -> 0 | ... BB5: =((U5*Budsjett!$AK5)*(Tabeller!U$49))/12 -> 0 | BD5: =IFERROR(IF(#REF!>#REF!,BS5,GQ5),0) -> 0 | BE5: =IFERROR(IF(#REF!>#REF!,BT5,GR5),0) -> 0 | BF5: =IFERROR(IF(#REF!>#REF!,BU5,GS5),0) -> 0 | BG5: =IFERROR(IF(#REF!>#REF!,BV5,GT5),0) -> 0 | BH5: =IFERROR(IF(#REF!>#REF!,BW5,GU5),0) -> 0 | BI5: =IFERROR(IF(#REF!>#REF!,BX5,GV5),0) -> 0 | BJ5: =IFERROR(IF(#REF!>#REF!,BY5,GW5),0) -> 0 | BK5: =IFERROR(IF(#REF!>#REF!,BZ5,GX5),0) -> 0 | ... BP5: =IFERROR(IF(#REF!>#REF!,CE5,HC5),0) -> 0 | BS5: =IFERROR(IF(#REF!=#REF!,AP5*#REF!,AP5*Budsjett!#REF!),0) -> 0 | BT5: =IFERROR(IF(#REF!=#REF!,AQ5*#REF!,AQ5*Budsjett!#REF!),0) -> 0 | BU5: =IFERROR(IF(#REF!=#REF!,AR5*#REF!,AR5*Budsjett!#REF!),0) -> 0 | BV5: =IFERROR(IF(#REF!=#REF!,AS5*#REF!,AS5*Budsjett!#REF!),0) -> 0 | BW5: =IFERROR(IF(#REF!=#REF!,AT5*#REF!,AT5*Budsjett!#REF!),0) -> 0 | BX5: =IFERROR(IF(#REF!=#REF!,AU5*#REF!,AU5*Budsjett!#REF!),0) -> 0 | BY5: =IFERROR(IF(#REF!=#REF!,AV5*#REF!,AV5*Budsjett!#REF!),0) -> 0 | BZ5: =IFERROR(IF(#REF!=#REF!,AW5*#REF!,AW5*Budsjett!#REF!),0) -> 0 | ... CE5: =IFERROR(IF(#REF!=#REF!,BB5*#REF!,BB5*Budsjett!#REF!),0) -> 0 | CH5: =BD5-BS5 -> 0 | CI5: =BE5-BT5 -> 0 | CJ5: =BF5-BU5 -> 0 | CK5: =BG5-BV5 -> 0 | CL5: =BH5-BW5 -> 0 | CM5: =BI5-BX5 -> 0 | CN5: =BJ5-BY5 -> 0 | CO5: =BK5-BZ5 -> 0 | ... CT5: =BP5-CE5 -> 0 | CV5: =B5 -> 0 | CW5: =-((IF($CV5="Teknisk/adm. bistand/Feltassistent",IF(Budsjett!AP5*(1+Tabeller!$I$76)>Tabeller!I$69,Tabeller!I$69,Budsjett!AP5*(1+Tabeller!$I$76)),0)+(IF($CV5="Forsker - professor",Tabeller!I$69*I5,0)+IF($CV5="Prosjektleder/adm.leder",Tabeller!I$68*I5,0)+IF($CV5="Forsker - 1.aman.",Tabeller!I$70*I5,0)+IF($CV5="Gjesteforsker",Tabeller!I$72*I5,0)+IF($CV5="Postdoktor / forsker",Tabeller!I$73*I5,0)+IF($CV5="Stipendiat",Tabeller!I$74*I5,0)+IF($CV5="Forsker (rundsum)",Tabeller!I$71*I5,0)+IF($CV5="Vit.ass",Tabeller!I$75*I5,0))/12)) -> 0 | CX5: =-((IF($CV5="Teknisk/adm. bistand/Feltassistent",IF(Budsjett!AQ5*(1+Tabeller!$I$76)>Tabeller!J$69,Tabeller!J$69,Budsjett!AQ5*(1+Tabeller!$I$76)),0)+(IF($CV5="Forsker - professor",Tabeller!J$69*J5,0)+IF($CV5="Prosjektleder/adm.leder",Tabeller!J$68*J5,0)+IF($CV5="Forsker - 1.aman.",Tabeller!J$70*J5,0)+IF($CV5="Gjesteforsker",Tabeller!J$72*J5,0)+IF($CV5="Postdoktor / forsker",Tabeller!J$73*J5,0)+IF($CV5="Stipendiat",Tabeller!J$74*J5,0)+IF($CV5="Forsker (rundsum)",Tabeller!J$71*J5,0)+IF($CV5="Vit.ass",Tabeller!J$75*J5,0))/12)) -> 0 | CY5: =-((IF($CV5="Teknisk/adm. bistand/Feltassistent",IF(Budsjett!AR5*(1+Tabeller!$I$76)>Tabeller!K$69,Tabeller!K$69,Budsjett!AR5*(1+Tabeller!$I$76)),0)+(IF($CV5="Forsker - professor",Tabeller!K$69*K5,0)+IF($CV5="Prosjektleder/adm.leder",Tabeller!K$68*K5,0)+IF($CV5="Forsker - 1.aman.",Tabeller!K$70*K5,0)+IF($CV5="Gjesteforsker",Tabeller!K$72*K5,0)+IF($CV5="Postdoktor / forsker",Tabeller!K$73*K5,0)+IF($CV5="Stipendiat",Tabeller!K$74*K5,0)+IF($CV5="Forsker (rundsum)",Tabeller!K$71*K5,0)+IF($CV5="Vit.ass",Tabeller!K$75*K5,0))/12)) -> 0 | CZ5: =-((IF($CV5="Teknisk/adm. bistand/Feltassistent",IF(Budsjett!AS5*(1+Tabeller!$I$76)>Tabeller!L$69,Tabeller!L$69,Budsjett!AS5*(1+Tabeller!$I$76)),0)+(IF($CV5="Forsker - professor",Tabeller!L$69*L5,0)+IF($CV5="Prosjektleder/adm.leder",Tabeller!L$68*L5,0)+IF($CV5="Forsker - 1.aman.",Tabeller!L$70*L5,0)+IF($CV5="Gjesteforsker",Tabeller!L$72*L5,0)+IF($CV5="Postdoktor / forsker",Tabeller!L$73*L5,0)+IF($CV5="Stipendiat",Tabeller!L$74*L5,0)+IF($CV5="Forsker (rundsum)",Tabeller!L$71*L5,0)+IF($CV5="Vit.ass",Tabeller!L$75*L5,0))/12)) -> 0 | DA5: =-((IF($CV5="Teknisk/adm. bistand/Feltassistent",IF(Budsjett!AT5*(1+Tabeller!$I$76)>Tabeller!M$69,Tabeller!M$69,Budsjett!AT5*(1+Tabeller!$I$76)),0)+(IF($CV5="Forsker - professor",Tabeller!M$69*M5,0)+IF($CV5="Prosjektleder/adm.leder",Tabeller!M$68*M5,0)+IF($CV5="Forsker - 1.aman.",Tabeller!M$70*M5,0)+IF($CV5="Gjesteforsker",Tabeller!M$72*M5,0)+IF($CV5="Postdoktor / forsker",Tabeller!M$73*M5,0)+IF($CV5="Stipendiat",Tabeller!M$74*M5,0)+IF($CV5="Forsker (rundsum)",Tabeller!M$71*M5,0)+IF($CV5="Vit.ass",Tabeller!M$75*M5,0))/12)) -> 0 | DB5: =-((IF($CV5="Teknisk/adm. bistand/Feltassistent",IF(Budsjett!AU5*(1+Tabeller!$I$76)>Tabeller!N$69,Tabeller!N$69,Budsjett!AU5*(1+Tabeller!$I$76)),0)+(IF($CV5="Forsker - professor",Tabeller!N$69*N5,0)+IF($CV5="Prosjektleder/adm.leder",Tabeller!N$68*N5,0)+IF($CV5="Forsker - 1.aman.",Tabeller!N$70*N5,0)+IF($CV5="Gjesteforsker",Tabeller!N$72*N5,0)+IF($CV5="Postdoktor / forsker",Tabeller!N$73*N5,0)+IF($CV5="Stipendiat",Tabeller!N$74*N5,0)+IF($CV5="Forsker (rundsum)",Tabeller!N$71*N5,0)+IF($CV5="Vit.ass",Tabeller!N$75*N5,0))/12)) -> 0 | DC5: =-((IF($CV5="Teknisk/adm. bistand/Feltassistent",IF(Budsjett!AV5*(1+Tabeller!$I$76)>Tabeller!O$69,Tabeller!O$69,Budsjett!AV5*(1+Tabeller!$I$76)),0)+(IF($CV5="Forsker - professor",Tabeller!O$69*O5,0)+IF($CV5="Prosjektleder/adm.leder",Tabeller!O$68*O5,0)+IF($CV5="Forsker - 1.aman.",Tabeller!O$70*O5,0)+IF($CV5="Gjesteforsker",Tabeller!O$72*O5,0)+IF($CV5="Postdoktor / forsker",Tabeller!O$73*O5,0)+IF($CV5="Stipendiat",Tabeller!O$74*O5,0)+IF($CV5="Forsker (rundsum)",Tabeller!O$71*O5,0)+IF($CV5="Vit.ass",Tabeller!O$75*O5,0))/12)) -> 0 | DD5: =-((IF($CV5="Teknisk/adm. bistand/Feltassistent",IF(Budsjett!AW5*(1+Tabeller!$I$76)>Tabeller!P$69,Tabeller!P$69,Budsjett!AW5*(1+Tabeller!$I$76)),0)+(IF($CV5="Forsker - professor",Tabeller!P$69*P5,0)+IF($CV5="Prosjektleder/adm.leder",Tabeller!P$68*P5,0)+IF($CV5="Forsker - 1.aman.",Tabeller!P$70*P5,0)+IF($CV5="Gjesteforsker",Tabeller!P$72*P5,0)+IF($CV5="Postdoktor / forsker",Tabeller!P$73*P5,0)+IF($CV5="Stipendiat",Tabeller!P$74*P5,0)+IF($CV5="Forsker (rundsum)",Tabeller!P$71*P5,0)+IF($CV5="Vit.ass",Tabeller!P$75*P5,0))/12)) -> 0 | ... DI5: =-((IF($CV5="Teknisk/adm. bistand/Feltassistent",IF(Budsjett!BB5*(1+Tabeller!$I$76)>Tabeller!U$69,Tabeller!U$69,Budsjett!BB5*(1+Tabeller!$I$76)),0)+(IF($CV5="Forsker - professor",Tabeller!U$69*U5,0)+IF($CV5="Prosjektleder/adm.leder",Tabeller!U$68*U5,0)+IF($CV5="Forsker - 1.aman.",Tabeller!U$70*U5,0)+IF($CV5="Gjesteforsker",Tabeller!U$72*U5,0)+IF($CV5="Postdoktor / forsker",Tabeller!U$73*U5,0)+IF($CV5="Stipendiat",Tabeller!U$74*U5,0)+IF($CV5="Forsker (rundsum)",Tabeller!U$71*U5,0)+IF($CV5="Vit.ass",Tabeller!U$75*U5,0))/12)) -> 0 | DJ5: =SUM(CW5:DI5) -> 0 | DM5: =CV5 -> 0 | DN5: =IF($F5="NFR",CW5,0) -> 0 | DO5: =IF($F5="NFR",CX5,0) -> 0 | DP5: =IF($F5="NFR",CY5,0) -> 0 | DQ5: =IF($F5="NFR",CZ5,0) -> 0 | DR5: =IF($F5="NFR",DA5,0) -> 0 | DS5: =IF($F5="NFR",DB5,0) -> 0 | DT5: =IF($F5="NFR",DC5,0) -> 0 | DU5: =IF($F5="NFR",DD5,0) -> 0 | ... DZ5: =IF($F5="NFR",DI5,0) -> 0 | EA5: =SUM(DN5:DZ5) -> 0 | EC5: =DM5 -> 0 | ED5: =IF($F5=$ED$1,CW5,0) -> 0 | EE5: =IF($F5=$ED$1,CX5,0) -> 0 | EF5: =IF($F5=$ED$1,CY5,0) -> 0 | EG5: =IF($F5=$ED$1,CZ5,0) -> 0 | EH5: =IF($F5=$ED$1,DA5,0) -> 0 | EI5: =IF($F5=$ED$1,DB5,0) -> 0 | EJ5: =IF($F5=$ED$1,DC5,0) -> 0 | EK5: =IF($F5=$ED$1,DD5,0) -> 0 | ... EP5: =IF($F5=$ED$1,DI5,0) -> 0 | EQ5: =SUM(ED5:EP5) -> 0 | ES5: =EC5 -> 0 | ET5: =IF($F5=$ET$1,CW5,0) -> 0 | EU5: =IF($F5=$ET$1,CX5,0) -> 0 | EV5: =IF($F5=$ET$1,CY5,0) -> 0 | EW5: =IF($F5=$ET$1,CZ5,0) -> 0 | EX5: =IF($F5=$ET$1,DA5,0) -> 0 | EY5: =IF($F5=$ET$1,DB5,0) -> 0 | EZ5: =IF($F5=$ET$1,DC5,0) -> 0 | FA5: =IF($F5=$ET$1,DD5,0) -> 0 | ... FF5: =IF($F5=$ET$1,DI5,0) -> 0 | FG5: =SUM(ET5:FF5) -> 0 | FI5: =ES5 -> 0 | FJ5: =IF($F5=$FJ$1,CW5,0) -> 0 | FK5: =IF($F5=$FJ$1,CX5,0) -> 0 | FL5: =IF($F5=$FJ$1,CY5,0) -> 0 | FM5: =IF($F5=$FJ$1,CZ5,0) -> 0 | FN5: =IF($F5=$FJ$1,DA5,0) -> 0 | FO5: =IF($F5=$FJ$1,DB5,0) -> 0 | FP5: =IF($F5=$FJ$1,DC5,0) -> 0 | FQ5: =IF($F5=$FJ$1,DD5,0) -> 0 | ... FV5: =IF($F5=$FJ$1,DI5,0) -> 0 | FW5: =SUM(FJ5:FV5) -> 0 | FZ5: =FI5 -> 0 | GN5: =SUM(GA5:GM5) -> 0 | GQ5: =IF(Registrering!$B$29="Prosjekter som foregår i UiOs lokaler",IF($B5="Teknisk/adm. bistand/Feltassistent",(I5/12)*Tabeller!J$11,(I5/12)*Tabeller!J$10),IF($B5="Teknisk/adm. bistand/Feltassistent",(I5/12)*Tabeller!J$13,(I5/12)*Tabeller!J$12)) -> 0 | GR5: =IF(Registrering!$B$29="Prosjekter som foregår i UiOs lokaler",IF($B5="Teknisk/adm. bistand/Feltassistent",(J5/12)*Tabeller!K$11,(J5/12)*Tabeller!K$10),IF($B5="Teknisk/adm. bistand/Feltassistent",(J5/12)*Tabeller!K$13,(J5/12)*Tabeller!K$12)) -> 0 | GS5: =IF(Registrering!$B$29="Prosjekter som foregår i UiOs lokaler",IF($B5="Teknisk/adm. bistand/Feltassistent",(K5/12)*Tabeller!L$11,(K5/12)*Tabeller!L$10),IF($B5="Teknisk/adm. bistand/Feltassistent",(K5/12)*Tabeller!L$13,(K5/12)*Tabeller!L$12)) -> 0 | GT5: =IF(Registrering!$B$29="Prosjekter som foregår i UiOs lokaler",IF($B5="Teknisk/adm. bistand/Feltassistent",(L5/12)*Tabeller!M$11,(L5/12)*Tabeller!M$10),IF($B5="Teknisk/adm. bistand/Feltassistent",(L5/12)*Tabeller!M$13,(L5/12)*Tabeller!M$12)) -> 0 | GU5: =IF(Registrering!$B$29="Prosjekter som foregår i UiOs lokaler",IF($B5="Teknisk/adm. bistand/Feltassistent",(M5/12)*Tabeller!N$11,(M5/12)*Tabeller!N$10),IF($B5="Teknisk/adm. bistand/Feltassistent",(M5/12)*Tabeller!N$13,(M5/12)*Tabeller!N$12)) -> 0 | GV5: =IF(Registrering!$B$29="Prosjekter som foregår i UiOs lokaler",IF($B5="Teknisk/adm. bistand/Feltassistent",(N5/12)*Tabeller!O$11,(N5/12)*Tabeller!O$10),IF($B5="Teknisk/adm. bistand/Feltassistent",(N5/12)*Tabeller!O$13,(N5/12)*Tabeller!O$12)) -> 0 | GW5: =IF(Registrering!$B$29="Prosjekter som foregår i UiOs lokaler",IF($B5="Teknisk/adm. bistand/Feltassistent",(O5/12)*Tabeller!P$11,(O5/12)*Tabeller!P$10),IF($B5="Teknisk/adm. bistand/Feltassistent",(O5/12)*Tabeller!P$13,(O5/12)*Tabeller!P$12)) -> 0 | GX5: =IF(Registrering!$B$29="Prosjekter som foregår i UiOs lokaler",IF($B5="Teknisk/adm. bistand/Feltassistent",(P5/12)*Tabeller!Q$11,(P5/12)*Tabeller!Q$10),IF($B5="Teknisk/adm. bistand/Feltassistent",(P5/12)*Tabeller!Q$13,(P5/12)*Tabeller!Q$12)) -> 0 | ... HC5: =IF(Registrering!$B$29="Prosjekter som foregår i UiOs lokaler",IF($B5="Teknisk/adm. bistand/Feltassistent",(U5/12)*Tabeller!V$11,(U5/12)*Tabeller!V$10),IF($B5="Teknisk/adm. bistand/Feltassistent",(U5/12)*Tabeller!V$13,(U5/12)*Tabeller!V$12)) -> 0
D6: =SUM(AP6:BB6) -> 0 | E6: =SUM(I6:U6)/12 -> 0 | AE6: =G6 -> 0 | AF6: =AE6*Tabeller!$I$49 -> 0 | AG6: =IF(AE6>0,(AF6-400)/52*47,0) -> 0 | AH6: =AG6*Tabeller!$H$40 -> 0 | AI6: =SUM(AG6:AH6,AJ6)*Tabeller!$H$42 -> 0 | AJ6: =AF6*Tabeller!$H$41 -> 0 | AK6: =SUM(AG6:AJ6) -> 0 | AL6: =AK6+(IF(B6="Teknisk adm bistand",Registrering!$E$51,Registrering!$B$51)) -> 0 | AM6: =AL6/Tabeller!$H$5 -> 0 | AP6: =((I6*Budsjett!$AK6))/12 -> 0 | AQ6: =((J6*Budsjett!$AK6)*(Tabeller!J$49))/12 -> 0 | AR6: =((K6*Budsjett!$AK6)*(Tabeller!K$49))/12 -> 0 | AS6: =((L6*Budsjett!$AK6)*(Tabeller!L$49))/12 -> 0 | AT6: =((M6*Budsjett!$AK6)*(Tabeller!M$49))/12 -> 0 | AU6: =((N6*Budsjett!$AK6)*(Tabeller!N$49))/12 -> 0 | AV6: =((O6*Budsjett!$AK6)*(Tabeller!O$49))/12 -> 0 | AW6: =((P6*Budsjett!$AK6)*(Tabeller!P$49))/12 -> 0 | AX6: =((Q6*Budsjett!$AK6)*(Tabeller!Q$49))/12 -> 0 | ... BB6: =((U6*Budsjett!$AK6)*(Tabeller!U$49))/12 -> 0 | BD6: =IFERROR(IF(#REF!>#REF!,BS6,GQ6),0) -> 0 | BE6: =IFERROR(IF(#REF!>#REF!,BT6,GR6),0) -> 0 | BF6: =IFERROR(IF(#REF!>#REF!,BU6,GS6),0) -> 0 | BG6: =IFERROR(IF(#REF!>#REF!,BV6,GT6),0) -> 0 | BH6: =IFERROR(IF(#REF!>#REF!,BW6,GU6),0) -> 0 | BI6: =IFERROR(IF(#REF!>#REF!,BX6,GV6),0) -> 0 | BJ6: =IFERROR(IF(#REF!>#REF!,BY6,GW6),0) -> 0 | BK6: =IFERROR(IF(#REF!>#REF!,BZ6,GX6),0) -> 0 | ... BP6: =IFERROR(IF(#REF!>#REF!,CE6,HC6),0) -> 0 | BS6: =IFERROR(IF(#REF!=#REF!,AP6*#REF!,AP6*Budsjett!#REF!),0) -> 0 | BT6: =IFERROR(IF(#REF!=#REF!,AQ6*#REF!,AQ6*Budsjett!#REF!),0) -> 0 | BU6: =IFERROR(IF(#REF!=#REF!,AR6*#REF!,AR6*Budsjett!#REF!),0) -> 0 | BV6: =IFERROR(IF(#REF!=#REF!,AS6*#REF!,AS6*Budsjett!#REF!),0) -> 0 | BW6: =IFERROR(IF(#REF!=#REF!,AT6*#REF!,AT6*Budsjett!#REF!),0) -> 0 | BX6: =IFERROR(IF(#REF!=#REF!,AU6*#REF!,AU6*Budsjett!#REF!),0) -> 0 | BY6: =IFERROR(IF(#REF!=#REF!,AV6*#REF!,AV6*Budsjett!#REF!),0) -> 0 | BZ6: =IFERROR(IF(#REF!=#REF!,AW6*#REF!,AW6*Budsjett!#REF!),0) -> 0 | ... CE6: =IFERROR(IF(#REF!=#REF!,BB6*#REF!,BB6*Budsjett!#REF!),0) -> 0 | CH6: =BD6-BS6 -> 0 | CI6: =BE6-BT6 -> 0 | CJ6: =BF6-BU6 -> 0 | CK6: =BG6-BV6 -> 0 | CL6: =BH6-BW6 -> 0 | CM6: =BI6-BX6 -> 0 | CN6: =BJ6-BY6 -> 0 | CO6: =BK6-BZ6 -> 0 | ... CT6: =BP6-CE6 -> 0 | CV6: =B6 -> 0 | CW6: =-((IF($CV6="Teknisk/adm. bistand/Feltassistent",IF(Budsjett!AP6*(1+Tabeller!$I$76)>Tabeller!I$69,Tabeller!I$69,Budsjett!AP6*(1+Tabeller!$I$76)),0)+(IF($CV6="Forsker - professor",Tabeller!I$69*I6,0)+IF($CV6="Prosjektleder/adm.leder",Tabeller!I$68*I6,0)+IF($CV6="Forsker - 1.aman.",Tabeller!I$70*I6,0)+IF($CV6="Gjesteforsker",Tabeller!I$72*I6,0)+IF($CV6="Postdoktor / forsker",Tabeller!I$73*I6,0)+IF($CV6="Stipendiat",Tabeller!I$74*I6,0)+IF($CV6="Forsker (rundsum)",Tabeller!I$71*I6,0)+IF($CV6="Vit.ass",Tabeller!I$75*I6,0))/12)) -> 0 | CX6: =-((IF($CV6="Teknisk/adm. bistand/Feltassistent",IF(Budsjett!AQ6*(1+Tabeller!$I$76)>Tabeller!J$69,Tabeller!J$69,Budsjett!AQ6*(1+Tabeller!$I$76)),0)+(IF($CV6="Forsker - professor",Tabeller!J$69*J6,0)+IF($CV6="Prosjektleder/adm.leder",Tabeller!J$68*J6,0)+IF($CV6="Forsker - 1.aman.",Tabeller!J$70*J6,0)+IF($CV6="Gjesteforsker",Tabeller!J$72*J6,0)+IF($CV6="Postdoktor / forsker",Tabeller!J$73*J6,0)+IF($CV6="Stipendiat",Tabeller!J$74*J6,0)+IF($CV6="Forsker (rundsum)",Tabeller!J$71*J6,0)+IF($CV6="Vit.ass",Tabeller!J$75*J6,0))/12)) -> 0 | CY6: =-((IF($CV6="Teknisk/adm. bistand/Feltassistent",IF(Budsjett!AR6*(1+Tabeller!$I$76)>Tabeller!K$69,Tabeller!K$69,Budsjett!AR6*(1+Tabeller!$I$76)),0)+(IF($CV6="Forsker - professor",Tabeller!K$69*K6,0)+IF($CV6="Prosjektleder/adm.leder",Tabeller!K$68*K6,0)+IF($CV6="Forsker - 1.aman.",Tabeller!K$70*K6,0)+IF($CV6="Gjesteforsker",Tabeller!K$72*K6,0)+IF($CV6="Postdoktor / forsker",Tabeller!K$73*K6,0)+IF($CV6="Stipendiat",Tabeller!K$74*K6,0)+IF($CV6="Forsker (rundsum)",Tabeller!K$71*K6,0)+IF($CV6="Vit.ass",Tabeller!K$75*K6,0))/12)) -> 0 | CZ6: =-((IF($CV6="Teknisk/adm. bistand/Feltassistent",IF(Budsjett!AS6*(1+Tabeller!$I$76)>Tabeller!L$69,Tabeller!L$69,Budsjett!AS6*(1+Tabeller!$I$76)),0)+(IF($CV6="Forsker - professor",Tabeller!L$69*L6,0)+IF($CV6="Prosjektleder/adm.leder",Tabeller!L$68*L6,0)+IF($CV6="Forsker - 1.aman.",Tabeller!L$70*L6,0)+IF($CV6="Gjesteforsker",Tabeller!L$72*L6,0)+IF($CV6="Postdoktor / forsker",Tabeller!L$73*L6,0)+IF($CV6="Stipendiat",Tabeller!L$74*L6,0)+IF($CV6="Forsker (rundsum)",Tabeller!L$71*L6,0)+IF($CV6="Vit.ass",Tabeller!L$75*L6,0))/12)) -> 0 | DA6: =-((IF($CV6="Teknisk/adm. bistand/Feltassistent",IF(Budsjett!AT6*(1+Tabeller!$I$76)>Tabeller!M$69,Tabeller!M$69,Budsjett!AT6*(1+Tabeller!$I$76)),0)+(IF($CV6="Forsker - professor",Tabeller!M$69*M6,0)+IF($CV6="Prosjektleder/adm.leder",Tabeller!M$68*M6,0)+IF($CV6="Forsker - 1.aman.",Tabeller!M$70*M6,0)+IF($CV6="Gjesteforsker",Tabeller!M$72*M6,0)+IF($CV6="Postdoktor / forsker",Tabeller!M$73*M6,0)+IF($CV6="Stipendiat",Tabeller!M$74*M6,0)+IF($CV6="Forsker (rundsum)",Tabeller!M$71*M6,0)+IF($CV6="Vit.ass",Tabeller!M$75*M6,0))/12)) -> 0 | DB6: =-((IF($CV6="Teknisk/adm. bistand/Feltassistent",IF(Budsjett!AU6*(1+Tabeller!$I$76)>Tabeller!N$69,Tabeller!N$69,Budsjett!AU6*(1+Tabeller!$I$76)),0)+(IF($CV6="Forsker - professor",Tabeller!N$69*N6,0)+IF($CV6="Prosjektleder/adm.leder",Tabeller!N$68*N6,0)+IF($CV6="Forsker - 1.aman.",Tabeller!N$70*N6,0)+IF($CV6="Gjesteforsker",Tabeller!N$72*N6,0)+IF($CV6="Postdoktor / forsker",Tabeller!N$73*N6,0)+IF($CV6="Stipendiat",Tabeller!N$74*N6,0)+IF($CV6="Forsker (rundsum)",Tabeller!N$71*N6,0)+IF($CV6="Vit.ass",Tabeller!N$75*N6,0))/12)) -> 0 | DC6: =-((IF($CV6="Teknisk/adm. bistand/Feltassistent",IF(Budsjett!AV6*(1+Tabeller!$I$76)>Tabeller!O$69,Tabeller!O$69,Budsjett!AV6*(1+Tabeller!$I$76)),0)+(IF($CV6="Forsker - professor",Tabeller!O$69*O6,0)+IF($CV6="Prosjektleder/adm.leder",Tabeller!O$68*O6,0)+IF($CV6="Forsker - 1.aman.",Tabeller!O$70*O6,0)+IF($CV6="Gjesteforsker",Tabeller!O$72*O6,0)+IF($CV6="Postdoktor / forsker",Tabeller!O$73*O6,0)+IF($CV6="Stipendiat",Tabeller!O$74*O6,0)+IF($CV6="Forsker (rundsum)",Tabeller!O$71*O6,0)+IF($CV6="Vit.ass",Tabeller!O$75*O6,0))/12)) -> 0 | DD6: =-((IF($CV6="Teknisk/adm. bistand/Feltassistent",IF(Budsjett!AW6*(1+Tabeller!$I$76)>Tabeller!P$69,Tabeller!P$69,Budsjett!AW6*(1+Tabeller!$I$76)),0)+(IF($CV6="Forsker - professor",Tabeller!P$69*P6,0)+IF($CV6="Prosjektleder/adm.leder",Tabeller!P$68*P6,0)+IF($CV6="Forsker - 1.aman.",Tabeller!P$70*P6,0)+IF($CV6="Gjesteforsker",Tabeller!P$72*P6,0)+IF($CV6="Postdoktor / forsker",Tabeller!P$73*P6,0)+IF($CV6="Stipendiat",Tabeller!P$74*P6,0)+IF($CV6="Forsker (rundsum)",Tabeller!P$71*P6,0)+IF($CV6="Vit.ass",Tabeller!P$75*P6,0))/12)) -> 0 | ... DI6: =-((IF($CV6="Teknisk/adm. bistand/Feltassistent",IF(Budsjett!BB6*(1+Tabeller!$I$76)>Tabeller!U$69,Tabeller!U$69,Budsjett!BB6*(1+Tabeller!$I$76)),0)+(IF($CV6="Forsker - professor",Tabeller!U$69*U6,0)+IF($CV6="Prosjektleder/adm.leder",Tabeller!U$68*U6,0)+IF($CV6="Forsker - 1.aman.",Tabeller!U$70*U6,0)+IF($CV6="Gjesteforsker",Tabeller!U$72*U6,0)+IF($CV6="Postdoktor / forsker",Tabeller!U$73*U6,0)+IF($CV6="Stipendiat",Tabeller!U$74*U6,0)+IF($CV6="Forsker (rundsum)",Tabeller!U$71*U6,0)+IF($CV6="Vit.ass",Tabeller!U$75*U6,0))/12)) -> 0 | DJ6: =SUM(CW6:DI6) -> 0 | DM6: =CV6 -> 0 | DN6: =IF($F6="NFR",CW6,0) -> 0 | DO6: =IF($F6="NFR",CX6,0) -> 0 | DP6: =IF($F6="NFR",CY6,0) -> 0 | DQ6: =IF($F6="NFR",CZ6,0) -> 0 | DR6: =IF($F6="NFR",DA6,0) -> 0 | DS6: =IF($F6="NFR",DB6,0) -> 0 | DT6: =IF($F6="NFR",DC6,0) -> 0 | DU6: =IF($F6="NFR",DD6,0) -> 0 | ... DZ6: =IF($F6="NFR",DI6,0) -> 0 | EA6: =SUM(DN6:DZ6) -> 0 | EC6: =DM6 -> 0 | ED6: =IF($F6=$ED$1,CW6,0) -> 0 | EE6: =IF($F6=$ED$1,CX6,0) -> 0 | EF6: =IF($F6=$ED$1,CY6,0) -> 0 | EG6: =IF($F6=$ED$1,CZ6,0) -> 0 | EH6: =IF($F6=$ED$1,DA6,0) -> 0 | EI6: =IF($F6=$ED$1,DB6,0) -> 0 | EJ6: =IF($F6=$ED$1,DC6,0) -> 0 | EK6: =IF($F6=$ED$1,DD6,0) -> 0 | ... EP6: =IF($F6=$ED$1,DI6,0) -> 0 | EQ6: =SUM(ED6:EP6) -> 0 | ES6: =EC6 -> 0 | ET6: =IF($F6=$ET$1,CW6,0) -> 0 | EU6: =IF($F6=$ET$1,CX6,0) -> 0 | EV6: =IF($F6=$ET$1,CY6,0) -> 0 | EW6: =IF($F6=$ET$1,CZ6,0) -> 0 | EX6: =IF($F6=$ET$1,DA6,0) -> 0 | EY6: =IF($F6=$ET$1,DB6,0) -> 0 | EZ6: =IF($F6=$ET$1,DC6,0) -> 0 | FA6: =IF($F6=$ET$1,DD6,0) -> 0 | ... FF6: =IF($F6=$ET$1,DI6,0) -> 0 | FG6: =SUM(ET6:FF6) -> 0 | FI6: =ES6 -> 0 | FJ6: =IF($F6=$FJ$1,CW6,0) -> 0 | FK6: =IF($F6=$FJ$1,CX6,0) -> 0 | FL6: =IF($F6=$FJ$1,CY6,0) -> 0 | FM6: =IF($F6=$FJ$1,CZ6,0) -> 0 | FN6: =IF($F6=$FJ$1,DA6,0) -> 0 | FO6: =IF($F6=$FJ$1,DB6,0) -> 0 | FP6: =IF($F6=$FJ$1,DC6,0) -> 0 | FQ6: =IF($F6=$FJ$1,DD6,0) -> 0 | ... FV6: =IF($F6=$FJ$1,DI6,0) -> 0 | FW6: =SUM(FJ6:FV6) -> 0 | FZ6: =FI6 -> 0 | GN6: =SUM(GA6:GM6) -> 0 | GQ6: =IF(Registrering!$B$29="Prosjekter som foregår i UiOs lokaler",IF($B6="Teknisk/adm. bistand/Feltassistent",(I6/12)*Tabeller!J$11,(I6/12)*Tabeller!J$10),IF($B6="Teknisk/adm. bistand/Feltassistent",(I6/12)*Tabeller!J$13,(I6/12)*Tabeller!J$12)) -> 0 | GR6: =IF(Registrering!$B$29="Prosjekter som foregår i UiOs lokaler",IF($B6="Teknisk/adm. bistand/Feltassistent",(J6/12)*Tabeller!K$11,(J6/12)*Tabeller!K$10),IF($B6="Teknisk/adm. bistand/Feltassistent",(J6/12)*Tabeller!K$13,(J6/12)*Tabeller!K$12)) -> 0 | GS6: =IF(Registrering!$B$29="Prosjekter som foregår i UiOs lokaler",IF($B6="Teknisk/adm. bistand/Feltassistent",(K6/12)*Tabeller!L$11,(K6/12)*Tabeller!L$10),IF($B6="Teknisk/adm. bistand/Feltassistent",(K6/12)*Tabeller!L$13,(K6/12)*Tabeller!L$12)) -> 0 | GT6: =IF(Registrering!$B$29="Prosjekter som foregår i UiOs lokaler",IF($B6="Teknisk/adm. bistand/Feltassistent",(L6/12)*Tabeller!M$11,(L6/12)*Tabeller!M$10),IF($B6="Teknisk/adm. bistand/Feltassistent",(L6/12)*Tabeller!M$13,(L6/12)*Tabeller!M$12)) -> 0 | GU6: =IF(Registrering!$B$29="Prosjekter som foregår i UiOs lokaler",IF($B6="Teknisk/adm. bistand/Feltassistent",(M6/12)*Tabeller!N$11,(M6/12)*Tabeller!N$10),IF($B6="Teknisk/adm. bistand/Feltassistent",(M6/12)*Tabeller!N$13,(M6/12)*Tabeller!N$12)) -> 0 | GV6: =IF(Registrering!$B$29="Prosjekter som foregår i UiOs lokaler",IF($B6="Teknisk/adm. bistand/Feltassistent",(N6/12)*Tabeller!O$11,(N6/12)*Tabeller!O$10),IF($B6="Teknisk/adm. bistand/Feltassistent",(N6/12)*Tabeller!O$13,(N6/12)*Tabeller!O$12)) -> 0 | GW6: =IF(Registrering!$B$29="Prosjekter som foregår i UiOs lokaler",IF($B6="Teknisk/adm. bistand/Feltassistent",(O6/12)*Tabeller!P$11,(O6/12)*Tabeller!P$10),IF($B6="Teknisk/adm. bistand/Feltassistent",(O6/12)*Tabeller!P$13,(O6/12)*Tabeller!P$12)) -> 0 | GX6: =IF(Registrering!$B$29="Prosjekter som foregår i UiOs lokaler",IF($B6="Teknisk/adm. bistand/Feltassistent",(P6/12)*Tabeller!Q$11,(P6/12)*Tabeller!Q$10),IF($B6="Teknisk/adm. bistand/Feltassistent",(P6/12)*Tabeller!Q$13,(P6/12)*Tabeller!Q$12)) -> 0 | ... HC6: =IF(Registrering!$B$29="Prosjekter som foregår i UiOs lokaler",IF($B6="Teknisk/adm. bistand/Feltassistent",(U6/12)*Tabeller!V$11,(U6/12)*Tabeller!V$10),IF($B6="Teknisk/adm. bistand/Feltassistent",(U6/12)*Tabeller!V$13,(U6/12)*Tabeller!V$12)) -> 0
D7: =SUM(AP7:BB7) -> 0 | E7: =SUM(I7:U7)/12 -> 0 | AE7: =G7 -> 0 | AF7: =AE7*Tabeller!$I$49 -> 0 | AG7: =IF(AE7>0,(AF7-400)/52*47,0) -> 0 | AH7: =AG7*Tabeller!$H$40 -> 0 | AI7: =SUM(AG7:AH7,AJ7)*Tabeller!$H$42 -> 0 | AJ7: =AF7*Tabeller!$H$41 -> 0 | AK7: =SUM(AG7:AJ7) -> 0 | AL7: =AK7+(IF(B7="Teknisk adm bistand",Registrering!$E$51,Registrering!$B$51)) -> 0 | AM7: =AL7/Tabeller!$H$5 -> 0 | AP7: =((I7*Budsjett!$AK7))/12 -> 0 | AQ7: =((J7*Budsjett!$AK7)*(Tabeller!J$49))/12 -> 0 | AR7: =((K7*Budsjett!$AK7)*(Tabeller!K$49))/12 -> 0 | AS7: =((L7*Budsjett!$AK7)*(Tabeller!L$49))/12 -> 0 | AT7: =((M7*Budsjett!$AK7)*(Tabeller!M$49))/12 -> 0 | AU7: =((N7*Budsjett!$AK7)*(Tabeller!N$49))/12 -> 0 | AV7: =((O7*Budsjett!$AK7)*(Tabeller!O$49))/12 -> 0 | AW7: =((P7*Budsjett!$AK7)*(Tabeller!P$49))/12 -> 0 | AX7: =((Q7*Budsjett!$AK7)*(Tabeller!Q$49))/12 -> 0 | ... BB7: =((U7*Budsjett!$AK7)*(Tabeller!U$49))/12 -> 0 | BD7: =IFERROR(IF(#REF!>#REF!,BS7,GQ7),0) -> 0 | BE7: =IFERROR(IF(#REF!>#REF!,BT7,GR7),0) -> 0 | BF7: =IFERROR(IF(#REF!>#REF!,BU7,GS7),0) -> 0 | BG7: =IFERROR(IF(#REF!>#REF!,BV7,GT7),0) -> 0 | BH7: =IFERROR(IF(#REF!>#REF!,BW7,GU7),0) -> 0 | BI7: =IFERROR(IF(#REF!>#REF!,BX7,GV7),0) -> 0 | BJ7: =IFERROR(IF(#REF!>#REF!,BY7,GW7),0) -> 0 | BK7: =IFERROR(IF(#REF!>#REF!,BZ7,GX7),0) -> 0 | ... BP7: =IFERROR(IF(#REF!>#REF!,CE7,HC7),0) -> 0 | BS7: =IFERROR(IF(#REF!=#REF!,AP7*#REF!,AP7*Budsjett!#REF!),0) -> 0 | BT7: =IFERROR(IF(#REF!=#REF!,AQ7*#REF!,AQ7*Budsjett!#REF!),0) -> 0 | BU7: =IFERROR(IF(#REF!=#REF!,AR7*#REF!,AR7*Budsjett!#REF!),0) -> 0 | BV7: =IFERROR(IF(#REF!=#REF!,AS7*#REF!,AS7*Budsjett!#REF!),0) -> 0 | BW7: =IFERROR(IF(#REF!=#REF!,AT7*#REF!,AT7*Budsjett!#REF!),0) -> 0 | BX7: =IFERROR(IF(#REF!=#REF!,AU7*#REF!,AU7*Budsjett!#REF!),0) -> 0 | BY7: =IFERROR(IF(#REF!=#REF!,AV7*#REF!,AV7*Budsjett!#REF!),0) -> 0 | BZ7: =IFERROR(IF(#REF!=#REF!,AW7*#REF!,AW7*Budsjett!#REF!),0) -> 0 | ... CE7: =IFERROR(IF(#REF!=#REF!,BB7*#REF!,BB7*Budsjett!#REF!),0) -> 0 | CH7: =BD7-BS7 -> 0 | CI7: =BE7-BT7 -> 0 | CJ7: =BF7-BU7 -> 0 | CK7: =BG7-BV7 -> 0 | CL7: =BH7-BW7 -> 0 | CM7: =BI7-BX7 -> 0 | CN7: =BJ7-BY7 -> 0 | CO7: =BK7-BZ7 -> 0 | ... CT7: =BP7-CE7 -> 0 | CV7: =B7 -> 0 | CW7: =-((IF($CV7="Teknisk/adm. bistand/Feltassistent",IF(Budsjett!AP7*(1+Tabeller!$I$76)>Tabeller!I$69,Tabeller!I$69,Budsjett!AP7*(1+Tabeller!$I$76)),0)+(IF($CV7="Forsker - professor",Tabeller!I$69*I7,0)+IF($CV7="Prosjektleder/adm.leder",Tabeller!I$68*I7,0)+IF($CV7="Forsker - 1.aman.",Tabeller!I$70*I7,0)+IF($CV7="Gjesteforsker",Tabeller!I$72*I7,0)+IF($CV7="Postdoktor / forsker",Tabeller!I$73*I7,0)+IF($CV7="Stipendiat",Tabeller!I$74*I7,0)+IF($CV7="Forsker (rundsum)",Tabeller!I$71*I7,0)+IF($CV7="Vit.ass",Tabeller!I$75*I7,0))/12)) -> 0 | CX7: =-((IF($CV7="Teknisk/adm. bistand/Feltassistent",IF(Budsjett!AQ7*(1+Tabeller!$I$76)>Tabeller!J$69,Tabeller!J$69,Budsjett!AQ7*(1+Tabeller!$I$76)),0)+(IF($CV7="Forsker - professor",Tabeller!J$69*J7,0)+IF($CV7="Prosjektleder/adm.leder",Tabeller!J$68*J7,0)+IF($CV7="Forsker - 1.aman.",Tabeller!J$70*J7,0)+IF($CV7="Gjesteforsker",Tabeller!J$72*J7,0)+IF($CV7="Postdoktor / forsker",Tabeller!J$73*J7,0)+IF($CV7="Stipendiat",Tabeller!J$74*J7,0)+IF($CV7="Forsker (rundsum)",Tabeller!J$71*J7,0)+IF($CV7="Vit.ass",Tabeller!J$75*J7,0))/12)) -> 0 | CY7: =-((IF($CV7="Teknisk/adm. bistand/Feltassistent",IF(Budsjett!AR7*(1+Tabeller!$I$76)>Tabeller!K$69,Tabeller!K$69,Budsjett!AR7*(1+Tabeller!$I$76)),0)+(IF($CV7="Forsker - professor",Tabeller!K$69*K7,0)+IF($CV7="Prosjektleder/adm.leder",Tabeller!K$68*K7,0)+IF($CV7="Forsker - 1.aman.",Tabeller!K$70*K7,0)+IF($CV7="Gjesteforsker",Tabeller!K$72*K7,0)+IF($CV7="Postdoktor / forsker",Tabeller!K$73*K7,0)+IF($CV7="Stipendiat",Tabeller!K$74*K7,0)+IF($CV7="Forsker (rundsum)",Tabeller!K$71*K7,0)+IF($CV7="Vit.ass",Tabeller!K$75*K7,0))/12)) -> 0 | CZ7: =-((IF($CV7="Teknisk/adm. bistand/Feltassistent",IF(Budsjett!AS7*(1+Tabeller!$I$76)>Tabeller!L$69,Tabeller!L$69,Budsjett!AS7*(1+Tabeller!$I$76)),0)+(IF($CV7="Forsker - professor",Tabeller!L$69*L7,0)+IF($CV7="Prosjektleder/adm.leder",Tabeller!L$68*L7,0)+IF($CV7="Forsker - 1.aman.",Tabeller!L$70*L7,0)+IF($CV7="Gjesteforsker",Tabeller!L$72*L7,0)+IF($CV7="Postdoktor / forsker",Tabeller!L$73*L7,0)+IF($CV7="Stipendiat",Tabeller!L$74*L7,0)+IF($CV7="Forsker (rundsum)",Tabeller!L$71*L7,0)+IF($CV7="Vit.ass",Tabeller!L$75*L7,0))/12)) -> 0 | DA7: =-((IF($CV7="Teknisk/adm. bistand/Feltassistent",IF(Budsjett!AT7*(1+Tabeller!$I$76)>Tabeller!M$69,Tabeller!M$69,Budsjett!AT7*(1+Tabeller!$I$76)),0)+(IF($CV7="Forsker - professor",Tabeller!M$69*M7,0)+IF($CV7="Prosjektleder/adm.leder",Tabeller!M$68*M7,0)+IF($CV7="Forsker - 1.aman.",Tabeller!M$70*M7,0)+IF($CV7="Gjesteforsker",Tabeller!M$72*M7,0)+IF($CV7="Postdoktor / forsker",Tabeller!M$73*M7,0)+IF($CV7="Stipendiat",Tabeller!M$74*M7,0)+IF($CV7="Forsker (rundsum)",Tabeller!M$71*M7,0)+IF($CV7="Vit.ass",Tabeller!M$75*M7,0))/12)) -> 0 | DB7: =-((IF($CV7="Teknisk/adm. bistand/Feltassistent",IF(Budsjett!AU7*(1+Tabeller!$I$76)>Tabeller!N$69,Tabeller!N$69,Budsjett!AU7*(1+Tabeller!$I$76)),0)+(IF($CV7="Forsker - professor",Tabeller!N$69*N7,0)+IF($CV7="Prosjektleder/adm.leder",Tabeller!N$68*N7,0)+IF($CV7="Forsker - 1.aman.",Tabeller!N$70*N7,0)+IF($CV7="Gjesteforsker",Tabeller!N$72*N7,0)+IF($CV7="Postdoktor / forsker",Tabeller!N$73*N7,0)+IF($CV7="Stipendiat",Tabeller!N$74*N7,0)+IF($CV7="Forsker (rundsum)",Tabeller!N$71*N7,0)+IF($CV7="Vit.ass",Tabeller!N$75*N7,0))/12)) -> 0 | DC7: =-((IF($CV7="Teknisk/adm. bistand/Feltassistent",IF(Budsjett!AV7*(1+Tabeller!$I$76)>Tabeller!O$69,Tabeller!O$69,Budsjett!AV7*(1+Tabeller!$I$76)),0)+(IF($CV7="Forsker - professor",Tabeller!O$69*O7,0)+IF($CV7="Prosjektleder/adm.leder",Tabeller!O$68*O7,0)+IF($CV7="Forsker - 1.aman.",Tabeller!O$70*O7,0)+IF($CV7="Gjesteforsker",Tabeller!O$72*O7,0)+IF($CV7="Postdoktor / forsker",Tabeller!O$73*O7,0)+IF($CV7="Stipendiat",Tabeller!O$74*O7,0)+IF($CV7="Forsker (rundsum)",Tabeller!O$71*O7,0)+IF($CV7="Vit.ass",Tabeller!O$75*O7,0))/12)) -> 0 | DD7: =-((IF($CV7="Teknisk/adm. bistand/Feltassistent",IF(Budsjett!AW7*(1+Tabeller!$I$76)>Tabeller!P$69,Tabeller!P$69,Budsjett!AW7*(1+Tabeller!$I$76)),0)+(IF($CV7="Forsker - professor",Tabeller!P$69*P7,0)+IF($CV7="Prosjektleder/adm.leder",Tabeller!P$68*P7,0)+IF($CV7="Forsker - 1.aman.",Tabeller!P$70*P7,0)+IF($CV7="Gjesteforsker",Tabeller!P$72*P7,0)+IF($CV7="Postdoktor / forsker",Tabeller!P$73*P7,0)+IF($CV7="Stipendiat",Tabeller!P$74*P7,0)+IF($CV7="Forsker (rundsum)",Tabeller!P$71*P7,0)+IF($CV7="Vit.ass",Tabeller!P$75*P7,0))/12)) -> 0 | ... DI7: =-((IF($CV7="Teknisk/adm. bistand/Feltassistent",IF(Budsjett!BB7*(1+Tabeller!$I$76)>Tabeller!U$69,Tabeller!U$69,Budsjett!BB7*(1+Tabeller!$I$76)),0)+(IF($CV7="Forsker - professor",Tabeller!U$69*U7,0)+IF($CV7="Prosjektleder/adm.leder",Tabeller!U$68*U7,0)+IF($CV7="Forsker - 1.aman.",Tabeller!U$70*U7,0)+IF($CV7="Gjesteforsker",Tabeller!U$72*U7,0)+IF($CV7="Postdoktor / forsker",Tabeller!U$73*U7,0)+IF($CV7="Stipendiat",Tabeller!U$74*U7,0)+IF($CV7="Forsker (rundsum)",Tabeller!U$71*U7,0)+IF($CV7="Vit.ass",Tabeller!U$75*U7,0))/12)) -> 0 | DJ7: =SUM(CW7:DI7) -> 0 | DM7: =CV7 -> 0 | DN7: =IF($F7="NFR",CW7,0) -> 0 | DO7: =IF($F7="NFR",CX7,0) -> 0 | DP7: =IF($F7="NFR",CY7,0) -> 0 | DQ7: =IF($F7="NFR",CZ7,0) -> 0 | DR7: =IF($F7="NFR",DA7,0) -> 0 | DS7: =IF($F7="NFR",DB7,0) -> 0 | DT7: =IF($F7="NFR",DC7,0) -> 0 | DU7: =IF($F7="NFR",DD7,0) -> 0 | ... DZ7: =IF($F7="NFR",DI7,0) -> 0 | EA7: =SUM(DN7:DZ7) -> 0 | EC7: =DM7 -> 0 | ED7: =IF($F7=$ED$1,CW7,0) -> 0 | EE7: =IF($F7=$ED$1,CX7,0) -> 0 | EF7: =IF($F7=$ED$1,CY7,0) -> 0 | EG7: =IF($F7=$ED$1,CZ7,0) -> 0 | EH7: =IF($F7=$ED$1,DA7,0) -> 0 | EI7: =IF($F7=$ED$1,DB7,0) -> 0 | EJ7: =IF($F7=$ED$1,DC7,0) -> 0 | EK7: =IF($F7=$ED$1,DD7,0) -> 0 | ... EP7: =IF($F7=$ED$1,DI7,0) -> 0 | EQ7: =SUM(ED7:EP7) -> 0 | ES7: =EC7 -> 0 | ET7: =IF($F7=$ET$1,CW7,0) -> 0 | EU7: =IF($F7=$ET$1,CX7,0) -> 0 | EV7: =IF($F7=$ET$1,CY7,0) -> 0 | EW7: =IF($F7=$ET$1,CZ7,0) -> 0 | EX7: =IF($F7=$ET$1,DA7,0) -> 0 | EY7: =IF($F7=$ET$1,DB7,0) -> 0 | EZ7: =IF($F7=$ET$1,DC7,0) -> 0 | FA7: =IF($F7=$ET$1,DD7,0) -> 0 | ... FF7: =IF($F7=$ET$1,DI7,0) -> 0 | FG7: =SUM(ET7:FF7) -> 0 | FI7: =ES7 -> 0 | FJ7: =IF($F7=$FJ$1,CW7,0) -> 0 | FK7: =IF($F7=$FJ$1,CX7,0) -> 0 | FL7: =IF($F7=$FJ$1,CY7,0) -> 0 | FM7: =IF($F7=$FJ$1,CZ7,0) -> 0 | FN7: =IF($F7=$FJ$1,DA7,0) -> 0 | FO7: =IF($F7=$FJ$1,DB7,0) -> 0 | FP7: =IF($F7=$FJ$1,DC7,0) -> 0 | FQ7: =IF($F7=$FJ$1,DD7,0) -> 0 | ... FV7: =IF($F7=$FJ$1,DI7,0) -> 0 | FW7: =SUM(FJ7:FV7) -> 0 | FZ7: =FI7 -> 0 | GN7: =SUM(GA7:GM7) -> 0 | GQ7: =IF(Registrering!$B$29="Prosjekter som foregår i UiOs lokaler",IF($B7="Teknisk/adm. bistand/Feltassistent",(I7/12)*Tabeller!J$11,(I7/12)*Tabeller!J$10),IF($B7="Teknisk/adm. bistand/Feltassistent",(I7/12)*Tabeller!J$13,(I7/12)*Tabeller!J$12)) -> 0 | GR7: =IF(Registrering!$B$29="Prosjekter som foregår i UiOs lokaler",IF($B7="Teknisk/adm. bistand/Feltassistent",(J7/12)*Tabeller!K$11,(J7/12)*Tabeller!K$10),IF($B7="Teknisk/adm. bistand/Feltassistent",(J7/12)*Tabeller!K$13,(J7/12)*Tabeller!K$12)) -> 0 | GS7: =IF(Registrering!$B$29="Prosjekter som foregår i UiOs lokaler",IF($B7="Teknisk/adm. bistand/Feltassistent",(K7/12)*Tabeller!L$11,(K7/12)*Tabeller!L$10),IF($B7="Teknisk/adm. bistand/Feltassistent",(K7/12)*Tabeller!L$13,(K7/12)*Tabeller!L$12)) -> 0 | GT7: =IF(Registrering!$B$29="Prosjekter som foregår i UiOs lokaler",IF($B7="Teknisk/adm. bistand/Feltassistent",(L7/12)*Tabeller!M$11,(L7/12)*Tabeller!M$10),IF($B7="Teknisk/adm. bistand/Feltassistent",(L7/12)*Tabeller!M$13,(L7/12)*Tabeller!M$12)) -> 0 | GU7: =IF(Registrering!$B$29="Prosjekter som foregår i UiOs lokaler",IF($B7="Teknisk/adm. bistand/Feltassistent",(M7/12)*Tabeller!N$11,(M7/12)*Tabeller!N$10),IF($B7="Teknisk/adm. bistand/Feltassistent",(M7/12)*Tabeller!N$13,(M7/12)*Tabeller!N$12)) -> 0 | GV7: =IF(Registrering!$B$29="Prosjekter som foregår i UiOs lokaler",IF($B7="Teknisk/adm. bistand/Feltassistent",(N7/12)*Tabeller!O$11,(N7/12)*Tabeller!O$10),IF($B7="Teknisk/adm. bistand/Feltassistent",(N7/12)*Tabeller!O$13,(N7/12)*Tabeller!O$12)) -> 0 | GW7: =IF(Registrering!$B$29="Prosjekter som foregår i UiOs lokaler",IF($B7="Teknisk/adm. bistand/Feltassistent",(O7/12)*Tabeller!P$11,(O7/12)*Tabeller!P$10),IF($B7="Teknisk/adm. bistand/Feltassistent",(O7/12)*Tabeller!P$13,(O7/12)*Tabeller!P$12)) -> 0 | GX7: =IF(Registrering!$B$29="Prosjekter som foregår i UiOs lokaler",IF($B7="Teknisk/adm. bistand/Feltassistent",(P7/12)*Tabeller!Q$11,(P7/12)*Tabeller!Q$10),IF($B7="Teknisk/adm. bistand/Feltassistent",(P7/12)*Tabeller!Q$13,(P7/12)*Tabeller!Q$12)) -> 0 | ... HC7: =IF(Registrering!$B$29="Prosjekter som foregår i UiOs lokaler",IF($B7="Teknisk/adm. bistand/Feltassistent",(U7/12)*Tabeller!V$11,(U7/12)*Tabeller!V$10),IF($B7="Teknisk/adm. bistand/Feltassistent",(U7/12)*Tabeller!V$13,(U7/12)*Tabeller!V$12)) -> 0
D8: =SUM(AP8:BB8) -> 0 | E8: =SUM(I8:U8)/12 -> 0 | AE8: =G8 -> 0 | AF8: =AE8*Tabeller!$I$49 -> 0 | AG8: =IF(AE8>0,(AF8-400)/52*47,0) -> 0 | AH8: =AG8*Tabeller!$H$40 -> 0 | AI8: =SUM(AG8:AH8,AJ8)*Tabeller!$H$42 -> 0 | AJ8: =AF8*Tabeller!$H$41 -> 0 | AK8: =SUM(AG8:AJ8) -> 0 | AL8: =AK8+(IF(B8="Teknisk adm bistand",Registrering!$E$51,Registrering!$B$51)) -> 0 | AM8: =AL8/Tabeller!$H$5 -> 0 | AP8: =((I8*Budsjett!$AK8))/12 -> 0 | AQ8: =((J8*Budsjett!$AK8)*(Tabeller!J$49))/12 -> 0 | AR8: =((K8*Budsjett!$AK8)*(Tabeller!K$49))/12 -> 0 | AS8: =((L8*Budsjett!$AK8)*(Tabeller!L$49))/12 -> 0 | AT8: =((M8*Budsjett!$AK8)*(Tabeller!M$49))/12 -> 0 | AU8: =((N8*Budsjett!$AK8)*(Tabeller!N$49))/12 -> 0 | AV8: =((O8*Budsjett!$AK8)*(Tabeller!O$49))/12 -> 0 | AW8: =((P8*Budsjett!$AK8)*(Tabeller!P$49))/12 -> 0 | AX8: =((Q8*Budsjett!$AK8)*(Tabeller!Q$49))/12 -> 0 | ... BB8: =((U8*Budsjett!$AK8)*(Tabeller!U$49))/12 -> 0 | BD8: =IFERROR(IF(#REF!>#REF!,BS8,GQ8),0) -> 0 | BE8: =IFERROR(IF(#REF!>#REF!,BT8,GR8),0) -> 0 | BF8: =IFERROR(IF(#REF!>#REF!,BU8,GS8),0) -> 0 | BG8: =IFERROR(IF(#REF!>#REF!,BV8,GT8),0) -> 0 | BH8: =IFERROR(IF(#REF!>#REF!,BW8,GU8),0) -> 0 | BI8: =IFERROR(IF(#REF!>#REF!,BX8,GV8),0) -> 0 | BJ8: =IFERROR(IF(#REF!>#REF!,BY8,GW8),0) -> 0 | BK8: =IFERROR(IF(#REF!>#REF!,BZ8,GX8),0) -> 0 | ... BP8: =IFERROR(IF(#REF!>#REF!,CE8,HC8),0) -> 0 | BS8: =IFERROR(IF(#REF!=#REF!,AP8*#REF!,AP8*Budsjett!#REF!),0) -> 0 | BT8: =IFERROR(IF(#REF!=#REF!,AQ8*#REF!,AQ8*Budsjett!#REF!),0) -> 0 | BU8: =IFERROR(IF(#REF!=#REF!,AR8*#REF!,AR8*Budsjett!#REF!),0) -> 0 | BV8: =IFERROR(IF(#REF!=#REF!,AS8*#REF!,AS8*Budsjett!#REF!),0) -> 0 | BW8: =IFERROR(IF(#REF!=#REF!,AT8*#REF!,AT8*Budsjett!#REF!),0) -> 0 | BX8: =IFERROR(IF(#REF!=#REF!,AU8*#REF!,AU8*Budsjett!#REF!),0) -> 0 | BY8: =IFERROR(IF(#REF!=#REF!,AV8*#REF!,AV8*Budsjett!#REF!),0) -> 0 | BZ8: =IFERROR(IF(#REF!=#REF!,AW8*#REF!,AW8*Budsjett!#REF!),0) -> 0 | ... CE8: =IFERROR(IF(#REF!=#REF!,BB8*#REF!,BB8*Budsjett!#REF!),0) -> 0 | CH8: =BD8-BS8 -> 0 | CI8: =BE8-BT8 -> 0 | CJ8: =BF8-BU8 -> 0 | CK8: =BG8-BV8 -> 0 | CL8: =BH8-BW8 -> 0 | CM8: =BI8-BX8 -> 0 | CN8: =BJ8-BY8 -> 0 | CO8: =BK8-BZ8 -> 0 | ... CT8: =BP8-CE8 -> 0 | CV8: =B8 -> 0 | CW8: =-((IF($CV8="Teknisk/adm. bistand/Feltassistent",IF(Budsjett!AP8*(1+Tabeller!$I$76)>Tabeller!I$69,Tabeller!I$69,Budsjett!AP8*(1+Tabeller!$I$76)),0)+(IF($CV8="Forsker - professor",Tabeller!I$69*I8,0)+IF($CV8="Prosjektleder/adm.leder",Tabeller!I$68*I8,0)+IF($CV8="Forsker - 1.aman.",Tabeller!I$70*I8,0)+IF($CV8="Gjesteforsker",Tabeller!I$72*I8,0)+IF($CV8="Postdoktor / forsker",Tabeller!I$73*I8,0)+IF($CV8="Stipendiat",Tabeller!I$74*I8,0)+IF($CV8="Forsker (rundsum)",Tabeller!I$71*I8,0)+IF($CV8="Vit.ass",Tabeller!I$75*I8,0))/12)) -> 0 | CX8: =-((IF($CV8="Teknisk/adm. bistand/Feltassistent",IF(Budsjett!AQ8*(1+Tabeller!$I$76)>Tabeller!J$69,Tabeller!J$69,Budsjett!AQ8*(1+Tabeller!$I$76)),0)+(IF($CV8="Forsker - professor",Tabeller!J$69*J8,0)+IF($CV8="Prosjektleder/adm.leder",Tabeller!J$68*J8,0)+IF($CV8="Forsker - 1.aman.",Tabeller!J$70*J8,0)+IF($CV8="Gjesteforsker",Tabeller!J$72*J8,0)+IF($CV8="Postdoktor / forsker",Tabeller!J$73*J8,0)+IF($CV8="Stipendiat",Tabeller!J$74*J8,0)+IF($CV8="Forsker (rundsum)",Tabeller!J$71*J8,0)+IF($CV8="Vit.ass",Tabeller!J$75*J8,0))/12)) -> 0 | CY8: =-((IF($CV8="Teknisk/adm. bistand/Feltassistent",IF(Budsjett!AR8*(1+Tabeller!$I$76)>Tabeller!K$69,Tabeller!K$69,Budsjett!AR8*(1+Tabeller!$I$76)),0)+(IF($CV8="Forsker - professor",Tabeller!K$69*K8,0)+IF($CV8="Prosjektleder/adm.leder",Tabeller!K$68*K8,0)+IF($CV8="Forsker - 1.aman.",Tabeller!K$70*K8,0)+IF($CV8="Gjesteforsker",Tabeller!K$72*K8,0)+IF($CV8="Postdoktor / forsker",Tabeller!K$73*K8,0)+IF($CV8="Stipendiat",Tabeller!K$74*K8,0)+IF($CV8="Forsker (rundsum)",Tabeller!K$71*K8,0)+IF($CV8="Vit.ass",Tabeller!K$75*K8,0))/12)) -> 0 | CZ8: =-((IF($CV8="Teknisk/adm. bistand/Feltassistent",IF(Budsjett!AS8*(1+Tabeller!$I$76)>Tabeller!L$69,Tabeller!L$69,Budsjett!AS8*(1+Tabeller!$I$76)),0)+(IF($CV8="Forsker - professor",Tabeller!L$69*L8,0)+IF($CV8="Prosjektleder/adm.leder",Tabeller!L$68*L8,0)+IF($CV8="Forsker - 1.aman.",Tabeller!L$70*L8,0)+IF($CV8="Gjesteforsker",Tabeller!L$72*L8,0)+IF($CV8="Postdoktor / forsker",Tabeller!L$73*L8,0)+IF($CV8="Stipendiat",Tabeller!L$74*L8,0)+IF($CV8="Forsker (rundsum)",Tabeller!L$71*L8,0)+IF($CV8="Vit.ass",Tabeller!L$75*L8,0))/12)) -> 0 | DA8: =-((IF($CV8="Teknisk/adm. bistand/Feltassistent",IF(Budsjett!AT8*(1+Tabeller!$I$76)>Tabeller!M$69,Tabeller!M$69,Budsjett!AT8*(1+Tabeller!$I$76)),0)+(IF($CV8="Forsker - professor",Tabeller!M$69*M8,0)+IF($CV8="Prosjektleder/adm.leder",Tabeller!M$68*M8,0)+IF($CV8="Forsker - 1.aman.",Tabeller!M$70*M8,0)+IF($CV8="Gjesteforsker",Tabeller!M$72*M8,0)+IF($CV8="Postdoktor / forsker",Tabeller!M$73*M8,0)+IF($CV8="Stipendiat",Tabeller!M$74*M8,0)+IF($CV8="Forsker (rundsum)",Tabeller!M$71*M8,0)+IF($CV8="Vit.ass",Tabeller!M$75*M8,0))/12)) -> 0 | DB8: =-((IF($CV8="Teknisk/adm. bistand/Feltassistent",IF(Budsjett!AU8*(1+Tabeller!$I$76)>Tabeller!N$69,Tabeller!N$69,Budsjett!AU8*(1+Tabeller!$I$76)),0)+(IF($CV8="Forsker - professor",Tabeller!N$69*N8,0)+IF($CV8="Prosjektleder/adm.leder",Tabeller!N$68*N8,0)+IF($CV8="Forsker - 1.aman.",Tabeller!N$70*N8,0)+IF($CV8="Gjesteforsker",Tabeller!N$72*N8,0)+IF($CV8="Postdoktor / forsker",Tabeller!N$73*N8,0)+IF($CV8="Stipendiat",Tabeller!N$74*N8,0)+IF($CV8="Forsker (rundsum)",Tabeller!N$71*N8,0)+IF($CV8="Vit.ass",Tabeller!N$75*N8,0))/12)) -> 0 | DC8: =-((IF($CV8="Teknisk/adm. bistand/Feltassistent",IF(Budsjett!AV8*(1+Tabeller!$I$76)>Tabeller!O$69,Tabeller!O$69,Budsjett!AV8*(1+Tabeller!$I$76)),0)+(IF($CV8="Forsker - professor",Tabeller!O$69*O8,0)+IF($CV8="Prosjektleder/adm.leder",Tabeller!O$68*O8,0)+IF($CV8="Forsker - 1.aman.",Tabeller!O$70*O8,0)+IF($CV8="Gjesteforsker",Tabeller!O$72*O8,0)+IF($CV8="Postdoktor / forsker",Tabeller!O$73*O8,0)+IF($CV8="Stipendiat",Tabeller!O$74*O8,0)+IF($CV8="Forsker (rundsum)",Tabeller!O$71*O8,0)+IF($CV8="Vit.ass",Tabeller!O$75*O8,0))/12)) -> 0 | DD8: =-((IF($CV8="Teknisk/adm. bistand/Feltassistent",IF(Budsjett!AW8*(1+Tabeller!$I$76)>Tabeller!P$69,Tabeller!P$69,Budsjett!AW8*(1+Tabeller!$I$76)),0)+(IF($CV8="Forsker - professor",Tabeller!P$69*P8,0)+IF($CV8="Prosjektleder/adm.leder",Tabeller!P$68*P8,0)+IF($CV8="Forsker - 1.aman.",Tabeller!P$70*P8,0)+IF($CV8="Gjesteforsker",Tabeller!P$72*P8,0)+IF($CV8="Postdoktor / forsker",Tabeller!P$73*P8,0)+IF($CV8="Stipendiat",Tabeller!P$74*P8,0)+IF($CV8="Forsker (rundsum)",Tabeller!P$71*P8,0)+IF($CV8="Vit.ass",Tabeller!P$75*P8,0))/12)) -> 0 | ... DI8: =-((IF($CV8="Teknisk/adm. bistand/Feltassistent",IF(Budsjett!BB8*(1+Tabeller!$I$76)>Tabeller!U$69,Tabeller!U$69,Budsjett!BB8*(1+Tabeller!$I$76)),0)+(IF($CV8="Forsker - professor",Tabeller!U$69*U8,0)+IF($CV8="Prosjektleder/adm.leder",Tabeller!U$68*U8,0)+IF($CV8="Forsker - 1.aman.",Tabeller!U$70*U8,0)+IF($CV8="Gjesteforsker",Tabeller!U$72*U8,0)+IF($CV8="Postdoktor / forsker",Tabeller!U$73*U8,0)+IF($CV8="Stipendiat",Tabeller!U$74*U8,0)+IF($CV8="Forsker (rundsum)",Tabeller!U$71*U8,0)+IF($CV8="Vit.ass",Tabeller!U$75*U8,0))/12)) -> 0 | DJ8: =SUM(CW8:DI8) -> 0 | DM8: =CV8 -> 0 | DN8: =IF($F8="NFR",CW8,0) -> 0 | DO8: =IF($F8="NFR",CX8,0) -> 0 | DP8: =IF($F8="NFR",CY8,0) -> 0 | DQ8: =IF($F8="NFR",CZ8,0) -> 0 | DR8: =IF($F8="NFR",DA8,0) -> 0 | DS8: =IF($F8="NFR",DB8,0) -> 0 | DT8: =IF($F8="NFR",DC8,0) -> 0 | DU8: =IF($F8="NFR",DD8,0) -> 0 | ... DZ8: =IF($F8="NFR",DI8,0) -> 0 | EA8: =SUM(DN8:DZ8) -> 0 | EC8: =DM8 -> 0 | ED8: =IF($F8=$ED$1,CW8,0) -> 0 | EE8: =IF($F8=$ED$1,CX8,0) -> 0 | EF8: =IF($F8=$ED$1,CY8,0) -> 0 | EG8: =IF($F8=$ED$1,CZ8,0) -> 0 | EH8: =IF($F8=$ED$1,DA8,0) -> 0 | EI8: =IF($F8=$ED$1,DB8,0) -> 0 | EJ8: =IF($F8=$ED$1,DC8,0) -> 0 | EK8: =IF($F8=$ED$1,DD8,0) -> 0 | ... EP8: =IF($F8=$ED$1,DI8,0) -> 0 | EQ8: =SUM(ED8:EP8) -> 0 | ES8: =EC8 -> 0 | ET8: =IF($F8=$ET$1,CW8,0) -> 0 | EU8: =IF($F8=$ET$1,CX8,0) -> 0 | EV8: =IF($F8=$ET$1,CY8,0) -> 0 | EW8: =IF($F8=$ET$1,CZ8,0) -> 0 | EX8: =IF($F8=$ET$1,DA8,0) -> 0 | EY8: =IF($F8=$ET$1,DB8,0) -> 0 | EZ8: =IF($F8=$ET$1,DC8,0) -> 0 | FA8: =IF($F8=$ET$1,DD8,0) -> 0 | ... FF8: =IF($F8=$ET$1,DI8,0) -> 0 | FG8: =SUM(ET8:FF8) -> 0 | FI8: =ES8 -> 0 | FJ8: =IF($F8=$FJ$1,CW8,0) -> 0 | FK8: =IF($F8=$FJ$1,CX8,0) -> 0 | FL8: =IF($F8=$FJ$1,CY8,0) -> 0 | FM8: =IF($F8=$FJ$1,CZ8,0) -> 0 | FN8: =IF($F8=$FJ$1,DA8,0) -> 0 | FO8: =IF($F8=$FJ$1,DB8,0) -> 0 | FP8: =IF($F8=$FJ$1,DC8,0) -> 0 | FQ8: =IF($F8=$FJ$1,DD8,0) -> 0 | ... FV8: =IF($F8=$FJ$1,DI8,0) -> 0 | FW8: =SUM(FJ8:FV8) -> 0 | FZ8: =FI8 -> 0 | GN8: =SUM(GA8:GM8) -> 0 | GQ8: =IF(Registrering!$B$29="Prosjekter som foregår i UiOs lokaler",IF($B8="Teknisk/adm. bistand/Feltassistent",(I8/12)*Tabeller!J$11,(I8/12)*Tabeller!J$10),IF($B8="Teknisk/adm. bistand/Feltassistent",(I8/12)*Tabeller!J$13,(I8/12)*Tabeller!J$12)) -> 0 | GR8: =IF(Registrering!$B$29="Prosjekter som foregår i UiOs lokaler",IF($B8="Teknisk/adm. bistand/Feltassistent",(J8/12)*Tabeller!K$11,(J8/12)*Tabeller!K$10),IF($B8="Teknisk/adm. bistand/Feltassistent",(J8/12)*Tabeller!K$13,(J8/12)*Tabeller!K$12)) -> 0 | GS8: =IF(Registrering!$B$29="Prosjekter som foregår i UiOs lokaler",IF($B8="Teknisk/adm. bistand/Feltassistent",(K8/12)*Tabeller!L$11,(K8/12)*Tabeller!L$10),IF($B8="Teknisk/adm. bistand/Feltassistent",(K8/12)*Tabeller!L$13,(K8/12)*Tabeller!L$12)) -> 0 | GT8: =IF(Registrering!$B$29="Prosjekter som foregår i UiOs lokaler",IF($B8="Teknisk/adm. bistand/Feltassistent",(L8/12)*Tabeller!M$11,(L8/12)*Tabeller!M$10),IF($B8="Teknisk/adm. bistand/Feltassistent",(L8/12)*Tabeller!M$13,(L8/12)*Tabeller!M$12)) -> 0 | GU8: =IF(Registrering!$B$29="Prosjekter som foregår i UiOs lokaler",IF($B8="Teknisk/adm. bistand/Feltassistent",(M8/12)*Tabeller!N$11,(M8/12)*Tabeller!N$10),IF($B8="Teknisk/adm. bistand/Feltassistent",(M8/12)*Tabeller!N$13,(M8/12)*Tabeller!N$12)) -> 0 | GV8: =IF(Registrering!$B$29="Prosjekter som foregår i UiOs lokaler",IF($B8="Teknisk/adm. bistand/Feltassistent",(N8/12)*Tabeller!O$11,(N8/12)*Tabeller!O$10),IF($B8="Teknisk/adm. bistand/Feltassistent",(N8/12)*Tabeller!O$13,(N8/12)*Tabeller!O$12)) -> 0 | GW8: =IF(Registrering!$B$29="Prosjekter som foregår i UiOs lokaler",IF($B8="Teknisk/adm. bistand/Feltassistent",(O8/12)*Tabeller!P$11,(O8/12)*Tabeller!P$10),IF($B8="Teknisk/adm. bistand/Feltassistent",(O8/12)*Tabeller!P$13,(O8/12)*Tabeller!P$12)) -> 0 | GX8: =IF(Registrering!$B$29="Prosjekter som foregår i UiOs lokaler",IF($B8="Teknisk/adm. bistand/Feltassistent",(P8/12)*Tabeller!Q$11,(P8/12)*Tabeller!Q$10),IF($B8="Teknisk/adm. bistand/Feltassistent",(P8/12)*Tabeller!Q$13,(P8/12)*Tabeller!Q$12)) -> 0 | ... HC8: =IF(Registrering!$B$29="Prosjekter som foregår i UiOs lokaler",IF($B8="Teknisk/adm. bistand/Feltassistent",(U8/12)*Tabeller!V$11,(U8/12)*Tabeller!V$10),IF($B8="Teknisk/adm. bistand/Feltassistent",(U8/12)*Tabeller!V$13,(U8/12)*Tabeller!V$12)) -> 0
D9: =SUM(AP9:BB9) -> 0 | E9: =SUM(I9:U9)/12 -> 0 | AE9: =G9 -> 0 | AF9: =AE9*Tabeller!$I$49 -> 0 | AG9: =IF(AE9>0,(AF9-400)/52*47,0) -> 0 | AH9: =AG9*Tabeller!$H$40 -> 0 | AI9: =SUM(AG9:AH9,AJ9)*Tabeller!$H$42 -> 0 | AJ9: =AF9*Tabeller!$H$41 -> 0 | AK9: =SUM(AG9:AJ9) -> 0 | AL9: =AK9+(IF(B9="Teknisk adm bistand",Registrering!$E$51,Registrering!$B$51)) -> 0 | AM9: =AL9/Tabeller!$H$5 -> 0 | AP9: =((I9*Budsjett!$AK9))/12 -> 0 | AQ9: =((J9*Budsjett!$AK9)*(Tabeller!J$49))/12 -> 0 | AR9: =((K9*Budsjett!$AK9)*(Tabeller!K$49))/12 -> 0 | AS9: =((L9*Budsjett!$AK9)*(Tabeller!L$49))/12 -> 0 | AT9: =((M9*Budsjett!$AK9)*(Tabeller!M$49))/12 -> 0 | AU9: =((N9*Budsjett!$AK9)*(Tabeller!N$49))/12 -> 0 | AV9: =((O9*Budsjett!$AK9)*(Tabeller!O$49))/12 -> 0 | AW9: =((P9*Budsjett!$AK9)*(Tabeller!P$49))/12 -> 0 | AX9: =((Q9*Budsjett!$AK9)*(Tabeller!Q$49))/12 -> 0 | ... BB9: =((U9*Budsjett!$AK9)*(Tabeller!U$49))/12 -> 0 | BD9: =IFERROR(IF(#REF!>#REF!,BS9,GQ9),0) -> 0 | BE9: =IFERROR(IF(#REF!>#REF!,BT9,GR9),0) -> 0 | BF9: =IFERROR(IF(#REF!>#REF!,BU9,GS9),0) -> 0 | BG9: =IFERROR(IF(#REF!>#REF!,BV9,GT9),0) -> 0 | BH9: =IFERROR(IF(#REF!>#REF!,BW9,GU9),0) -> 0 | BI9: =IFERROR(IF(#REF!>#REF!,BX9,GV9),0) -> 0 | BJ9: =IFERROR(IF(#REF!>#REF!,BY9,GW9),0) -> 0 | BK9: =IFERROR(IF(#REF!>#REF!,BZ9,GX9),0) -> 0 | ... BP9: =IFERROR(IF(#REF!>#REF!,CE9,HC9),0) -> 0 | BS9: =IFERROR(IF(#REF!=#REF!,AP9*#REF!,AP9*Budsjett!#REF!),0) -> 0 | BT9: =IFERROR(IF(#REF!=#REF!,AQ9*#REF!,AQ9*Budsjett!#REF!),0) -> 0 | BU9: =IFERROR(IF(#REF!=#REF!,AR9*#REF!,AR9*Budsjett!#REF!),0) -> 0 | BV9: =IFERROR(IF(#REF!=#REF!,AS9*#REF!,AS9*Budsjett!#REF!),0) -> 0 | BW9: =IFERROR(IF(#REF!=#REF!,AT9*#REF!,AT9*Budsjett!#REF!),0) -> 0 | BX9: =IFERROR(IF(#REF!=#REF!,AU9*#REF!,AU9*Budsjett!#REF!),0) -> 0 | BY9: =IFERROR(IF(#REF!=#REF!,AV9*#REF!,AV9*Budsjett!#REF!),0) -> 0 | BZ9: =IFERROR(IF(#REF!=#REF!,AW9*#REF!,AW9*Budsjett!#REF!),0) -> 0 | ... CE9: =IFERROR(IF(#REF!=#REF!,BB9*#REF!,BB9*Budsjett!#REF!),0) -> 0 | CH9: =BD9-BS9 -> 0 | CI9: =BE9-BT9 -> 0 | CJ9: =BF9-BU9 -> 0 | CK9: =BG9-BV9 -> 0 | CL9: =BH9-BW9 -> 0 | CM9: =BI9-BX9 -> 0 | CN9: =BJ9-BY9 -> 0 | CO9: =BK9-BZ9 -> 0 | ... CT9: =BP9-CE9 -> 0 | CV9: =B9 -> 0 | CW9: =-((IF($CV9="Teknisk/adm. bistand/Feltassistent",IF(Budsjett!AP9*(1+Tabeller!$I$76)>Tabeller!I$69,Tabeller!I$69,Budsjett!AP9*(1+Tabeller!$I$76)),0)+(IF($CV9="Forsker - professor",Tabeller!I$69*I9,0)+IF($CV9="Prosjektleder/adm.leder",Tabeller!I$68*I9,0)+IF($CV9="Forsker - 1.aman.",Tabeller!I$70*I9,0)+IF($CV9="Gjesteforsker",Tabeller!I$72*I9,0)+IF($CV9="Postdoktor / forsker",Tabeller!I$73*I9,0)+IF($CV9="Stipendiat",Tabeller!I$74*I9,0)+IF($CV9="Forsker (rundsum)",Tabeller!I$71*I9,0)+IF($CV9="Vit.ass",Tabeller!I$75*I9,0))/12)) -> 0 | CX9: =-((IF($CV9="Teknisk/adm. bistand/Feltassistent",IF(Budsjett!AQ9*(1+Tabeller!$I$76)>Tabeller!J$69,Tabeller!J$69,Budsjett!AQ9*(1+Tabeller!$I$76)),0)+(IF($CV9="Forsker - professor",Tabeller!J$69*J9,0)+IF($CV9="Prosjektleder/adm.leder",Tabeller!J$68*J9,0)+IF($CV9="Forsker - 1.aman.",Tabeller!J$70*J9,0)+IF($CV9="Gjesteforsker",Tabeller!J$72*J9,0)+IF($CV9="Postdoktor / forsker",Tabeller!J$73*J9,0)+IF($CV9="Stipendiat",Tabeller!J$74*J9,0)+IF($CV9="Forsker (rundsum)",Tabeller!J$71*J9,0)+IF($CV9="Vit.ass",Tabeller!J$75*J9,0))/12)) -> 0 | CY9: =-((IF($CV9="Teknisk/adm. bistand/Feltassistent",IF(Budsjett!AR9*(1+Tabeller!$I$76)>Tabeller!K$69,Tabeller!K$69,Budsjett!AR9*(1+Tabeller!$I$76)),0)+(IF($CV9="Forsker - professor",Tabeller!K$69*K9,0)+IF($CV9="Prosjektleder/adm.leder",Tabeller!K$68*K9,0)+IF($CV9="Forsker - 1.aman.",Tabeller!K$70*K9,0)+IF($CV9="Gjesteforsker",Tabeller!K$72*K9,0)+IF($CV9="Postdoktor / forsker",Tabeller!K$73*K9,0)+IF($CV9="Stipendiat",Tabeller!K$74*K9,0)+IF($CV9="Forsker (rundsum)",Tabeller!K$71*K9,0)+IF($CV9="Vit.ass",Tabeller!K$75*K9,0))/12)) -> 0 | CZ9: =-((IF($CV9="Teknisk/adm. bistand/Feltassistent",IF(Budsjett!AS9*(1+Tabeller!$I$76)>Tabeller!L$69,Tabeller!L$69,Budsjett!AS9*(1+Tabeller!$I$76)),0)+(IF($CV9="Forsker - professor",Tabeller!L$69*L9,0)+IF($CV9="Prosjektleder/adm.leder",Tabeller!L$68*L9,0)+IF($CV9="Forsker - 1.aman.",Tabeller!L$70*L9,0)+IF($CV9="Gjesteforsker",Tabeller!L$72*L9,0)+IF($CV9="Postdoktor / forsker",Tabeller!L$73*L9,0)+IF($CV9="Stipendiat",Tabeller!L$74*L9,0)+IF($CV9="Forsker (rundsum)",Tabeller!L$71*L9,0)+IF($CV9="Vit.ass",Tabeller!L$75*L9,0))/12)) -> 0 | DA9: =-((IF($CV9="Teknisk/adm. bistand/Feltassistent",IF(Budsjett!AT9*(1+Tabeller!$I$76)>Tabeller!M$69,Tabeller!M$69,Budsjett!AT9*(1+Tabeller!$I$76)),0)+(IF($CV9="Forsker - professor",Tabeller!M$69*M9,0)+IF($CV9="Prosjektleder/adm.leder",Tabeller!M$68*M9,0)+IF($CV9="Forsker - 1.aman.",Tabeller!M$70*M9,0)+IF($CV9="Gjesteforsker",Tabeller!M$72*M9,0)+IF($CV9="Postdoktor / forsker",Tabeller!M$73*M9,0)+IF($CV9="Stipendiat",Tabeller!M$74*M9,0)+IF($CV9="Forsker (rundsum)",Tabeller!M$71*M9,0)+IF($CV9="Vit.ass",Tabeller!M$75*M9,0))/12)) -> 0 | DB9: =-((IF($CV9="Teknisk/adm. bistand/Feltassistent",IF(Budsjett!AU9*(1+Tabeller!$I$76)>Tabeller!N$69,Tabeller!N$69,Budsjett!AU9*(1+Tabeller!$I$76)),0)+(IF($CV9="Forsker - professor",Tabeller!N$69*N9,0)+IF($CV9="Prosjektleder/adm.leder",Tabeller!N$68*N9,0)+IF($CV9="Forsker - 1.aman.",Tabeller!N$70*N9,0)+IF($CV9="Gjesteforsker",Tabeller!N$72*N9,0)+IF($CV9="Postdoktor / forsker",Tabeller!N$73*N9,0)+IF($CV9="Stipendiat",Tabeller!N$74*N9,0)+IF($CV9="Forsker (rundsum)",Tabeller!N$71*N9,0)+IF($CV9="Vit.ass",Tabeller!N$75*N9,0))/12)) -> 0 | DC9: =-((IF($CV9="Teknisk/adm. bistand/Feltassistent",IF(Budsjett!AV9*(1+Tabeller!$I$76)>Tabeller!O$69,Tabeller!O$69,Budsjett!AV9*(1+Tabeller!$I$76)),0)+(IF($CV9="Forsker - professor",Tabeller!O$69*O9,0)+IF($CV9="Prosjektleder/adm.leder",Tabeller!O$68*O9,0)+IF($CV9="Forsker - 1.aman.",Tabeller!O$70*O9,0)+IF($CV9="Gjesteforsker",Tabeller!O$72*O9,0)+IF($CV9="Postdoktor / forsker",Tabeller!O$73*O9,0)+IF($CV9="Stipendiat",Tabeller!O$74*O9,0)+IF($CV9="Forsker (rundsum)",Tabeller!O$71*O9,0)+IF($CV9="Vit.ass",Tabeller!O$75*O9,0))/12)) -> 0 | DD9: =-((IF($CV9="Teknisk/adm. bistand/Feltassistent",IF(Budsjett!AW9*(1+Tabeller!$I$76)>Tabeller!P$69,Tabeller!P$69,Budsjett!AW9*(1+Tabeller!$I$76)),0)+(IF($CV9="Forsker - professor",Tabeller!P$69*P9,0)+IF($CV9="Prosjektleder/adm.leder",Tabeller!P$68*P9,0)+IF($CV9="Forsker - 1.aman.",Tabeller!P$70*P9,0)+IF($CV9="Gjesteforsker",Tabeller!P$72*P9,0)+IF($CV9="Postdoktor / forsker",Tabeller!P$73*P9,0)+IF($CV9="Stipendiat",Tabeller!P$74*P9,0)+IF($CV9="Forsker (rundsum)",Tabeller!P$71*P9,0)+IF($CV9="Vit.ass",Tabeller!P$75*P9,0))/12)) -> 0 | ... DI9: =-((IF($CV9="Teknisk/adm. bistand/Feltassistent",IF(Budsjett!BB9*(1+Tabeller!$I$76)>Tabeller!U$69,Tabeller!U$69,Budsjett!BB9*(1+Tabeller!$I$76)),0)+(IF($CV9="Forsker - professor",Tabeller!U$69*U9,0)+IF($CV9="Prosjektleder/adm.leder",Tabeller!U$68*U9,0)+IF($CV9="Forsker - 1.aman.",Tabeller!U$70*U9,0)+IF($CV9="Gjesteforsker",Tabeller!U$72*U9,0)+IF($CV9="Postdoktor / forsker",Tabeller!U$73*U9,0)+IF($CV9="Stipendiat",Tabeller!U$74*U9,0)+IF($CV9="Forsker (rundsum)",Tabeller!U$71*U9,0)+IF($CV9="Vit.ass",Tabeller!U$75*U9,0))/12)) -> 0 | DJ9: =SUM(CW9:DI9) -> 0 | DM9: =CV9 -> 0 | DN9: =IF($F9="NFR",CW9,0) -> 0 | DO9: =IF($F9="NFR",CX9,0) -> 0 | DP9: =IF($F9="NFR",CY9,0) -> 0 | DQ9: =IF($F9="NFR",CZ9,0) -> 0 | DR9: =IF($F9="NFR",DA9,0) -> 0 | DS9: =IF($F9="NFR",DB9,0) -> 0 | DT9: =IF($F9="NFR",DC9,0) -> 0 | DU9: =IF($F9="NFR",DD9,0) -> 0 | ... DZ9: =IF($F9="NFR",DI9,0) -> 0 | EA9: =SUM(DN9:DZ9) -> 0 | EC9: =DM9 -> 0 | ED9: =IF($F9=$ED$1,CW9,0) -> 0 | EE9: =IF($F9=$ED$1,CX9,0) -> 0 | EF9: =IF($F9=$ED$1,CY9,0) -> 0 | EG9: =IF($F9=$ED$1,CZ9,0) -> 0 | EH9: =IF($F9=$ED$1,DA9,0) -> 0 | EI9: =IF($F9=$ED$1,DB9,0) -> 0 | EJ9: =IF($F9=$ED$1,DC9,0) -> 0 | EK9: =IF($F9=$ED$1,DD9,0) -> 0 | ... EP9: =IF($F9=$ED$1,DI9,0) -> 0 | EQ9: =SUM(ED9:EP9) -> 0 | ES9: =EC9 -> 0 | ET9: =IF($F9=$ET$1,CW9,0) -> 0 | EU9: =IF($F9=$ET$1,CX9,0) -> 0 | EV9: =IF($F9=$ET$1,CY9,0) -> 0 | EW9: =IF($F9=$ET$1,CZ9,0) -> 0 | EX9: =IF($F9=$ET$1,DA9,0) -> 0 | EY9: =IF($F9=$ET$1,DB9,0) -> 0 | EZ9: =IF($F9=$ET$1,DC9,0) -> 0 | FA9: =IF($F9=$ET$1,DD9,0) -> 0 | ... FF9: =IF($F9=$ET$1,DI9,0) -> 0 | FG9: =SUM(ET9:FF9) -> 0 | FI9: =ES9 -> 0 | FJ9: =IF($F9=$FJ$1,CW9,0) -> 0 | FK9: =IF($F9=$FJ$1,CX9,0) -> 0 | FL9: =IF($F9=$FJ$1,CY9,0) -> 0 | FM9: =IF($F9=$FJ$1,CZ9,0) -> 0 | FN9: =IF($F9=$FJ$1,DA9,0) -> 0 | FO9: =IF($F9=$FJ$1,DB9,0) -> 0 | FP9: =IF($F9=$FJ$1,DC9,0) -> 0 | FQ9: =IF($F9=$FJ$1,DD9,0) -> 0 | ... FV9: =IF($F9=$FJ$1,DI9,0) -> 0 | FW9: =SUM(FJ9:FV9) -> 0 | FZ9: =FI9 -> 0 | GN9: =SUM(GA9:GM9) -> 0 | GQ9: =IF(Registrering!$B$29="Prosjekter som foregår i UiOs lokaler",IF($B9="Teknisk/adm. bistand/Feltassistent",(I9/12)*Tabeller!J$11,(I9/12)*Tabeller!J$10),IF($B9="Teknisk/adm. bistand/Feltassistent",(I9/12)*Tabeller!J$13,(I9/12)*Tabeller!J$12)) -> 0 | GR9: =IF(Registrering!$B$29="Prosjekter som foregår i UiOs lokaler",IF($B9="Teknisk/adm. bistand/Feltassistent",(J9/12)*Tabeller!K$11,(J9/12)*Tabeller!K$10),IF($B9="Teknisk/adm. bistand/Feltassistent",(J9/12)*Tabeller!K$13,(J9/12)*Tabeller!K$12)) -> 0 | GS9: =IF(Registrering!$B$29="Prosjekter som foregår i UiOs lokaler",IF($B9="Teknisk/adm. bistand/Feltassistent",(K9/12)*Tabeller!L$11,(K9/12)*Tabeller!L$10),IF($B9="Teknisk/adm. bistand/Feltassistent",(K9/12)*Tabeller!L$13,(K9/12)*Tabeller!L$12)) -> 0 | GT9: =IF(Registrering!$B$29="Prosjekter som foregår i UiOs lokaler",IF($B9="Teknisk/adm. bistand/Feltassistent",(L9/12)*Tabeller!M$11,(L9/12)*Tabeller!M$10),IF($B9="Teknisk/adm. bistand/Feltassistent",(L9/12)*Tabeller!M$13,(L9/12)*Tabeller!M$12)) -> 0 | GU9: =IF(Registrering!$B$29="Prosjekter som foregår i UiOs lokaler",IF($B9="Teknisk/adm. bistand/Feltassistent",(M9/12)*Tabeller!N$11,(M9/12)*Tabeller!N$10),IF($B9="Teknisk/adm. bistand/Feltassistent",(M9/12)*Tabeller!N$13,(M9/12)*Tabeller!N$12)) -> 0 | GV9: =IF(Registrering!$B$29="Prosjekter som foregår i UiOs lokaler",IF($B9="Teknisk/adm. bistand/Feltassistent",(N9/12)*Tabeller!O$11,(N9/12)*Tabeller!O$10),IF($B9="Teknisk/adm. bistand/Feltassistent",(N9/12)*Tabeller!O$13,(N9/12)*Tabeller!O$12)) -> 0 | GW9: =IF(Registrering!$B$29="Prosjekter som foregår i UiOs lokaler",IF($B9="Teknisk/adm. bistand/Feltassistent",(O9/12)*Tabeller!P$11,(O9/12)*Tabeller!P$10),IF($B9="Teknisk/adm. bistand/Feltassistent",(O9/12)*Tabeller!P$13,(O9/12)*Tabeller!P$12)) -> 0 | GX9: =IF(Registrering!$B$29="Prosjekter som foregår i UiOs lokaler",IF($B9="Teknisk/adm. bistand/Feltassistent",(P9/12)*Tabeller!Q$11,(P9/12)*Tabeller!Q$10),IF($B9="Teknisk/adm. bistand/Feltassistent",(P9/12)*Tabeller!Q$13,(P9/12)*Tabeller!Q$12)) -> 0 | ... HC9: =IF(Registrering!$B$29="Prosjekter som foregår i UiOs lokaler",IF($B9="Teknisk/adm. bistand/Feltassistent",(U9/12)*Tabeller!V$11,(U9/12)*Tabeller!V$10),IF($B9="Teknisk/adm. bistand/Feltassistent",(U9/12)*Tabeller!V$13,(U9/12)*Tabeller!V$12)) -> 0
B10: Sum ansatte | C10: =SUM(C4:C9) -> 0 | D10: =SUM(D4:D9) -> 0 | E10: =SUM(E4:E9) -> 0 | I10: =SUM(I4:I9) -> 0 | J10: =SUM(J4:J9) -> 0 | K10: =SUM(K4:K9) -> 0 | L10: =SUM(L4:L9) -> 0 | M10: =SUM(M4:M9) -> 0 | N10: =SUM(N4:N9) -> 0 | O10: =SUM(O4:O9) -> 0 | P10: =SUM(P4:P9) -> 0 | ... U10: =SUM(U4:U9) -> 0 | AP10: =SUM(AP4:AP9) -> 0 | AQ10: =SUM(AQ4:AQ9) -> 0 | AR10: =SUM(AR4:AR9) -> 0 | AS10: =SUM(AS4:AS9) -> 0 | AT10: =SUM(AT4:AT9) -> 0 | AU10: =SUM(AU4:AU9) -> 0 | AV10: =SUM(AV4:AV9) -> 0 | AW10: =SUM(AW4:AW9) -> 0 | ... BB10: =SUM(BB4:BB9) -> 0 | BC10: =SUM(AP10:BB10) -> 0 | BD10: =SUM(BD4:BD9) -> 0 | BE10: =SUM(BE4:BE9) -> 0 | BF10: =SUM(BF4:BF9) -> 0 | BG10: =SUM(BG4:BG9) -> 0 | BH10: =SUM(BH4:BH9) -> 0 | BI10: =SUM(BI4:BI9) -> 0 | BJ10: =SUM(BJ4:BJ9) -> 0 | BK10: =SUM(BK4:BK9) -> 0 | ... BP10: =SUM(BP4:BP9) -> 0 | BQ10: =SUM(BD10:BP10) -> 0 | BS10: =SUM(BS4:BS9) -> 0 | BT10: =SUM(BT4:BT9) -> 0 | BU10: =SUM(BU4:BU9) -> 0 | BV10: =SUM(BV4:BV9) -> 0 | BW10: =SUM(BW4:BW9) -> 0 | BX10: =SUM(BX4:BX9) -> 0 | BY10: =SUM(BY4:BY9) -> 0 | BZ10: =SUM(BZ4:BZ9) -> 0 | ... CE10: =SUM(CE4:CE9) -> 0 | CH10: =SUM(CH4:CH9) -> 0 | CI10: =SUM(CI4:CI9) -> 0 | CJ10: =SUM(CJ4:CJ9) -> 0 | CK10: =SUM(CK4:CK9) -> 0 | CL10: =SUM(CL4:CL9) -> 0 | CM10: =SUM(CM4:CM9) -> 0 | CN10: =SUM(CN4:CN9) -> 0 | CO10: =SUM(CO4:CO9) -> 0 | ... CT10: =SUM(CT4:CT9) -> 0 | CW10: =SUM(CW4:CW9) -> 0 | CX10: =SUM(CX4:CX9) -> 0 | CY10: =SUM(CY4:CY9) -> 0 | CZ10: =SUM(CZ4:CZ9) -> 0 | DA10: =SUM(DA4:DA9) -> 0 | DB10: =SUM(DB4:DB9) -> 0 | DC10: =SUM(DC4:DC9) -> 0 | DD10: =SUM(DD4:DD9) -> 0 | ... DI10: =SUM(DI4:DI9) -> 0 | DJ10: =SUM(CW10:DI10) -> 0 | DN10: =SUM(DN4:DN9) -> 0 | DO10: =SUM(DO4:DO9) -> 0 | DP10: =SUM(DP4:DP9) -> 0 | DQ10: =SUM(DQ4:DQ9) -> 0 | DR10: =SUM(DR4:DR9) -> 0 | DS10: =SUM(DS4:DS9) -> 0 | DT10: =SUM(DT4:DT9) -> 0 | DU10: =SUM(DU4:DU9) -> 0 | ... DZ10: =SUM(DZ4:DZ9) -> 0 | EA10: =SUM(DN10:DZ10) -> 0 | EC10: =DM10 -> 0 | ED10: =SUM(ED4:ED9) -> 0 | EE10: =SUM(EE4:EE9) -> 0 | EF10: =SUM(EF4:EF9) -> 0 | EG10: =SUM(EG4:EG9) -> 0 | EH10: =SUM(EH4:EH9) -> 0 | EI10: =SUM(EI4:EI9) -> 0 | EJ10: =SUM(EJ4:EJ9) -> 0 | EK10: =SUM(EK4:EK9) -> 0 | ... EP10: =SUM(EP4:EP9) -> 0 | EQ10: =SUM(ED10:EP10) -> 0 | ES10: =EC10 -> 0 | ET10: =SUM(ET4:ET9) -> 0 | EU10: =SUM(EU4:EU9) -> 0 | EV10: =SUM(EV4:EV9) -> 0 | EW10: =SUM(EW4:EW9) -> 0 | EX10: =SUM(EX4:EX9) -> 0 | EY10: =SUM(EY4:EY9) -> 0 | EZ10: =SUM(EZ4:EZ9) -> 0 | FA10: =SUM(FA4:FA9) -> 0 | ... FF10: =SUM(FF4:FF9) -> 0 | FG10: =SUM(ET10:FF10) -> 0 | FI10: =ES10 -> 0 | FJ10: =SUM(FJ4:FJ9) -> 0 | FK10: =SUM(FK4:FK9) -> 0 | FL10: =SUM(FL4:FL9) -> 0 | FM10: =SUM(FM4:FM9) -> 0 | FN10: =SUM(FN4:FN9) -> 0 | FO10: =SUM(FO4:FO9) -> 0 | FP10: =SUM(FP4:FP9) -> 0 | FQ10: =SUM(FQ4:FQ9) -> 0 | ... FV10: =SUM(FV4:FV9) -> 0 | FW10: =SUM(FJ10:FV10) -> 0 | FZ10: =FI10 -> 0 | GA10: =SUM(GA4:GA9) -> 0 | GB10: =SUM(GB4:GB9) -> 0 | GC10: =SUM(GC4:GC9) -> 0 | GD10: =SUM(GD4:GD9) -> 0 | GE10: =SUM(GE4:GE9) -> 0 | GF10: =SUM(GF4:GF9) -> 0 | GG10: =SUM(GG4:GG9) -> 0 | GH10: =SUM(GH4:GH9) -> 0 | ... GM10: =SUM(GM4:GM9) -> 0 | GN10: =SUM(GA10:GM10) -> 0 | GQ10: =SUM(GQ4:GQ9) -> 0 | GR10: =SUM(GR4:GR9) -> 0 | GS10: =SUM(GS4:GS9) -> 0 | GT10: =SUM(GT4:GT9) -> 0 | GU10: =SUM(GU4:GU9) -> 0 | GV10: =SUM(GV4:GV9) -> 0 | GW10: =SUM(GW4:GW9) -> 0 | GX10: =SUM(GX4:GX9) -> 0 | ... HC10: =SUM(HC4:HC9) -> 0
I11: ÅRSVERK | EC11: =DM11 -> 0 | ES11: =EC11 -> 0 | FI11: =ES11 -> 0 | FZ11: =FI11 -> 0
B12: Eksternt finansiert frikjøp | C12: Inntekter | D12: Lønn og sos. kostn. | E12: Årsv | F12: Finansiør | G12: Årslønn | H12: Navn | I12: =I3 -> 2025 | J12: =J3 -> 2026 | K12: =K3 -> 2027 | L12: =L3 -> 2028 | M12: =M3 -> 2029 | N12: =N3 -> 2030 | O12: =O3 -> 2031 | P12: =P3 -> 2032 | ... U12: =U3 -> 2037 | AE12: Bruttolønn | AF12: inkl lønnsv. | AG12: Lønn | AH12: Feriep | AI12: AGA | AJ12: Pensjon | AK12: inkl sos.avg. | AL12: inkl. ind.kost. | AM12: Timesats | AP12: =I12 -> 2025 | AQ12: =J12 -> 2026 | AR12: =K12 -> 2027 | AS12: =L12 -> 2028 | AT12: =M12 -> 2029 | AU12: =N12 -> 2030 | AV12: =O12 -> 2031 | AW12: =P12 -> 2032 | ... BB12: =U12 -> 2037 | BD12: =AP12 -> 2025 | BE12: =AQ12 -> 2026 | BF12: =AR12 -> 2027 | BG12: =AS12 -> 2028 | BH12: =AT12 -> 2029 | BI12: =AU12 -> 2030 | BJ12: =AV12 -> 2031 | BK12: =AW12 -> 2032 | ... BP12: =BB12 -> 2037 | BS12: =BD12 -> 2025 | BT12: =BE12 -> 2026 | BU12: =BF12 -> 2027 | BV12: =BG12 -> 2028 | BW12: =BH12 -> 2029 | BX12: =BI12 -> 2030 | BY12: =BJ12 -> 2031 | BZ12: =BK12 -> 2032 | ... CE12: =BP12 -> 2037 | CH12: =CW12 -> 2025 | CI12: =CX12 -> 2026 | CJ12: =CY12 -> 2027 | CK12: =CZ12 -> 2028 | CL12: =DA12 -> 2029 | CM12: =DB12 -> 2030 | CN12: =DC12 -> 2031 | CO12: =DD12 -> 2032 | ... CT12: =DI12 -> 2037 | CW12: =BS12 -> 2025 | CX12: =BT12 -> 2026 | CY12: =BU12 -> 2027 | CZ12: =BV12 -> 2028 | DA12: =BW12 -> 2029 | DB12: =BX12 -> 2030 | DC12: =BY12 -> 2031 | DD12: =BZ12 -> 2032 | ... DI12: =CE12 -> 2037 | DJ12: Totalt | DN12: =BS12 -> 2025 | DO12: =BT12 -> 2026 | DP12: =BU12 -> 2027 | DQ12: =BV12 -> 2028 | DR12: =BW12 -> 2029 | DS12: =BX12 -> 2030 | DT12: =BY12 -> 2031 | DU12: =BZ12 -> 2032 | ... DZ12: =CE12 -> 2037 | EA12: =EA3 -> Totalt | EC12: =DM12 -> 0 | ED12: =ED3 -> 2025 | EE12: =EE3 -> 2026 | EF12: =EF3 -> 2027 | EG12: =EG3 -> 2028 | EH12: =EH3 -> 2029 | EI12: =EI3 -> 2030 | EJ12: =EJ3 -> 2031 | EK12: =EK3 -> 2032 | ... EQ12: =EQ3 -> Totalt | ES12: =EC12 -> 0 | ET12: =ET3 -> 2025 | EU12: =EU3 -> 2026 | EV12: =EV3 -> 2027 | EW12: =EW3 -> 2028 | EX12: =EX3 -> 2029 | EY12: =EY3 -> 2030 | EZ12: =EZ3 -> 2031 | FA12: =FA3 -> 2032 | ... FG12: =FG3 -> Totalt | FI12: =ES12 -> 0 | FJ12: =FJ3 -> 2025 | FK12: =FK3 -> 2026 | FL12: =FL3 -> 2027 | FM12: =FM3 -> 2028 | FN12: =FN3 -> 2029 | FO12: =FO3 -> 2030 | FP12: =FP3 -> 2031 | FQ12: =FQ3 -> 2032 | ... FW12: =FW3 -> Totalt | FZ12: =FI12 -> 0 | GA12: =GA3 -> 2025 | GB12: =GB3 -> 2026 | GC12: =GC3 -> 2027 | GD12: =GD3 -> 2028 | GE12: =GE3 -> 2029 | GF12: =GF3 -> 2030 | GG12: =GG3 -> 2031 | GH12: =GH3 -> 2032 | ... GN12: =GN3 -> Totalt | GQ12: =AP12 -> 2025 | GR12: =AQ12 -> 2026 | GS12: =AR12 -> 2027 | GT12: =AS12 -> 2028 | GU12: =AT12 -> 2029 | GV12: =AU12 -> 2030 | GW12: =AV12 -> 2031 | GX12: =AW12 -> 2032 | ... HC12: =BB12 -> 2037
D13: =SUM(AP13:BB13) -> 0 | E13: =SUM(I13:U13) -> 0 | AE13: =G13 -> 0 | AF13: =AE13*Tabeller!$I$49 -> 0 | AG13: =IF(AE13>0,(AF13-400)/52*47,0) -> 0 | AH13: =AG13*Tabeller!$H$40 -> 0 | AI13: =SUM(AG13:AH13,AJ13)*Tabeller!$H$42 -> 0 | AJ13: =AF13*Tabeller!$H$41 -> 0 | AK13: =SUM(AG13:AJ13) -> 0 | AL13: =AK13+(IF(B13="Teknisk adm bistand",Registrering!$E$51,Registrering!$B$51)) -> 0 | AM13: =AL13/Tabeller!$H$5 -> 0 | AP13: =((I13*Budsjett!$AK13)) -> 0 | AQ13: =((J13*Budsjett!$AK13)*(Tabeller!J$49)) -> 0 | AR13: =((K13*Budsjett!$AK13)*(Tabeller!K$49)) -> 0 | AS13: =((L13*Budsjett!$AK13)*(Tabeller!L$49)) -> 0 | AT13: =((M13*Budsjett!$AK13)*(Tabeller!M$49)) -> 0 | AU13: =((N13*Budsjett!$AK13)*(Tabeller!N$49)) -> 0 | AV13: =((O13*Budsjett!$AK13)*(Tabeller!O$49)) -> 0 | AW13: =((P13*Budsjett!$AK13)*(Tabeller!P$49)) -> 0 | AX13: =((Q13*Budsjett!$AK13)*(Tabeller!Q$49)) -> 0 | ... BB13: =((U13*Budsjett!$AK13)*(Tabeller!U$49)) -> 0 | BD13: =IFERROR(IF(#REF!>#REF!,BS13,GQ13),0) -> 0 | BE13: =IFERROR(IF(#REF!>#REF!,BT13,GR13),0) -> 0 | BF13: =IFERROR(IF(#REF!>#REF!,BU13,GS13),0) -> 0 | BG13: =IFERROR(IF(#REF!>#REF!,BV13,GT13),0) -> 0 | BH13: =IFERROR(IF(#REF!>#REF!,BW13,GU13),0) -> 0 | BI13: =IFERROR(IF(#REF!>#REF!,BX13,GV13),0) -> 0 | BJ13: =IFERROR(IF(#REF!>#REF!,BY13,GW13),0) -> 0 | BK13: =IFERROR(IF(#REF!>#REF!,BZ13,GX13),0) -> 0 | ... BP13: =IFERROR(IF(#REF!>#REF!,CE13,HC13),0) -> 0 | BS13: =IFERROR(IF($F$85=$M$85,AP13*#REF!,AP13*Budsjett!#REF!),0) -> 0 | BT13: =IFERROR(IF($F$85=$M$85,AQ13*#REF!,AQ13*Budsjett!#REF!),0) -> 0 | BU13: =IFERROR(IF($F$85=$M$85,AR13*#REF!,AR13*Budsjett!#REF!),0) -> 0 | BV13: =IFERROR(IF($F$85=$M$85,AS13*#REF!,AS13*Budsjett!#REF!),0) -> 0 | BW13: =IFERROR(IF($F$85=$M$85,AT13*#REF!,AT13*Budsjett!#REF!),0) -> 0 | BX13: =IFERROR(IF($F$85=$M$85,AU13*#REF!,AU13*Budsjett!#REF!),0) -> 0 | BY13: =IFERROR(IF($F$85=$M$85,AV13*#REF!,AV13*Budsjett!#REF!),0) -> 0 | BZ13: =IFERROR(IF($F$85=$M$85,AW13*#REF!,AW13*Budsjett!#REF!),0) -> 0 | ... CE13: =IFERROR(IF($F$85=$M$85,BB13*#REF!,BB13*Budsjett!#REF!),0) -> 0 | CH13: =BD13-BS13 -> 0 | CI13: =BE13-BT13 -> 0 | CJ13: =BF13-BU13 -> 0 | CK13: =BG13-BV13 -> 0 | CL13: =BH13-BW13 -> 0 | CM13: =BI13-BX13 -> 0 | CN13: =BJ13-BY13 -> 0 | CO13: =BK13-BZ13 -> 0 | ... CT13: =BP13-CE13 -> 0 | CV13: =B13 -> 0 | CW13: =-((IF($CV13="Teknisk/adm. bistand/Feltassistent",IF(Budsjett!AP13*(1+Tabeller!$I$76)>Tabeller!I$69,Tabeller!I$69,Budsjett!AP13*(1+Tabeller!$I$76)),0)+(IF($CV13="Forsker - professor",Tabeller!I$69*I13,0)+IF($CV13="Prosjektleder/adm.leder",Tabeller!I$68*I13,0)+IF($CV13="Forsker - 1.aman.",Tabeller!I$70*I13,0)+IF($CV13="Gjesteforsker",Tabeller!I$72*I13,0)+IF($CV13="Postdoktor / forsker",Tabeller!I$73*I13,0)+IF($CV13="Stipendiat",Tabeller!I$74*I13,0)+IF($CV13="Forsker (rundsum)",Tabeller!I$71*I13,0)+IF($CV13="Vit.ass",Tabeller!I$75*I13,0))/1)) -> 0 | CX13: =-((IF($CV13="Teknisk/adm. bistand/Feltassistent",IF(Budsjett!AQ13*(1+Tabeller!$I$76)>Tabeller!J$69,Tabeller!J$69,Budsjett!AQ13*(1+Tabeller!$I$76)),0)+(IF($CV13="Forsker - professor",Tabeller!J$69*J13,0)+IF($CV13="Prosjektleder/adm.leder",Tabeller!J$68*J13,0)+IF($CV13="Forsker - 1.aman.",Tabeller!J$70*J13,0)+IF($CV13="Gjesteforsker",Tabeller!J$72*J13,0)+IF($CV13="Postdoktor / forsker",Tabeller!J$73*J13,0)+IF($CV13="Stipendiat",Tabeller!J$74*J13,0)+IF($CV13="Forsker (rundsum)",Tabeller!J$71*J13,0)+IF($CV13="Vit.ass",Tabeller!J$75*J13,0))/1)) -> 0 | CY13: =-((IF($CV13="Teknisk/adm. bistand/Feltassistent",IF(Budsjett!AR13*(1+Tabeller!$I$76)>Tabeller!K$69,Tabeller!K$69,Budsjett!AR13*(1+Tabeller!$I$76)),0)+(IF($CV13="Forsker - professor",Tabeller!K$69*K13,0)+IF($CV13="Prosjektleder/adm.leder",Tabeller!K$68*K13,0)+IF($CV13="Forsker - 1.aman.",Tabeller!K$70*K13,0)+IF($CV13="Gjesteforsker",Tabeller!K$72*K13,0)+IF($CV13="Postdoktor / forsker",Tabeller!K$73*K13,0)+IF($CV13="Stipendiat",Tabeller!K$74*K13,0)+IF($CV13="Forsker (rundsum)",Tabeller!K$71*K13,0)+IF($CV13="Vit.ass",Tabeller!K$75*K13,0))/1)) -> 0 | CZ13: =-((IF($CV13="Teknisk/adm. bistand/Feltassistent",IF(Budsjett!AS13*(1+Tabeller!$I$76)>Tabeller!L$69,Tabeller!L$69,Budsjett!AS13*(1+Tabeller!$I$76)),0)+(IF($CV13="Forsker - professor",Tabeller!L$69*L13,0)+IF($CV13="Prosjektleder/adm.leder",Tabeller!L$68*L13,0)+IF($CV13="Forsker - 1.aman.",Tabeller!L$70*L13,0)+IF($CV13="Gjesteforsker",Tabeller!L$72*L13,0)+IF($CV13="Postdoktor / forsker",Tabeller!L$73*L13,0)+IF($CV13="Stipendiat",Tabeller!L$74*L13,0)+IF($CV13="Forsker (rundsum)",Tabeller!L$71*L13,0)+IF($CV13="Vit.ass",Tabeller!L$75*L13,0))/1)) -> 0 | DA13: =-((IF($CV13="Teknisk/adm. bistand/Feltassistent",IF(Budsjett!AT13*(1+Tabeller!$I$76)>Tabeller!M$69,Tabeller!M$69,Budsjett!AT13*(1+Tabeller!$I$76)),0)+(IF($CV13="Forsker - professor",Tabeller!M$69*M13,0)+IF($CV13="Prosjektleder/adm.leder",Tabeller!M$68*M13,0)+IF($CV13="Forsker - 1.aman.",Tabeller!M$70*M13,0)+IF($CV13="Gjesteforsker",Tabeller!M$72*M13,0)+IF($CV13="Postdoktor / forsker",Tabeller!M$73*M13,0)+IF($CV13="Stipendiat",Tabeller!M$74*M13,0)+IF($CV13="Forsker (rundsum)",Tabeller!M$71*M13,0)+IF($CV13="Vit.ass",Tabeller!M$75*M13,0))/1)) -> 0 | DB13: =-((IF($CV13="Teknisk/adm. bistand/Feltassistent",IF(Budsjett!AU13*(1+Tabeller!$I$76)>Tabeller!N$69,Tabeller!N$69,Budsjett!AU13*(1+Tabeller!$I$76)),0)+(IF($CV13="Forsker - professor",Tabeller!N$69*N13,0)+IF($CV13="Prosjektleder/adm.leder",Tabeller!N$68*N13,0)+IF($CV13="Forsker - 1.aman.",Tabeller!N$70*N13,0)+IF($CV13="Gjesteforsker",Tabeller!N$72*N13,0)+IF($CV13="Postdoktor / forsker",Tabeller!N$73*N13,0)+IF($CV13="Stipendiat",Tabeller!N$74*N13,0)+IF($CV13="Forsker (rundsum)",Tabeller!N$71*N13,0)+IF($CV13="Vit.ass",Tabeller!N$75*N13,0))/1)) -> 0 | DC13: =-((IF($CV13="Teknisk/adm. bistand/Feltassistent",IF(Budsjett!AV13*(1+Tabeller!$I$76)>Tabeller!O$69,Tabeller!O$69,Budsjett!AV13*(1+Tabeller!$I$76)),0)+(IF($CV13="Forsker - professor",Tabeller!O$69*O13,0)+IF($CV13="Prosjektleder/adm.leder",Tabeller!O$68*O13,0)+IF($CV13="Forsker - 1.aman.",Tabeller!O$70*O13,0)+IF($CV13="Gjesteforsker",Tabeller!O$72*O13,0)+IF($CV13="Postdoktor / forsker",Tabeller!O$73*O13,0)+IF($CV13="Stipendiat",Tabeller!O$74*O13,0)+IF($CV13="Forsker (rundsum)",Tabeller!O$71*O13,0)+IF($CV13="Vit.ass",Tabeller!O$75*O13,0))/1)) -> 0 | DD13: =-((IF($CV13="Teknisk/adm. bistand/Feltassistent",IF(Budsjett!AW13*(1+Tabeller!$I$76)>Tabeller!P$69,Tabeller!P$69,Budsjett!AW13*(1+Tabeller!$I$76)),0)+(IF($CV13="Forsker - professor",Tabeller!P$69*P13,0)+IF($CV13="Prosjektleder/adm.leder",Tabeller!P$68*P13,0)+IF($CV13="Forsker - 1.aman.",Tabeller!P$70*P13,0)+IF($CV13="Gjesteforsker",Tabeller!P$72*P13,0)+IF($CV13="Postdoktor / forsker",Tabeller!P$73*P13,0)+IF($CV13="Stipendiat",Tabeller!P$74*P13,0)+IF($CV13="Forsker (rundsum)",Tabeller!P$71*P13,0)+IF($CV13="Vit.ass",Tabeller!P$75*P13,0))/1)) -> 0 | ... DI13: =-((IF($CV13="Teknisk/adm. bistand/Feltassistent",IF(Budsjett!BB13*(1+Tabeller!$I$76)>Tabeller!U$69,Tabeller!U$69,Budsjett!BB13*(1+Tabeller!$I$76)),0)+(IF($CV13="Forsker - professor",Tabeller!U$69*U13,0)+IF($CV13="Prosjektleder/adm.leder",Tabeller!U$68*U13,0)+IF($CV13="Forsker - 1.aman.",Tabeller!U$70*U13,0)+IF($CV13="Gjesteforsker",Tabeller!U$72*U13,0)+IF($CV13="Postdoktor / forsker",Tabeller!U$73*U13,0)+IF($CV13="Stipendiat",Tabeller!U$74*U13,0)+IF($CV13="Forsker (rundsum)",Tabeller!U$71*U13,0)+IF($CV13="Vit.ass",Tabeller!U$75*U13,0))/1)) -> 0 | DJ13: =SUM(CW13:DI13) -> 0 | DM13: =CV13 -> 0 | DN13: =IF($F13="NFR",CW13,0) -> 0 | DO13: =IF($F13="NFR",CX13,0) -> 0 | DP13: =IF($F13="NFR",CY13,0) -> 0 | DQ13: =IF($F13="NFR",CZ13,0) -> 0 | DR13: =IF($F13="NFR",DA13,0) -> 0 | DS13: =IF($F13="NFR",DB13,0) -> 0 | DT13: =IF($F13="NFR",DC13,0) -> 0 | DU13: =IF($F13="NFR",DD13,0) -> 0 | ... DZ13: =IF($F13="NFR",DI13,0) -> 0 | EA13: =SUM(DN13:DZ13) -> 0 | EC13: =DM13 -> 0 | ED13: =IF($F13=$ED$1,CW13,0) -> 0 | EE13: =IF($F13=$ED$1,CX13,0) -> 0 | EF13: =IF($F13=$ED$1,CY13,0) -> 0 | EG13: =IF($F13=$ED$1,CZ13,0) -> 0 | EH13: =IF($F13=$ED$1,DA13,0) -> 0 | EI13: =IF($F13=$ED$1,DB13,0) -> 0 | EJ13: =IF($F13=$ED$1,DC13,0) -> 0 | EK13: =IF($F13=$ED$1,DD13,0) -> 0 | ... EP13: =IF($F13=$ED$1,DI13,0) -> 0 | EQ13: =SUM(ED13:EP13) -> 0 | ES13: =EC13 -> 0 | ET13: =IF($F13=$ET$1,CW13,0) -> 0 | EU13: =IF($F13=$ET$1,CX13,0) -> 0 | EV13: =IF($F13=$ET$1,CY13,0) -> 0 | EW13: =IF($F13=$ET$1,CZ13,0) -> 0 | EX13: =IF($F13=$ET$1,DA13,0) -> 0 | EY13: =IF($F13=$ET$1,DB13,0) -> 0 | EZ13: =IF($F13=$ET$1,DC13,0) -> 0 | FA13: =IF($F13=$ET$1,DD13,0) -> 0 | ... FF13: =IF($F13=$ET$1,DI13,0) -> 0 | FG13: =SUM(ET13:FF13) -> 0 | FI13: =ES13 -> 0 | FJ13: =IF($F13=$FJ$1,CW13,0) -> 0 | FK13: =IF($F13=$FJ$1,CX13,0) -> 0 | FL13: =IF($F13=$FJ$1,CY13,0) -> 0 | FM13: =IF($F13=$FJ$1,CZ13,0) -> 0 | FN13: =IF($F13=$FJ$1,DA13,0) -> 0 | FO13: =IF($F13=$FJ$1,DB13,0) -> 0 | FP13: =IF($F13=$FJ$1,DC13,0) -> 0 | FQ13: =IF($F13=$FJ$1,DD13,0) -> 0 | ... FV13: =IF($F13=$FJ$1,DI13,0) -> 0 | FW13: =SUM(FJ13:FV13) -> 0 | FZ13: =FI13 -> 0 | GN13: =SUM(GA13:GM13) -> 0 | GQ13: =IF(Registrering!$B$29="Prosjekter som foregår i UiOs lokaler",IF($B13="Teknisk/adm. bistand/Feltassistent",I13*Tabeller!J$11,I13*Tabeller!J$10),IF($B13="Teknisk/adm. bistand/Feltassistent",I13*Tabeller!J$13,I13*Tabeller!J$12)) -> 0 | GR13: =IF(Registrering!$B$29="Prosjekter som foregår i UiOs lokaler",IF($B13="Teknisk/adm. bistand/Feltassistent",J13*Tabeller!K$11,J13*Tabeller!K$10),IF($B13="Teknisk/adm. bistand/Feltassistent",J13*Tabeller!K$13,J13*Tabeller!K$12)) -> 0 | GS13: =IF(Registrering!$B$29="Prosjekter som foregår i UiOs lokaler",IF($B13="Teknisk/adm. bistand/Feltassistent",K13*Tabeller!L$11,K13*Tabeller!L$10),IF($B13="Teknisk/adm. bistand/Feltassistent",K13*Tabeller!L$13,K13*Tabeller!L$12)) -> 0 | GT13: =IF(Registrering!$B$29="Prosjekter som foregår i UiOs lokaler",IF($B13="Teknisk/adm. bistand/Feltassistent",L13*Tabeller!M$11,L13*Tabeller!M$10),IF($B13="Teknisk/adm. bistand/Feltassistent",L13*Tabeller!M$13,L13*Tabeller!M$12)) -> 0 | GU13: =IF(Registrering!$B$29="Prosjekter som foregår i UiOs lokaler",IF($B13="Teknisk/adm. bistand/Feltassistent",M13*Tabeller!N$11,M13*Tabeller!N$10),IF($B13="Teknisk/adm. bistand/Feltassistent",M13*Tabeller!N$13,M13*Tabeller!N$12)) -> 0 | GV13: =IF(Registrering!$B$29="Prosjekter som foregår i UiOs lokaler",IF($B13="Teknisk/adm. bistand/Feltassistent",N13*Tabeller!O$11,N13*Tabeller!O$10),IF($B13="Teknisk/adm. bistand/Feltassistent",N13*Tabeller!O$13,N13*Tabeller!O$12)) -> 0 | GW13: =IF(Registrering!$B$29="Prosjekter som foregår i UiOs lokaler",IF($B13="Teknisk/adm. bistand/Feltassistent",O13*Tabeller!P$11,O13*Tabeller!P$10),IF($B13="Teknisk/adm. bistand/Feltassistent",O13*Tabeller!P$13,O13*Tabeller!P$12)) -> 0 | GX13: =IF(Registrering!$B$29="Prosjekter som foregår i UiOs lokaler",IF($B13="Teknisk/adm. bistand/Feltassistent",P13*Tabeller!Q$11,P13*Tabeller!Q$10),IF($B13="Teknisk/adm. bistand/Feltassistent",P13*Tabeller!Q$13,P13*Tabeller!Q$12)) -> 0 | ... HC13: =IF(Registrering!$B$29="Prosjekter som foregår i UiOs lokaler",IF($B13="Teknisk/adm. bistand/Feltassistent",U13*Tabeller!V$11,U13*Tabeller!V$10),IF($B13="Teknisk/adm. bistand/Feltassistent",U13*Tabeller!V$13,U13*Tabeller!V$12)) -> 0
D14: =SUM(AP14:BB14) -> 0 | E14: =SUM(I14:U14) -> 0 | AE14: =G14 -> 0 | AF14: =AE14*Tabeller!$I$49 -> 0 | AG14: =IF(AE14>0,(AF14-400)/52*47,0) -> 0 | AH14: =AG14*Tabeller!$H$40 -> 0 | AI14: =SUM(AG14:AH14,AJ14)*Tabeller!$H$42 -> 0 | AJ14: =AF14*Tabeller!$H$41 -> 0 | AK14: =SUM(AG14:AJ14) -> 0 | AL14: =AK14+(IF(B14="Teknisk adm bistand",Registrering!$E$51,Registrering!$B$51)) -> 0 | AM14: =AL14/Tabeller!$H$5 -> 0 | AP14: =((I14*Budsjett!$AK14)) -> 0 | AQ14: =((J14*Budsjett!$AK14)*(Tabeller!J$49)) -> 0 | AR14: =((K14*Budsjett!$AK14)*(Tabeller!K$49)) -> 0 | AS14: =((L14*Budsjett!$AK14)*(Tabeller!L$49)) -> 0 | AT14: =((M14*Budsjett!$AK14)*(Tabeller!M$49)) -> 0 | AU14: =((N14*Budsjett!$AK14)*(Tabeller!N$49)) -> 0 | AV14: =((O14*Budsjett!$AK14)*(Tabeller!O$49)) -> 0 | AW14: =((P14*Budsjett!$AK14)*(Tabeller!P$49)) -> 0 | AX14: =((Q14*Budsjett!$AK14)*(Tabeller!Q$49)) -> 0 | ... BB14: =((U14*Budsjett!$AK14)*(Tabeller!U$49)) -> 0 | BD14: =IFERROR(IF(#REF!>#REF!,BS14,GQ14),0) -> 0 | BE14: =IFERROR(IF(#REF!>#REF!,BT14,GR14),0) -> 0 | BF14: =IFERROR(IF(#REF!>#REF!,BU14,GS14),0) -> 0 | BG14: =IFERROR(IF(#REF!>#REF!,BV14,GT14),0) -> 0 | BH14: =IFERROR(IF(#REF!>#REF!,BW14,GU14),0) -> 0 | BI14: =IFERROR(IF(#REF!>#REF!,BX14,GV14),0) -> 0 | BJ14: =IFERROR(IF(#REF!>#REF!,BY14,GW14),0) -> 0 | BK14: =IFERROR(IF(#REF!>#REF!,BZ14,GX14),0) -> 0 | ... BP14: =IFERROR(IF(#REF!>#REF!,CE14,HC14),0) -> 0 | BS14: =IFERROR(IF($F$85=$M$85,AP14*#REF!,AP14*Budsjett!#REF!),0) -> 0 | BT14: =IFERROR(IF($F$85=$M$85,AQ14*#REF!,AQ14*Budsjett!#REF!),0) -> 0 | BU14: =IFERROR(IF($F$85=$M$85,AR14*#REF!,AR14*Budsjett!#REF!),0) -> 0 | BV14: =IFERROR(IF($F$85=$M$85,AS14*#REF!,AS14*Budsjett!#REF!),0) -> 0 | BW14: =IFERROR(IF($F$85=$M$85,AT14*#REF!,AT14*Budsjett!#REF!),0) -> 0 | BX14: =IFERROR(IF($F$85=$M$85,AU14*#REF!,AU14*Budsjett!#REF!),0) -> 0 | BY14: =IFERROR(IF($F$85=$M$85,AV14*#REF!,AV14*Budsjett!#REF!),0) -> 0 | BZ14: =IFERROR(IF($F$85=$M$85,AW14*#REF!,AW14*Budsjett!#REF!),0) -> 0 | ... CE14: =IFERROR(IF($F$85=$M$85,BB14*#REF!,BB14*Budsjett!#REF!),0) -> 0 | CH14: =BD14-BS14 -> 0 | CI14: =BE14-BT14 -> 0 | CJ14: =BF14-BU14 -> 0 | CK14: =BG14-BV14 -> 0 | CL14: =BH14-BW14 -> 0 | CM14: =BI14-BX14 -> 0 | CN14: =BJ14-BY14 -> 0 | CO14: =BK14-BZ14 -> 0 | ... CT14: =BP14-CE14 -> 0 | CV14: =B14 -> 0 | CW14: =-((IF($CV14="Teknisk/adm. bistand/Feltassistent",IF(Budsjett!AP14*(1+Tabeller!$I$76)>Tabeller!I$69,Tabeller!I$69,Budsjett!AP14*(1+Tabeller!$I$76)),0)+(IF($CV14="Forsker - professor",Tabeller!I$69*I14,0)+IF($CV14="Prosjektleder/adm.leder",Tabeller!I$68*I14,0)+IF($CV14="Forsker - 1.aman.",Tabeller!I$70*I14,0)+IF($CV14="Gjesteforsker",Tabeller!I$72*I14,0)+IF($CV14="Postdoktor / forsker",Tabeller!I$73*I14,0)+IF($CV14="Stipendiat",Tabeller!I$74*I14,0)+IF($CV14="Forsker (rundsum)",Tabeller!I$71*I14,0)+IF($CV14="Vit.ass",Tabeller!I$75*I14,0))/1)) -> 0 | CX14: =-((IF($CV14="Teknisk/adm. bistand/Feltassistent",IF(Budsjett!AQ14*(1+Tabeller!$I$76)>Tabeller!J$69,Tabeller!J$69,Budsjett!AQ14*(1+Tabeller!$I$76)),0)+(IF($CV14="Forsker - professor",Tabeller!J$69*J14,0)+IF($CV14="Prosjektleder/adm.leder",Tabeller!J$68*J14,0)+IF($CV14="Forsker - 1.aman.",Tabeller!J$70*J14,0)+IF($CV14="Gjesteforsker",Tabeller!J$72*J14,0)+IF($CV14="Postdoktor / forsker",Tabeller!J$73*J14,0)+IF($CV14="Stipendiat",Tabeller!J$74*J14,0)+IF($CV14="Forsker (rundsum)",Tabeller!J$71*J14,0)+IF($CV14="Vit.ass",Tabeller!J$75*J14,0))/1)) -> 0 | CY14: =-((IF($CV14="Teknisk/adm. bistand/Feltassistent",IF(Budsjett!AR14*(1+Tabeller!$I$76)>Tabeller!K$69,Tabeller!K$69,Budsjett!AR14*(1+Tabeller!$I$76)),0)+(IF($CV14="Forsker - professor",Tabeller!K$69*K14,0)+IF($CV14="Prosjektleder/adm.leder",Tabeller!K$68*K14,0)+IF($CV14="Forsker - 1.aman.",Tabeller!K$70*K14,0)+IF($CV14="Gjesteforsker",Tabeller!K$72*K14,0)+IF($CV14="Postdoktor / forsker",Tabeller!K$73*K14,0)+IF($CV14="Stipendiat",Tabeller!K$74*K14,0)+IF($CV14="Forsker (rundsum)",Tabeller!K$71*K14,0)+IF($CV14="Vit.ass",Tabeller!K$75*K14,0))/1)) -> 0 | CZ14: =-((IF($CV14="Teknisk/adm. bistand/Feltassistent",IF(Budsjett!AS14*(1+Tabeller!$I$76)>Tabeller!L$69,Tabeller!L$69,Budsjett!AS14*(1+Tabeller!$I$76)),0)+(IF($CV14="Forsker - professor",Tabeller!L$69*L14,0)+IF($CV14="Prosjektleder/adm.leder",Tabeller!L$68*L14,0)+IF($CV14="Forsker - 1.aman.",Tabeller!L$70*L14,0)+IF($CV14="Gjesteforsker",Tabeller!L$72*L14,0)+IF($CV14="Postdoktor / forsker",Tabeller!L$73*L14,0)+IF($CV14="Stipendiat",Tabeller!L$74*L14,0)+IF($CV14="Forsker (rundsum)",Tabeller!L$71*L14,0)+IF($CV14="Vit.ass",Tabeller!L$75*L14,0))/1)) -> 0 | DA14: =-((IF($CV14="Teknisk/adm. bistand/Feltassistent",IF(Budsjett!AT14*(1+Tabeller!$I$76)>Tabeller!M$69,Tabeller!M$69,Budsjett!AT14*(1+Tabeller!$I$76)),0)+(IF($CV14="Forsker - professor",Tabeller!M$69*M14,0)+IF($CV14="Prosjektleder/adm.leder",Tabeller!M$68*M14,0)+IF($CV14="Forsker - 1.aman.",Tabeller!M$70*M14,0)+IF($CV14="Gjesteforsker",Tabeller!M$72*M14,0)+IF($CV14="Postdoktor / forsker",Tabeller!M$73*M14,0)+IF($CV14="Stipendiat",Tabeller!M$74*M14,0)+IF($CV14="Forsker (rundsum)",Tabeller!M$71*M14,0)+IF($CV14="Vit.ass",Tabeller!M$75*M14,0))/1)) -> 0 | DB14: =-((IF($CV14="Teknisk/adm. bistand/Feltassistent",IF(Budsjett!AU14*(1+Tabeller!$I$76)>Tabeller!N$69,Tabeller!N$69,Budsjett!AU14*(1+Tabeller!$I$76)),0)+(IF($CV14="Forsker - professor",Tabeller!N$69*N14,0)+IF($CV14="Prosjektleder/adm.leder",Tabeller!N$68*N14,0)+IF($CV14="Forsker - 1.aman.",Tabeller!N$70*N14,0)+IF($CV14="Gjesteforsker",Tabeller!N$72*N14,0)+IF($CV14="Postdoktor / forsker",Tabeller!N$73*N14,0)+IF($CV14="Stipendiat",Tabeller!N$74*N14,0)+IF($CV14="Forsker (rundsum)",Tabeller!N$71*N14,0)+IF($CV14="Vit.ass",Tabeller!N$75*N14,0))/1)) -> 0 | DC14: =-((IF($CV14="Teknisk/adm. bistand/Feltassistent",IF(Budsjett!AV14*(1+Tabeller!$I$76)>Tabeller!O$69,Tabeller!O$69,Budsjett!AV14*(1+Tabeller!$I$76)),0)+(IF($CV14="Forsker - professor",Tabeller!O$69*O14,0)+IF($CV14="Prosjektleder/adm.leder",Tabeller!O$68*O14,0)+IF($CV14="Forsker - 1.aman.",Tabeller!O$70*O14,0)+IF($CV14="Gjesteforsker",Tabeller!O$72*O14,0)+IF($CV14="Postdoktor / forsker",Tabeller!O$73*O14,0)+IF($CV14="Stipendiat",Tabeller!O$74*O14,0)+IF($CV14="Forsker (rundsum)",Tabeller!O$71*O14,0)+IF($CV14="Vit.ass",Tabeller!O$75*O14,0))/1)) -> 0 | DD14: =-((IF($CV14="Teknisk/adm. bistand/Feltassistent",IF(Budsjett!AW14*(1+Tabeller!$I$76)>Tabeller!P$69,Tabeller!P$69,Budsjett!AW14*(1+Tabeller!$I$76)),0)+(IF($CV14="Forsker - professor",Tabeller!P$69*P14,0)+IF($CV14="Prosjektleder/adm.leder",Tabeller!P$68*P14,0)+IF($CV14="Forsker - 1.aman.",Tabeller!P$70*P14,0)+IF($CV14="Gjesteforsker",Tabeller!P$72*P14,0)+IF($CV14="Postdoktor / forsker",Tabeller!P$73*P14,0)+IF($CV14="Stipendiat",Tabeller!P$74*P14,0)+IF($CV14="Forsker (rundsum)",Tabeller!P$71*P14,0)+IF($CV14="Vit.ass",Tabeller!P$75*P14,0))/1)) -> 0 | ... DI14: =-((IF($CV14="Teknisk/adm. bistand/Feltassistent",IF(Budsjett!BB14*(1+Tabeller!$I$76)>Tabeller!U$69,Tabeller!U$69,Budsjett!BB14*(1+Tabeller!$I$76)),0)+(IF($CV14="Forsker - professor",Tabeller!U$69*U14,0)+IF($CV14="Prosjektleder/adm.leder",Tabeller!U$68*U14,0)+IF($CV14="Forsker - 1.aman.",Tabeller!U$70*U14,0)+IF($CV14="Gjesteforsker",Tabeller!U$72*U14,0)+IF($CV14="Postdoktor / forsker",Tabeller!U$73*U14,0)+IF($CV14="Stipendiat",Tabeller!U$74*U14,0)+IF($CV14="Forsker (rundsum)",Tabeller!U$71*U14,0)+IF($CV14="Vit.ass",Tabeller!U$75*U14,0))/1)) -> 0 | DJ14: =SUM(CW14:DI14) -> 0 | DM14: =CV14 -> 0 | DN14: =IF($F14="NFR",CW14,0) -> 0 | DO14: =IF($F14="NFR",CX14,0) -> 0 | DP14: =IF($F14="NFR",CY14,0) -> 0 | DQ14: =IF($F14="NFR",CZ14,0) -> 0 | DR14: =IF($F14="NFR",DA14,0) -> 0 | DS14: =IF($F14="NFR",DB14,0) -> 0 | DT14: =IF($F14="NFR",DC14,0) -> 0 | DU14: =IF($F14="NFR",DD14,0) -> 0 | ... DZ14: =IF($F14="NFR",DI14,0) -> 0 | EA14: =SUM(DN14:DZ14) -> 0 | EC14: =DM14 -> 0 | ED14: =IF($F14=$ED$1,CW14,0) -> 0 | EE14: =IF($F14=$ED$1,CX14,0) -> 0 | EF14: =IF($F14=$ED$1,CY14,0) -> 0 | EG14: =IF($F14=$ED$1,CZ14,0) -> 0 | EH14: =IF($F14=$ED$1,DA14,0) -> 0 | EI14: =IF($F14=$ED$1,DB14,0) -> 0 | EJ14: =IF($F14=$ED$1,DC14,0) -> 0 | EK14: =IF($F14=$ED$1,DD14,0) -> 0 | ... EP14: =IF($F14=$ED$1,DI14,0) -> 0 | EQ14: =SUM(ED14:EP14) -> 0 | ES14: =EC14 -> 0 | ET14: =IF($F14=$ET$1,CW14,0) -> 0 | EU14: =IF($F14=$ET$1,CX14,0) -> 0 | EV14: =IF($F14=$ET$1,CY14,0) -> 0 | EW14: =IF($F14=$ET$1,CZ14,0) -> 0 | EX14: =IF($F14=$ET$1,DA14,0) -> 0 | EY14: =IF($F14=$ET$1,DB14,0) -> 0 | EZ14: =IF($F14=$ET$1,DC14,0) -> 0 | FA14: =IF($F14=$ET$1,DD14,0) -> 0 | ... FF14: =IF($F14=$ET$1,DI14,0) -> 0 | FG14: =SUM(ET14:FF14) -> 0 | FI14: =ES14 -> 0 | FJ14: =IF($F14=$FJ$1,CW14,0) -> 0 | FK14: =IF($F14=$FJ$1,CX14,0) -> 0 | FL14: =IF($F14=$FJ$1,CY14,0) -> 0 | FM14: =IF($F14=$FJ$1,CZ14,0) -> 0 | FN14: =IF($F14=$FJ$1,DA14,0) -> 0 | FO14: =IF($F14=$FJ$1,DB14,0) -> 0 | FP14: =IF($F14=$FJ$1,DC14,0) -> 0 | FQ14: =IF($F14=$FJ$1,DD14,0) -> 0 | ... FV14: =IF($F14=$FJ$1,DI14,0) -> 0 | FW14: =SUM(FJ14:FV14) -> 0 | FZ14: =FI14 -> 0 | GN14: =SUM(GA14:GM14) -> 0 | GQ14: =IF(Registrering!$B$29="Prosjekter som foregår i UiOs lokaler",IF($B14="Teknisk/adm. bistand/Feltassistent",I14*Tabeller!J$11,I14*Tabeller!J$10),IF($B14="Teknisk/adm. bistand/Feltassistent",I14*Tabeller!J$13,I14*Tabeller!J$12)) -> 0 | GR14: =IF(Registrering!$B$29="Prosjekter som foregår i UiOs lokaler",IF($B14="Teknisk/adm. bistand/Feltassistent",J14*Tabeller!K$11,J14*Tabeller!K$10),IF($B14="Teknisk/adm. bistand/Feltassistent",J14*Tabeller!K$13,J14*Tabeller!K$12)) -> 0 | GS14: =IF(Registrering!$B$29="Prosjekter som foregår i UiOs lokaler",IF($B14="Teknisk/adm. bistand/Feltassistent",K14*Tabeller!L$11,K14*Tabeller!L$10),IF($B14="Teknisk/adm. bistand/Feltassistent",K14*Tabeller!L$13,K14*Tabeller!L$12)) -> 0 | GT14: =IF(Registrering!$B$29="Prosjekter som foregår i UiOs lokaler",IF($B14="Teknisk/adm. bistand/Feltassistent",L14*Tabeller!M$11,L14*Tabeller!M$10),IF($B14="Teknisk/adm. bistand/Feltassistent",L14*Tabeller!M$13,L14*Tabeller!M$12)) -> 0 | GU14: =IF(Registrering!$B$29="Prosjekter som foregår i UiOs lokaler",IF($B14="Teknisk/adm. bistand/Feltassistent",M14*Tabeller!N$11,M14*Tabeller!N$10),IF($B14="Teknisk/adm. bistand/Feltassistent",M14*Tabeller!N$13,M14*Tabeller!N$12)) -> 0 | GV14: =IF(Registrering!$B$29="Prosjekter som foregår i UiOs lokaler",IF($B14="Teknisk/adm. bistand/Feltassistent",N14*Tabeller!O$11,N14*Tabeller!O$10),IF($B14="Teknisk/adm. bistand/Feltassistent",N14*Tabeller!O$13,N14*Tabeller!O$12)) -> 0 | GW14: =IF(Registrering!$B$29="Prosjekter som foregår i UiOs lokaler",IF($B14="Teknisk/adm. bistand/Feltassistent",O14*Tabeller!P$11,O14*Tabeller!P$10),IF($B14="Teknisk/adm. bistand/Feltassistent",O14*Tabeller!P$13,O14*Tabeller!P$12)) -> 0 | GX14: =IF(Registrering!$B$29="Prosjekter som foregår i UiOs lokaler",IF($B14="Teknisk/adm. bistand/Feltassistent",P14*Tabeller!Q$11,P14*Tabeller!Q$10),IF($B14="Teknisk/adm. bistand/Feltassistent",P14*Tabeller!Q$13,P14*Tabeller!Q$12)) -> 0 | ... HC14: =IF(Registrering!$B$29="Prosjekter som foregår i UiOs lokaler",IF($B14="Teknisk/adm. bistand/Feltassistent",U14*Tabeller!V$11,U14*Tabeller!V$10),IF($B14="Teknisk/adm. bistand/Feltassistent",U14*Tabeller!V$13,U14*Tabeller!V$12)) -> 0
C15: =IF(Registrering!$B$28="Fast beløp",0,IF(Registrering!$B$28="Sats for ekst. fin. overhead",0,DJ15)) -> 0 | D15: =SUM(AP15:BB15) -> 0 | E15: =SUM(I15:U15) -> 0 | AE15: =G15 -> 0 | AF15: =AE15*Tabeller!$I$49 -> 0 | AG15: =IF(AE15>0,(AF15-400)/52*47,0) -> 0 | AH15: =AG15*Tabeller!$H$40 -> 0 | AI15: =SUM(AG15:AH15,AJ15)*Tabeller!$H$42 -> 0 | AJ15: =AF15*Tabeller!$H$41 -> 0 | AK15: =SUM(AG15:AJ15) -> 0 | AL15: =AK15+(IF(B15="Teknisk adm bistand",Registrering!$E$51,Registrering!$B$51)) -> 0 | AM15: =AL15/Tabeller!$H$5 -> 0 | AP15: =((I15*Budsjett!$AK15)) -> 0 | AQ15: =((J15*Budsjett!$AK15)*(Tabeller!J$49)) -> 0 | AR15: =((K15*Budsjett!$AK15)*(Tabeller!K$49)) -> 0 | AS15: =((L15*Budsjett!$AK15)*(Tabeller!L$49)) -> 0 | AT15: =((M15*Budsjett!$AK15)*(Tabeller!M$49)) -> 0 | AU15: =((N15*Budsjett!$AK15)*(Tabeller!N$49)) -> 0 | AV15: =((O15*Budsjett!$AK15)*(Tabeller!O$49)) -> 0 | AW15: =((P15*Budsjett!$AK15)*(Tabeller!P$49)) -> 0 | AX15: =((Q15*Budsjett!$AK15)*(Tabeller!Q$49)) -> 0 | ... BB15: =((U15*Budsjett!$AK15)*(Tabeller!U$49)) -> 0 | BD15: =IFERROR(IF(#REF!>#REF!,BS15,GQ15),0) -> 0 | BE15: =IFERROR(IF(#REF!>#REF!,BT15,GR15),0) -> 0 | BF15: =IFERROR(IF(#REF!>#REF!,BU15,GS15),0) -> 0 | BG15: =IFERROR(IF(#REF!>#REF!,BV15,GT15),0) -> 0 | BH15: =IFERROR(IF(#REF!>#REF!,BW15,GU15),0) -> 0 | BI15: =IFERROR(IF(#REF!>#REF!,BX15,GV15),0) -> 0 | BJ15: =IFERROR(IF(#REF!>#REF!,BY15,GW15),0) -> 0 | BK15: =IFERROR(IF(#REF!>#REF!,BZ15,GX15),0) -> 0 | ... BP15: =IFERROR(IF(#REF!>#REF!,CE15,HC15),0) -> 0 | BS15: =IFERROR(IF($F$85=$M$85,AP15*#REF!,AP15*Budsjett!#REF!),0) -> 0 | BT15: =IFERROR(IF($F$85=$M$85,AQ15*#REF!,AQ15*Budsjett!#REF!),0) -> 0 | BU15: =IFERROR(IF($F$85=$M$85,AR15*#REF!,AR15*Budsjett!#REF!),0) -> 0 | BV15: =IFERROR(IF($F$85=$M$85,AS15*#REF!,AS15*Budsjett!#REF!),0) -> 0 | BW15: =IFERROR(IF($F$85=$M$85,AT15*#REF!,AT15*Budsjett!#REF!),0) -> 0 | BX15: =IFERROR(IF($F$85=$M$85,AU15*#REF!,AU15*Budsjett!#REF!),0) -> 0 | BY15: =IFERROR(IF($F$85=$M$85,AV15*#REF!,AV15*Budsjett!#REF!),0) -> 0 | BZ15: =IFERROR(IF($F$85=$M$85,AW15*#REF!,AW15*Budsjett!#REF!),0) -> 0 | ... CE15: =IFERROR(IF($F$85=$M$85,BB15*#REF!,BB15*Budsjett!#REF!),0) -> 0 | CH15: =BD15-BS15 -> 0 | CI15: =BE15-BT15 -> 0 | CJ15: =BF15-BU15 -> 0 | CK15: =BG15-BV15 -> 0 | CL15: =BH15-BW15 -> 0 | CM15: =BI15-BX15 -> 0 | CN15: =BJ15-BY15 -> 0 | CO15: =BK15-BZ15 -> 0 | ... CT15: =BP15-CE15 -> 0 | CV15: =B15 -> 0 | CW15: =-((IF($CV15="Teknisk/adm. bistand/Feltassistent",IF(Budsjett!AP15*(1+Tabeller!$I$76)>Tabeller!I$69,Tabeller!I$69,Budsjett!AP15*(1+Tabeller!$I$76)),0)+(IF($CV15="Forsker - professor",Tabeller!I$69*I15,0)+IF($CV15="Prosjektleder/adm.leder",Tabeller!I$68*I15,0)+IF($CV15="Forsker - 1.aman.",Tabeller!I$70*I15,0)+IF($CV15="Gjesteforsker",Tabeller!I$72*I15,0)+IF($CV15="Postdoktor / forsker",Tabeller!I$73*I15,0)+IF($CV15="Stipendiat",Tabeller!I$74*I15,0)+IF($CV15="Forsker (rundsum)",Tabeller!I$71*I15,0)+IF($CV15="Vit.ass",Tabeller!I$75*I15,0))/1)) -> 0 | CX15: =-((IF($CV15="Teknisk/adm. bistand/Feltassistent",IF(Budsjett!AQ15*(1+Tabeller!$I$76)>Tabeller!J$69,Tabeller!J$69,Budsjett!AQ15*(1+Tabeller!$I$76)),0)+(IF($CV15="Forsker - professor",Tabeller!J$69*J15,0)+IF($CV15="Prosjektleder/adm.leder",Tabeller!J$68*J15,0)+IF($CV15="Forsker - 1.aman.",Tabeller!J$70*J15,0)+IF($CV15="Gjesteforsker",Tabeller!J$72*J15,0)+IF($CV15="Postdoktor / forsker",Tabeller!J$73*J15,0)+IF($CV15="Stipendiat",Tabeller!J$74*J15,0)+IF($CV15="Forsker (rundsum)",Tabeller!J$71*J15,0)+IF($CV15="Vit.ass",Tabeller!J$75*J15,0))/1)) -> 0 | CY15: =-((IF($CV15="Teknisk/adm. bistand/Feltassistent",IF(Budsjett!AR15*(1+Tabeller!$I$76)>Tabeller!K$69,Tabeller!K$69,Budsjett!AR15*(1+Tabeller!$I$76)),0)+(IF($CV15="Forsker - professor",Tabeller!K$69*K15,0)+IF($CV15="Prosjektleder/adm.leder",Tabeller!K$68*K15,0)+IF($CV15="Forsker - 1.aman.",Tabeller!K$70*K15,0)+IF($CV15="Gjesteforsker",Tabeller!K$72*K15,0)+IF($CV15="Postdoktor / forsker",Tabeller!K$73*K15,0)+IF($CV15="Stipendiat",Tabeller!K$74*K15,0)+IF($CV15="Forsker (rundsum)",Tabeller!K$71*K15,0)+IF($CV15="Vit.ass",Tabeller!K$75*K15,0))/1)) -> 0 | CZ15: =-((IF($CV15="Teknisk/adm. bistand/Feltassistent",IF(Budsjett!AS15*(1+Tabeller!$I$76)>Tabeller!L$69,Tabeller!L$69,Budsjett!AS15*(1+Tabeller!$I$76)),0)+(IF($CV15="Forsker - professor",Tabeller!L$69*L15,0)+IF($CV15="Prosjektleder/adm.leder",Tabeller!L$68*L15,0)+IF($CV15="Forsker - 1.aman.",Tabeller!L$70*L15,0)+IF($CV15="Gjesteforsker",Tabeller!L$72*L15,0)+IF($CV15="Postdoktor / forsker",Tabeller!L$73*L15,0)+IF($CV15="Stipendiat",Tabeller!L$74*L15,0)+IF($CV15="Forsker (rundsum)",Tabeller!L$71*L15,0)+IF($CV15="Vit.ass",Tabeller!L$75*L15,0))/1)) -> 0 | DA15: =-((IF($CV15="Teknisk/adm. bistand/Feltassistent",IF(Budsjett!AT15*(1+Tabeller!$I$76)>Tabeller!M$69,Tabeller!M$69,Budsjett!AT15*(1+Tabeller!$I$76)),0)+(IF($CV15="Forsker - professor",Tabeller!M$69*M15,0)+IF($CV15="Prosjektleder/adm.leder",Tabeller!M$68*M15,0)+IF($CV15="Forsker - 1.aman.",Tabeller!M$70*M15,0)+IF($CV15="Gjesteforsker",Tabeller!M$72*M15,0)+IF($CV15="Postdoktor / forsker",Tabeller!M$73*M15,0)+IF($CV15="Stipendiat",Tabeller!M$74*M15,0)+IF($CV15="Forsker (rundsum)",Tabeller!M$71*M15,0)+IF($CV15="Vit.ass",Tabeller!M$75*M15,0))/1)) -> 0 | DB15: =-((IF($CV15="Teknisk/adm. bistand/Feltassistent",IF(Budsjett!AU15*(1+Tabeller!$I$76)>Tabeller!N$69,Tabeller!N$69,Budsjett!AU15*(1+Tabeller!$I$76)),0)+(IF($CV15="Forsker - professor",Tabeller!N$69*N15,0)+IF($CV15="Prosjektleder/adm.leder",Tabeller!N$68*N15,0)+IF($CV15="Forsker - 1.aman.",Tabeller!N$70*N15,0)+IF($CV15="Gjesteforsker",Tabeller!N$72*N15,0)+IF($CV15="Postdoktor / forsker",Tabeller!N$73*N15,0)+IF($CV15="Stipendiat",Tabeller!N$74*N15,0)+IF($CV15="Forsker (rundsum)",Tabeller!N$71*N15,0)+IF($CV15="Vit.ass",Tabeller!N$75*N15,0))/1)) -> 0 | DC15: =-((IF($CV15="Teknisk/adm. bistand/Feltassistent",IF(Budsjett!AV15*(1+Tabeller!$I$76)>Tabeller!O$69,Tabeller!O$69,Budsjett!AV15*(1+Tabeller!$I$76)),0)+(IF($CV15="Forsker - professor",Tabeller!O$69*O15,0)+IF($CV15="Prosjektleder/adm.leder",Tabeller!O$68*O15,0)+IF($CV15="Forsker - 1.aman.",Tabeller!O$70*O15,0)+IF($CV15="Gjesteforsker",Tabeller!O$72*O15,0)+IF($CV15="Postdoktor / forsker",Tabeller!O$73*O15,0)+IF($CV15="Stipendiat",Tabeller!O$74*O15,0)+IF($CV15="Forsker (rundsum)",Tabeller!O$71*O15,0)+IF($CV15="Vit.ass",Tabeller!O$75*O15,0))/1)) -> 0 | DD15: =-((IF($CV15="Teknisk/adm. bistand/Feltassistent",IF(Budsjett!AW15*(1+Tabeller!$I$76)>Tabeller!P$69,Tabeller!P$69,Budsjett!AW15*(1+Tabeller!$I$76)),0)+(IF($CV15="Forsker - professor",Tabeller!P$69*P15,0)+IF($CV15="Prosjektleder/adm.leder",Tabeller!P$68*P15,0)+IF($CV15="Forsker - 1.aman.",Tabeller!P$70*P15,0)+IF($CV15="Gjesteforsker",Tabeller!P$72*P15,0)+IF($CV15="Postdoktor / forsker",Tabeller!P$73*P15,0)+IF($CV15="Stipendiat",Tabeller!P$74*P15,0)+IF($CV15="Forsker (rundsum)",Tabeller!P$71*P15,0)+IF($CV15="Vit.ass",Tabeller!P$75*P15,0))/1)) -> 0 | ... DI15: =-((IF($CV15="Teknisk/adm. bistand/Feltassistent",IF(Budsjett!BB15*(1+Tabeller!$I$76)>Tabeller!U$69,Tabeller!U$69,Budsjett!BB15*(1+Tabeller!$I$76)),0)+(IF($CV15="Forsker - professor",Tabeller!U$69*U15,0)+IF($CV15="Prosjektleder/adm.leder",Tabeller!U$68*U15,0)+IF($CV15="Forsker - 1.aman.",Tabeller!U$70*U15,0)+IF($CV15="Gjesteforsker",Tabeller!U$72*U15,0)+IF($CV15="Postdoktor / forsker",Tabeller!U$73*U15,0)+IF($CV15="Stipendiat",Tabeller!U$74*U15,0)+IF($CV15="Forsker (rundsum)",Tabeller!U$71*U15,0)+IF($CV15="Vit.ass",Tabeller!U$75*U15,0))/1)) -> 0 | DJ15: =SUM(CW15:DI15) -> 0 | DM15: =CV15 -> 0 | DN15: =IF($F15="NFR",CW15,0) -> 0 | DO15: =IF($F15="NFR",CX15,0) -> 0 | DP15: =IF($F15="NFR",CY15,0) -> 0 | DQ15: =IF($F15="NFR",CZ15,0) -> 0 | DR15: =IF($F15="NFR",DA15,0) -> 0 | DS15: =IF($F15="NFR",DB15,0) -> 0 | DT15: =IF($F15="NFR",DC15,0) -> 0 | DU15: =IF($F15="NFR",DD15,0) -> 0 | ... DZ15: =IF($F15="NFR",DI15,0) -> 0 | EA15: =SUM(DN15:DZ15) -> 0 | EC15: =DM15 -> 0 | ED15: =IF($F15=$ED$1,CW15,0) -> 0 | EE15: =IF($F15=$ED$1,CX15,0) -> 0 | EF15: =IF($F15=$ED$1,CY15,0) -> 0 | EG15: =IF($F15=$ED$1,CZ15,0) -> 0 | EH15: =IF($F15=$ED$1,DA15,0) -> 0 | EI15: =IF($F15=$ED$1,DB15,0) -> 0 | EJ15: =IF($F15=$ED$1,DC15,0) -> 0 | EK15: =IF($F15=$ED$1,DD15,0) -> 0 | ... EP15: =IF($F15=$ED$1,DI15,0) -> 0 | EQ15: =SUM(ED15:EP15) -> 0 | ES15: =EC15 -> 0 | ET15: =IF($F15=$ET$1,CW15,0) -> 0 | EU15: =IF($F15=$ET$1,CX15,0) -> 0 | EV15: =IF($F15=$ET$1,CY15,0) -> 0 | EW15: =IF($F15=$ET$1,CZ15,0) -> 0 | EX15: =IF($F15=$ET$1,DA15,0) -> 0 | EY15: =IF($F15=$ET$1,DB15,0) -> 0 | EZ15: =IF($F15=$ET$1,DC15,0) -> 0 | FA15: =IF($F15=$ET$1,DD15,0) -> 0 | ... FF15: =IF($F15=$ET$1,DI15,0) -> 0 | FG15: =SUM(ET15:FF15) -> 0 | FI15: =ES15 -> 0 | FJ15: =IF($F15=$FJ$1,CW15,0) -> 0 | FK15: =IF($F15=$FJ$1,CX15,0) -> 0 | FL15: =IF($F15=$FJ$1,CY15,0) -> 0 | FM15: =IF($F15=$FJ$1,CZ15,0) -> 0 | FN15: =IF($F15=$FJ$1,DA15,0) -> 0 | FO15: =IF($F15=$FJ$1,DB15,0) -> 0 | FP15: =IF($F15=$FJ$1,DC15,0) -> 0 | FQ15: =IF($F15=$FJ$1,DD15,0) -> 0 | ... FV15: =IF($F15=$FJ$1,DI15,0) -> 0 | FW15: =SUM(FJ15:FV15) -> 0 | FZ15: =FI15 -> 0 | GN15: =SUM(GA15:GM15) -> 0 | GQ15: =IF(Registrering!$B$29="Prosjekter som foregår i UiOs lokaler",IF($B15="Teknisk/adm. bistand/Feltassistent",I15*Tabeller!J$11,I15*Tabeller!J$10),IF($B15="Teknisk/adm. bistand/Feltassistent",I15*Tabeller!J$13,I15*Tabeller!J$12)) -> 0 | GR15: =IF(Registrering!$B$29="Prosjekter som foregår i UiOs lokaler",IF($B15="Teknisk/adm. bistand/Feltassistent",J15*Tabeller!K$11,J15*Tabeller!K$10),IF($B15="Teknisk/adm. bistand/Feltassistent",J15*Tabeller!K$13,J15*Tabeller!K$12)) -> 0 | GS15: =IF(Registrering!$B$29="Prosjekter som foregår i UiOs lokaler",IF($B15="Teknisk/adm. bistand/Feltassistent",K15*Tabeller!L$11,K15*Tabeller!L$10),IF($B15="Teknisk/adm. bistand/Feltassistent",K15*Tabeller!L$13,K15*Tabeller!L$12)) -> 0 | GT15: =IF(Registrering!$B$29="Prosjekter som foregår i UiOs lokaler",IF($B15="Teknisk/adm. bistand/Feltassistent",L15*Tabeller!M$11,L15*Tabeller!M$10),IF($B15="Teknisk/adm. bistand/Feltassistent",L15*Tabeller!M$13,L15*Tabeller!M$12)) -> 0 | GU15: =IF(Registrering!$B$29="Prosjekter som foregår i UiOs lokaler",IF($B15="Teknisk/adm. bistand/Feltassistent",M15*Tabeller!N$11,M15*Tabeller!N$10),IF($B15="Teknisk/adm. bistand/Feltassistent",M15*Tabeller!N$13,M15*Tabeller!N$12)) -> 0 | GV15: =IF(Registrering!$B$29="Prosjekter som foregår i UiOs lokaler",IF($B15="Teknisk/adm. bistand/Feltassistent",N15*Tabeller!O$11,N15*Tabeller!O$10),IF($B15="Teknisk/adm. bistand/Feltassistent",N15*Tabeller!O$13,N15*Tabeller!O$12)) -> 0 | GW15: =IF(Registrering!$B$29="Prosjekter som foregår i UiOs lokaler",IF($B15="Teknisk/adm. bistand/Feltassistent",O15*Tabeller!P$11,O15*Tabeller!P$10),IF($B15="Teknisk/adm. bistand/Feltassistent",O15*Tabeller!P$13,O15*Tabeller!P$12)) -> 0 | GX15: =IF(Registrering!$B$29="Prosjekter som foregår i UiOs lokaler",IF($B15="Teknisk/adm. bistand/Feltassistent",P15*Tabeller!Q$11,P15*Tabeller!Q$10),IF($B15="Teknisk/adm. bistand/Feltassistent",P15*Tabeller!Q$13,P15*Tabeller!Q$12)) -> 0 | ... HC15: =IF(Registrering!$B$29="Prosjekter som foregår i UiOs lokaler",IF($B15="Teknisk/adm. bistand/Feltassistent",U15*Tabeller!V$11,U15*Tabeller!V$10),IF($B15="Teknisk/adm. bistand/Feltassistent",U15*Tabeller!V$13,U15*Tabeller!V$12)) -> 0
C16: =IF(Registrering!$B$28="Fast beløp",0,IF(Registrering!$B$28="Sats for ekst. fin. overhead",0,DJ16)) -> 0 | D16: =SUM(AP16:BB16) -> 0 | E16: =SUM(I16:U16) -> 0 | AE16: =G16 -> 0 | AF16: =AE16*Tabeller!$I$49 -> 0 | AG16: =IF(AE16>0,(AF16-400)/52*47,0) -> 0 | AH16: =AG16*Tabeller!$H$40 -> 0 | AI16: =SUM(AG16:AH16,AJ16)*Tabeller!$H$42 -> 0 | AJ16: =AF16*Tabeller!$H$41 -> 0 | AK16: =SUM(AG16:AJ16) -> 0 | AL16: =AK16+(IF(B16="Teknisk adm bistand",Registrering!$E$51,Registrering!$B$51)) -> 0 | AM16: =AL16/Tabeller!$H$5 -> 0 | AP16: =((I16*Budsjett!$AK16)) -> 0 | AQ16: =((J16*Budsjett!$AK16)*(Tabeller!J$49)) -> 0 | AR16: =((K16*Budsjett!$AK16)*(Tabeller!K$49)) -> 0 | AS16: =((L16*Budsjett!$AK16)*(Tabeller!L$49)) -> 0 | AT16: =((M16*Budsjett!$AK16)*(Tabeller!M$49)) -> 0 | AU16: =((N16*Budsjett!$AK16)*(Tabeller!N$49)) -> 0 | AV16: =((O16*Budsjett!$AK16)*(Tabeller!O$49)) -> 0 | AW16: =((P16*Budsjett!$AK16)*(Tabeller!P$49)) -> 0 | AX16: =((Q16*Budsjett!$AK16)*(Tabeller!Q$49)) -> 0 | ... BB16: =((U16*Budsjett!$AK16)*(Tabeller!U$49)) -> 0 | BD16: =IFERROR(IF(#REF!>#REF!,BS16,GQ16),0) -> 0 | BE16: =IFERROR(IF(#REF!>#REF!,BT16,GR16),0) -> 0 | BF16: =IFERROR(IF(#REF!>#REF!,BU16,GS16),0) -> 0 | BG16: =IFERROR(IF(#REF!>#REF!,BV16,GT16),0) -> 0 | BH16: =IFERROR(IF(#REF!>#REF!,BW16,GU16),0) -> 0 | BI16: =IFERROR(IF(#REF!>#REF!,BX16,GV16),0) -> 0 | BJ16: =IFERROR(IF(#REF!>#REF!,BY16,GW16),0) -> 0 | BK16: =IFERROR(IF(#REF!>#REF!,BZ16,GX16),0) -> 0 | ... BP16: =IFERROR(IF(#REF!>#REF!,CE16,HC16),0) -> 0 | BS16: =IFERROR(IF($F$85=$M$85,AP16*#REF!,AP16*Budsjett!#REF!),0) -> 0 | BT16: =IFERROR(IF($F$85=$M$85,AQ16*#REF!,AQ16*Budsjett!#REF!),0) -> 0 | BU16: =IFERROR(IF($F$85=$M$85,AR16*#REF!,AR16*Budsjett!#REF!),0) -> 0 | BV16: =IFERROR(IF($F$85=$M$85,AS16*#REF!,AS16*Budsjett!#REF!),0) -> 0 | BW16: =IFERROR(IF($F$85=$M$85,AT16*#REF!,AT16*Budsjett!#REF!),0) -> 0 | BX16: =IFERROR(IF($F$85=$M$85,AU16*#REF!,AU16*Budsjett!#REF!),0) -> 0 | BY16: =IFERROR(IF($F$85=$M$85,AV16*#REF!,AV16*Budsjett!#REF!),0) -> 0 | BZ16: =IFERROR(IF($F$85=$M$85,AW16*#REF!,AW16*Budsjett!#REF!),0) -> 0 | ... CE16: =IFERROR(IF($F$85=$M$85,BB16*#REF!,BB16*Budsjett!#REF!),0) -> 0 | CH16: =BD16-BS16 -> 0 | CI16: =BE16-BT16 -> 0 | CJ16: =BF16-BU16 -> 0 | CK16: =BG16-BV16 -> 0 | CL16: =BH16-BW16 -> 0 | CM16: =BI16-BX16 -> 0 | CN16: =BJ16-BY16 -> 0 | CO16: =BK16-BZ16 -> 0 | ... CT16: =BP16-CE16 -> 0 | CV16: =B16 -> 0 | CW16: =-((IF($CV16="Teknisk/adm. bistand/Feltassistent",IF(Budsjett!AP16*(1+Tabeller!$I$76)>Tabeller!I$69,Tabeller!I$69,Budsjett!AP16*(1+Tabeller!$I$76)),0)+(IF($CV16="Forsker - professor",Tabeller!I$69*I16,0)+IF($CV16="Prosjektleder/adm.leder",Tabeller!I$68*I16,0)+IF($CV16="Forsker - 1.aman.",Tabeller!I$70*I16,0)+IF($CV16="Gjesteforsker",Tabeller!I$72*I16,0)+IF($CV16="Postdoktor / forsker",Tabeller!I$73*I16,0)+IF($CV16="Stipendiat",Tabeller!I$74*I16,0)+IF($CV16="Forsker (rundsum)",Tabeller!I$71*I16,0)+IF($CV16="Vit.ass",Tabeller!I$75*I16,0))/1)) -> 0 | CX16: =-((IF($CV16="Teknisk/adm. bistand/Feltassistent",IF(Budsjett!AQ16*(1+Tabeller!$I$76)>Tabeller!J$69,Tabeller!J$69,Budsjett!AQ16*(1+Tabeller!$I$76)),0)+(IF($CV16="Forsker - professor",Tabeller!J$69*J16,0)+IF($CV16="Prosjektleder/adm.leder",Tabeller!J$68*J16,0)+IF($CV16="Forsker - 1.aman.",Tabeller!J$70*J16,0)+IF($CV16="Gjesteforsker",Tabeller!J$72*J16,0)+IF($CV16="Postdoktor / forsker",Tabeller!J$73*J16,0)+IF($CV16="Stipendiat",Tabeller!J$74*J16,0)+IF($CV16="Forsker (rundsum)",Tabeller!J$71*J16,0)+IF($CV16="Vit.ass",Tabeller!J$75*J16,0))/1)) -> 0 | CY16: =-((IF($CV16="Teknisk/adm. bistand/Feltassistent",IF(Budsjett!AR16*(1+Tabeller!$I$76)>Tabeller!K$69,Tabeller!K$69,Budsjett!AR16*(1+Tabeller!$I$76)),0)+(IF($CV16="Forsker - professor",Tabeller!K$69*K16,0)+IF($CV16="Prosjektleder/adm.leder",Tabeller!K$68*K16,0)+IF($CV16="Forsker - 1.aman.",Tabeller!K$70*K16,0)+IF($CV16="Gjesteforsker",Tabeller!K$72*K16,0)+IF($CV16="Postdoktor / forsker",Tabeller!K$73*K16,0)+IF($CV16="Stipendiat",Tabeller!K$74*K16,0)+IF($CV16="Forsker (rundsum)",Tabeller!K$71*K16,0)+IF($CV16="Vit.ass",Tabeller!K$75*K16,0))/1)) -> 0 | CZ16: =-((IF($CV16="Teknisk/adm. bistand/Feltassistent",IF(Budsjett!AS16*(1+Tabeller!$I$76)>Tabeller!L$69,Tabeller!L$69,Budsjett!AS16*(1+Tabeller!$I$76)),0)+(IF($CV16="Forsker - professor",Tabeller!L$69*L16,0)+IF($CV16="Prosjektleder/adm.leder",Tabeller!L$68*L16,0)+IF($CV16="Forsker - 1.aman.",Tabeller!L$70*L16,0)+IF($CV16="Gjesteforsker",Tabeller!L$72*L16,0)+IF($CV16="Postdoktor / forsker",Tabeller!L$73*L16,0)+IF($CV16="Stipendiat",Tabeller!L$74*L16,0)+IF($CV16="Forsker (rundsum)",Tabeller!L$71*L16,0)+IF($CV16="Vit.ass",Tabeller!L$75*L16,0))/1)) -> 0 | DA16: =-((IF($CV16="Teknisk/adm. bistand/Feltassistent",IF(Budsjett!AT16*(1+Tabeller!$I$76)>Tabeller!M$69,Tabeller!M$69,Budsjett!AT16*(1+Tabeller!$I$76)),0)+(IF($CV16="Forsker - professor",Tabeller!M$69*M16,0)+IF($CV16="Prosjektleder/adm.leder",Tabeller!M$68*M16,0)+IF($CV16="Forsker - 1.aman.",Tabeller!M$70*M16,0)+IF($CV16="Gjesteforsker",Tabeller!M$72*M16,0)+IF($CV16="Postdoktor / forsker",Tabeller!M$73*M16,0)+IF($CV16="Stipendiat",Tabeller!M$74*M16,0)+IF($CV16="Forsker (rundsum)",Tabeller!M$71*M16,0)+IF($CV16="Vit.ass",Tabeller!M$75*M16,0))/1)) -> 0 | DB16: =-((IF($CV16="Teknisk/adm. bistand/Feltassistent",IF(Budsjett!AU16*(1+Tabeller!$I$76)>Tabeller!N$69,Tabeller!N$69,Budsjett!AU16*(1+Tabeller!$I$76)),0)+(IF($CV16="Forsker - professor",Tabeller!N$69*N16,0)+IF($CV16="Prosjektleder/adm.leder",Tabeller!N$68*N16,0)+IF($CV16="Forsker - 1.aman.",Tabeller!N$70*N16,0)+IF($CV16="Gjesteforsker",Tabeller!N$72*N16,0)+IF($CV16="Postdoktor / forsker",Tabeller!N$73*N16,0)+IF($CV16="Stipendiat",Tabeller!N$74*N16,0)+IF($CV16="Forsker (rundsum)",Tabeller!N$71*N16,0)+IF($CV16="Vit.ass",Tabeller!N$75*N16,0))/1)) -> 0 | DC16: =-((IF($CV16="Teknisk/adm. bistand/Feltassistent",IF(Budsjett!AV16*(1+Tabeller!$I$76)>Tabeller!O$69,Tabeller!O$69,Budsjett!AV16*(1+Tabeller!$I$76)),0)+(IF($CV16="Forsker - professor",Tabeller!O$69*O16,0)+IF($CV16="Prosjektleder/adm.leder",Tabeller!O$68*O16,0)+IF($CV16="Forsker - 1.aman.",Tabeller!O$70*O16,0)+IF($CV16="Gjesteforsker",Tabeller!O$72*O16,0)+IF($CV16="Postdoktor / forsker",Tabeller!O$73*O16,0)+IF($CV16="Stipendiat",Tabeller!O$74*O16,0)+IF($CV16="Forsker (rundsum)",Tabeller!O$71*O16,0)+IF($CV16="Vit.ass",Tabeller!O$75*O16,0))/1)) -> 0 | DD16: =-((IF($CV16="Teknisk/adm. bistand/Feltassistent",IF(Budsjett!AW16*(1+Tabeller!$I$76)>Tabeller!P$69,Tabeller!P$69,Budsjett!AW16*(1+Tabeller!$I$76)),0)+(IF($CV16="Forsker - professor",Tabeller!P$69*P16,0)+IF($CV16="Prosjektleder/adm.leder",Tabeller!P$68*P16,0)+IF($CV16="Forsker - 1.aman.",Tabeller!P$70*P16,0)+IF($CV16="Gjesteforsker",Tabeller!P$72*P16,0)+IF($CV16="Postdoktor / forsker",Tabeller!P$73*P16,0)+IF($CV16="Stipendiat",Tabeller!P$74*P16,0)+IF($CV16="Forsker (rundsum)",Tabeller!P$71*P16,0)+IF($CV16="Vit.ass",Tabeller!P$75*P16,0))/1)) -> 0 | ... DI16: =-((IF($CV16="Teknisk/adm. bistand/Feltassistent",IF(Budsjett!BB16*(1+Tabeller!$I$76)>Tabeller!U$69,Tabeller!U$69,Budsjett!BB16*(1+Tabeller!$I$76)),0)+(IF($CV16="Forsker - professor",Tabeller!U$69*U16,0)+IF($CV16="Prosjektleder/adm.leder",Tabeller!U$68*U16,0)+IF($CV16="Forsker - 1.aman.",Tabeller!U$70*U16,0)+IF($CV16="Gjesteforsker",Tabeller!U$72*U16,0)+IF($CV16="Postdoktor / forsker",Tabeller!U$73*U16,0)+IF($CV16="Stipendiat",Tabeller!U$74*U16,0)+IF($CV16="Forsker (rundsum)",Tabeller!U$71*U16,0)+IF($CV16="Vit.ass",Tabeller!U$75*U16,0))/1)) -> 0 | DJ16: =SUM(CW16:DI16) -> 0 | DM16: =CV16 -> 0 | DN16: =IF($F16="NFR",CW16,0) -> 0 | DO16: =IF($F16="NFR",CX16,0) -> 0 | DP16: =IF($F16="NFR",CY16,0) -> 0 | DQ16: =IF($F16="NFR",CZ16,0) -> 0 | DR16: =IF($F16="NFR",DA16,0) -> 0 | DS16: =IF($F16="NFR",DB16,0) -> 0 | DT16: =IF($F16="NFR",DC16,0) -> 0 | DU16: =IF($F16="NFR",DD16,0) -> 0 | ... DZ16: =IF($F16="NFR",DI16,0) -> 0 | EA16: =SUM(DN16:DZ16) -> 0 | EC16: =DM16 -> 0 | ED16: =IF($F16=$ED$1,CW16,0) -> 0 | EE16: =IF($F16=$ED$1,CX16,0) -> 0 | EF16: =IF($F16=$ED$1,CY16,0) -> 0 | EG16: =IF($F16=$ED$1,CZ16,0) -> 0 | EH16: =IF($F16=$ED$1,DA16,0) -> 0 | EI16: =IF($F16=$ED$1,DB16,0) -> 0 | EJ16: =IF($F16=$ED$1,DC16,0) -> 0 | EK16: =IF($F16=$ED$1,DD16,0) -> 0 | ... EP16: =IF($F16=$ED$1,DI16,0) -> 0 | EQ16: =SUM(ED16:EP16) -> 0 | ES16: =EC16 -> 0 | ET16: =IF($F16=$ET$1,CW16,0) -> 0 | EU16: =IF($F16=$ET$1,CX16,0) -> 0 | EV16: =IF($F16=$ET$1,CY16,0) -> 0 | EW16: =IF($F16=$ET$1,CZ16,0) -> 0 | EX16: =IF($F16=$ET$1,DA16,0) -> 0 | EY16: =IF($F16=$ET$1,DB16,0) -> 0 | EZ16: =IF($F16=$ET$1,DC16,0) -> 0 | FA16: =IF($F16=$ET$1,DD16,0) -> 0 | ... FF16: =IF($F16=$ET$1,DI16,0) -> 0 | FG16: =SUM(ET16:FF16) -> 0 | FI16: =ES16 -> 0 | FJ16: =IF($F16=$FJ$1,CW16,0) -> 0 | FK16: =IF($F16=$FJ$1,CX16,0) -> 0 | FL16: =IF($F16=$FJ$1,CY16,0) -> 0 | FM16: =IF($F16=$FJ$1,CZ16,0) -> 0 | FN16: =IF($F16=$FJ$1,DA16,0) -> 0 | FO16: =IF($F16=$FJ$1,DB16,0) -> 0 | FP16: =IF($F16=$FJ$1,DC16,0) -> 0 | FQ16: =IF($F16=$FJ$1,DD16,0) -> 0 | ... FV16: =IF($F16=$FJ$1,DI16,0) -> 0 | FW16: =SUM(FJ16:FV16) -> 0 | FZ16: =FI16 -> 0 | GN16: =SUM(GA16:GM16) -> 0 | GQ16: =IF(Registrering!$B$29="Prosjekter som foregår i UiOs lokaler",IF($B16="Teknisk/adm. bistand/Feltassistent",I16*Tabeller!J$11,I16*Tabeller!J$10),IF($B16="Teknisk/adm. bistand/Feltassistent",I16*Tabeller!J$13,I16*Tabeller!J$12)) -> 0 | GR16: =IF(Registrering!$B$29="Prosjekter som foregår i UiOs lokaler",IF($B16="Teknisk/adm. bistand/Feltassistent",J16*Tabeller!K$11,J16*Tabeller!K$10),IF($B16="Teknisk/adm. bistand/Feltassistent",J16*Tabeller!K$13,J16*Tabeller!K$12)) -> 0 | GS16: =IF(Registrering!$B$29="Prosjekter som foregår i UiOs lokaler",IF($B16="Teknisk/adm. bistand/Feltassistent",K16*Tabeller!L$11,K16*Tabeller!L$10),IF($B16="Teknisk/adm. bistand/Feltassistent",K16*Tabeller!L$13,K16*Tabeller!L$12)) -> 0 | GT16: =IF(Registrering!$B$29="Prosjekter som foregår i UiOs lokaler",IF($B16="Teknisk/adm. bistand/Feltassistent",L16*Tabeller!M$11,L16*Tabeller!M$10),IF($B16="Teknisk/adm. bistand/Feltassistent",L16*Tabeller!M$13,L16*Tabeller!M$12)) -> 0 | GU16: =IF(Registrering!$B$29="Prosjekter som foregår i UiOs lokaler",IF($B16="Teknisk/adm. bistand/Feltassistent",M16*Tabeller!N$11,M16*Tabeller!N$10),IF($B16="Teknisk/adm. bistand/Feltassistent",M16*Tabeller!N$13,M16*Tabeller!N$12)) -> 0 | GV16: =IF(Registrering!$B$29="Prosjekter som foregår i UiOs lokaler",IF($B16="Teknisk/adm. bistand/Feltassistent",N16*Tabeller!O$11,N16*Tabeller!O$10),IF($B16="Teknisk/adm. bistand/Feltassistent",N16*Tabeller!O$13,N16*Tabeller!O$12)) -> 0 | GW16: =IF(Registrering!$B$29="Prosjekter som foregår i UiOs lokaler",IF($B16="Teknisk/adm. bistand/Feltassistent",O16*Tabeller!P$11,O16*Tabeller!P$10),IF($B16="Teknisk/adm. bistand/Feltassistent",O16*Tabeller!P$13,O16*Tabeller!P$12)) -> 0 | GX16: =IF(Registrering!$B$29="Prosjekter som foregår i UiOs lokaler",IF($B16="Teknisk/adm. bistand/Feltassistent",P16*Tabeller!Q$11,P16*Tabeller!Q$10),IF($B16="Teknisk/adm. bistand/Feltassistent",P16*Tabeller!Q$13,P16*Tabeller!Q$12)) -> 0 | ... HC16: =IF(Registrering!$B$29="Prosjekter som foregår i UiOs lokaler",IF($B16="Teknisk/adm. bistand/Feltassistent",U16*Tabeller!V$11,U16*Tabeller!V$10),IF($B16="Teknisk/adm. bistand/Feltassistent",U16*Tabeller!V$13,U16*Tabeller!V$12)) -> 0
C17: =IF(Registrering!$B$28="Fast beløp",0,IF(Registrering!$B$28="Sats for ekst. fin. overhead",0,DJ17)) -> 0 | D17: =SUM(AP17:BB17) -> 0 | E17: =SUM(I17:U17) -> 0 | AE17: =G17 -> 0 | AF17: =AE17*Tabeller!$I$49 -> 0 | AG17: =IF(AE17>0,(AF17-400)/52*47,0) -> 0 | AH17: =AG17*Tabeller!$H$40 -> 0 | AI17: =SUM(AG17:AH17,AJ17)*Tabeller!$H$42 -> 0 | AJ17: =AF17*Tabeller!$H$41 -> 0 | AK17: =SUM(AG17:AJ17) -> 0 | AL17: =AK17+(IF(B17="Teknisk adm bistand",Registrering!$E$51,Registrering!$B$51)) -> 0 | AM17: =AL17/Tabeller!$H$5 -> 0 | AP17: =((I17*Budsjett!$AK17)) -> 0 | AQ17: =((J17*Budsjett!$AK17)*(Tabeller!J$49)) -> 0 | AR17: =((K17*Budsjett!$AK17)*(Tabeller!K$49)) -> 0 | AS17: =((L17*Budsjett!$AK17)*(Tabeller!L$49)) -> 0 | AT17: =((M17*Budsjett!$AK17)*(Tabeller!M$49)) -> 0 | AU17: =((N17*Budsjett!$AK17)*(Tabeller!N$49)) -> 0 | AV17: =((O17*Budsjett!$AK17)*(Tabeller!O$49)) -> 0 | AW17: =((P17*Budsjett!$AK17)*(Tabeller!P$49)) -> 0 | AX17: =((Q17*Budsjett!$AK17)*(Tabeller!Q$49)) -> 0 | ... BB17: =((U17*Budsjett!$AK17)*(Tabeller!U$49)) -> 0 | BD17: =IFERROR(IF(#REF!>#REF!,BS17,GQ17),0) -> 0 | BE17: =IFERROR(IF(#REF!>#REF!,BT17,GR17),0) -> 0 | BF17: =IFERROR(IF(#REF!>#REF!,BU17,GS17),0) -> 0 | BG17: =IFERROR(IF(#REF!>#REF!,BV17,GT17),0) -> 0 | BH17: =IFERROR(IF(#REF!>#REF!,BW17,GU17),0) -> 0 | BI17: =IFERROR(IF(#REF!>#REF!,BX17,GV17),0) -> 0 | BJ17: =IFERROR(IF(#REF!>#REF!,BY17,GW17),0) -> 0 | BK17: =IFERROR(IF(#REF!>#REF!,BZ17,GX17),0) -> 0 | ... BP17: =IFERROR(IF(#REF!>#REF!,CE17,HC17),0) -> 0 | BS17: =IFERROR(IF($F$85=$M$85,AP17*#REF!,AP17*Budsjett!#REF!),0) -> 0 | BT17: =IFERROR(IF($F$85=$M$85,AQ17*#REF!,AQ17*Budsjett!#REF!),0) -> 0 | BU17: =IFERROR(IF($F$85=$M$85,AR17*#REF!,AR17*Budsjett!#REF!),0) -> 0 | BV17: =IFERROR(IF($F$85=$M$85,AS17*#REF!,AS17*Budsjett!#REF!),0) -> 0 | BW17: =IFERROR(IF($F$85=$M$85,AT17*#REF!,AT17*Budsjett!#REF!),0) -> 0 | BX17: =IFERROR(IF($F$85=$M$85,AU17*#REF!,AU17*Budsjett!#REF!),0) -> 0 | BY17: =IFERROR(IF($F$85=$M$85,AV17*#REF!,AV17*Budsjett!#REF!),0) -> 0 | BZ17: =IFERROR(IF($F$85=$M$85,AW17*#REF!,AW17*Budsjett!#REF!),0) -> 0 | ... CE17: =IFERROR(IF($F$85=$M$85,BB17*#REF!,BB17*Budsjett!#REF!),0) -> 0 | CH17: =BD17-BS17 -> 0 | CI17: =BE17-BT17 -> 0 | CJ17: =BF17-BU17 -> 0 | CK17: =BG17-BV17 -> 0 | CL17: =BH17-BW17 -> 0 | CM17: =BI17-BX17 -> 0 | CN17: =BJ17-BY17 -> 0 | CO17: =BK17-BZ17 -> 0 | ... CT17: =BP17-CE17 -> 0 | CV17: =B17 -> 0 | CW17: =-((IF($CV17="Teknisk/adm. bistand/Feltassistent",IF(Budsjett!AP17*(1+Tabeller!$I$76)>Tabeller!I$69,Tabeller!I$69,Budsjett!AP17*(1+Tabeller!$I$76)),0)+(IF($CV17="Forsker - professor",Tabeller!I$69*I17,0)+IF($CV17="Prosjektleder/adm.leder",Tabeller!I$68*I17,0)+IF($CV17="Forsker - 1.aman.",Tabeller!I$70*I17,0)+IF($CV17="Gjesteforsker",Tabeller!I$72*I17,0)+IF($CV17="Postdoktor / forsker",Tabeller!I$73*I17,0)+IF($CV17="Stipendiat",Tabeller!I$74*I17,0)+IF($CV17="Forsker (rundsum)",Tabeller!I$71*I17,0)+IF($CV17="Vit.ass",Tabeller!I$75*I17,0))/1)) -> 0 | CX17: =-((IF($CV17="Teknisk/adm. bistand/Feltassistent",IF(Budsjett!AQ17*(1+Tabeller!$I$76)>Tabeller!J$69,Tabeller!J$69,Budsjett!AQ17*(1+Tabeller!$I$76)),0)+(IF($CV17="Forsker - professor",Tabeller!J$69*J17,0)+IF($CV17="Prosjektleder/adm.leder",Tabeller!J$68*J17,0)+IF($CV17="Forsker - 1.aman.",Tabeller!J$70*J17,0)+IF($CV17="Gjesteforsker",Tabeller!J$72*J17,0)+IF($CV17="Postdoktor / forsker",Tabeller!J$73*J17,0)+IF($CV17="Stipendiat",Tabeller!J$74*J17,0)+IF($CV17="Forsker (rundsum)",Tabeller!J$71*J17,0)+IF($CV17="Vit.ass",Tabeller!J$75*J17,0))/1)) -> 0 | CY17: =-((IF($CV17="Teknisk/adm. bistand/Feltassistent",IF(Budsjett!AR17*(1+Tabeller!$I$76)>Tabeller!K$69,Tabeller!K$69,Budsjett!AR17*(1+Tabeller!$I$76)),0)+(IF($CV17="Forsker - professor",Tabeller!K$69*K17,0)+IF($CV17="Prosjektleder/adm.leder",Tabeller!K$68*K17,0)+IF($CV17="Forsker - 1.aman.",Tabeller!K$70*K17,0)+IF($CV17="Gjesteforsker",Tabeller!K$72*K17,0)+IF($CV17="Postdoktor / forsker",Tabeller!K$73*K17,0)+IF($CV17="Stipendiat",Tabeller!K$74*K17,0)+IF($CV17="Forsker (rundsum)",Tabeller!K$71*K17,0)+IF($CV17="Vit.ass",Tabeller!K$75*K17,0))/1)) -> 0 | CZ17: =-((IF($CV17="Teknisk/adm. bistand/Feltassistent",IF(Budsjett!AS17*(1+Tabeller!$I$76)>Tabeller!L$69,Tabeller!L$69,Budsjett!AS17*(1+Tabeller!$I$76)),0)+(IF($CV17="Forsker - professor",Tabeller!L$69*L17,0)+IF($CV17="Prosjektleder/adm.leder",Tabeller!L$68*L17,0)+IF($CV17="Forsker - 1.aman.",Tabeller!L$70*L17,0)+IF($CV17="Gjesteforsker",Tabeller!L$72*L17,0)+IF($CV17="Postdoktor / forsker",Tabeller!L$73*L17,0)+IF($CV17="Stipendiat",Tabeller!L$74*L17,0)+IF($CV17="Forsker (rundsum)",Tabeller!L$71*L17,0)+IF($CV17="Vit.ass",Tabeller!L$75*L17,0))/1)) -> 0 | DA17: =-((IF($CV17="Teknisk/adm. bistand/Feltassistent",IF(Budsjett!AT17*(1+Tabeller!$I$76)>Tabeller!M$69,Tabeller!M$69,Budsjett!AT17*(1+Tabeller!$I$76)),0)+(IF($CV17="Forsker - professor",Tabeller!M$69*M17,0)+IF($CV17="Prosjektleder/adm.leder",Tabeller!M$68*M17,0)+IF($CV17="Forsker - 1.aman.",Tabeller!M$70*M17,0)+IF($CV17="Gjesteforsker",Tabeller!M$72*M17,0)+IF($CV17="Postdoktor / forsker",Tabeller!M$73*M17,0)+IF($CV17="Stipendiat",Tabeller!M$74*M17,0)+IF($CV17="Forsker (rundsum)",Tabeller!M$71*M17,0)+IF($CV17="Vit.ass",Tabeller!M$75*M17,0))/1)) -> 0 | DB17: =-((IF($CV17="Teknisk/adm. bistand/Feltassistent",IF(Budsjett!AU17*(1+Tabeller!$I$76)>Tabeller!N$69,Tabeller!N$69,Budsjett!AU17*(1+Tabeller!$I$76)),0)+(IF($CV17="Forsker - professor",Tabeller!N$69*N17,0)+IF($CV17="Prosjektleder/adm.leder",Tabeller!N$68*N17,0)+IF($CV17="Forsker - 1.aman.",Tabeller!N$70*N17,0)+IF($CV17="Gjesteforsker",Tabeller!N$72*N17,0)+IF($CV17="Postdoktor / forsker",Tabeller!N$73*N17,0)+IF($CV17="Stipendiat",Tabeller!N$74*N17,0)+IF($CV17="Forsker (rundsum)",Tabeller!N$71*N17,0)+IF($CV17="Vit.ass",Tabeller!N$75*N17,0))/1)) -> 0 | DC17: =-((IF($CV17="Teknisk/adm. bistand/Feltassistent",IF(Budsjett!AV17*(1+Tabeller!$I$76)>Tabeller!O$69,Tabeller!O$69,Budsjett!AV17*(1+Tabeller!$I$76)),0)+(IF($CV17="Forsker - professor",Tabeller!O$69*O17,0)+IF($CV17="Prosjektleder/adm.leder",Tabeller!O$68*O17,0)+IF($CV17="Forsker - 1.aman.",Tabeller!O$70*O17,0)+IF($CV17="Gjesteforsker",Tabeller!O$72*O17,0)+IF($CV17="Postdoktor / forsker",Tabeller!O$73*O17,0)+IF($CV17="Stipendiat",Tabeller!O$74*O17,0)+IF($CV17="Forsker (rundsum)",Tabeller!O$71*O17,0)+IF($CV17="Vit.ass",Tabeller!O$75*O17,0))/1)) -> 0 | DD17: =-((IF($CV17="Teknisk/adm. bistand/Feltassistent",IF(Budsjett!AW17*(1+Tabeller!$I$76)>Tabeller!P$69,Tabeller!P$69,Budsjett!AW17*(1+Tabeller!$I$76)),0)+(IF($CV17="Forsker - professor",Tabeller!P$69*P17,0)+IF($CV17="Prosjektleder/adm.leder",Tabeller!P$68*P17,0)+IF($CV17="Forsker - 1.aman.",Tabeller!P$70*P17,0)+IF($CV17="Gjesteforsker",Tabeller!P$72*P17,0)+IF($CV17="Postdoktor / forsker",Tabeller!P$73*P17,0)+IF($CV17="Stipendiat",Tabeller!P$74*P17,0)+IF($CV17="Forsker (rundsum)",Tabeller!P$71*P17,0)+IF($CV17="Vit.ass",Tabeller!P$75*P17,0))/1)) -> 0 | ... DI17: =-((IF($CV17="Teknisk/adm. bistand/Feltassistent",IF(Budsjett!BB17*(1+Tabeller!$I$76)>Tabeller!U$69,Tabeller!U$69,Budsjett!BB17*(1+Tabeller!$I$76)),0)+(IF($CV17="Forsker - professor",Tabeller!U$69*U17,0)+IF($CV17="Prosjektleder/adm.leder",Tabeller!U$68*U17,0)+IF($CV17="Forsker - 1.aman.",Tabeller!U$70*U17,0)+IF($CV17="Gjesteforsker",Tabeller!U$72*U17,0)+IF($CV17="Postdoktor / forsker",Tabeller!U$73*U17,0)+IF($CV17="Stipendiat",Tabeller!U$74*U17,0)+IF($CV17="Forsker (rundsum)",Tabeller!U$71*U17,0)+IF($CV17="Vit.ass",Tabeller!U$75*U17,0))/1)) -> 0 | DJ17: =SUM(CW17:DI17) -> 0 | DM17: =CV17 -> 0 | DN17: =IF($F17="NFR",CW17,0) -> 0 | DO17: =IF($F17="NFR",CX17,0) -> 0 | DP17: =IF($F17="NFR",CY17,0) -> 0 | DQ17: =IF($F17="NFR",CZ17,0) -> 0 | DR17: =IF($F17="NFR",DA17,0) -> 0 | DS17: =IF($F17="NFR",DB17,0) -> 0 | DT17: =IF($F17="NFR",DC17,0) -> 0 | DU17: =IF($F17="NFR",DD17,0) -> 0 | ... DZ17: =IF($F17="NFR",DI17,0) -> 0 | EA17: =SUM(DN17:DZ17) -> 0 | EC17: =DM17 -> 0 | ED17: =IF($F17=$ED$1,CW17,0) -> 0 | EE17: =IF($F17=$ED$1,CX17,0) -> 0 | EF17: =IF($F17=$ED$1,CY17,0) -> 0 | EG17: =IF($F17=$ED$1,CZ17,0) -> 0 | EH17: =IF($F17=$ED$1,DA17,0) -> 0 | EI17: =IF($F17=$ED$1,DB17,0) -> 0 | EJ17: =IF($F17=$ED$1,DC17,0) -> 0 | EK17: =IF($F17=$ED$1,DD17,0) -> 0 | ... EP17: =IF($F17=$ED$1,DI17,0) -> 0 | EQ17: =SUM(ED17:EP17) -> 0 | ES17: =EC17 -> 0 | ET17: =IF($F17=$ET$1,CW17,0) -> 0 | EU17: =IF($F17=$ET$1,CX17,0) -> 0 | EV17: =IF($F17=$ET$1,CY17,0) -> 0 | EW17: =IF($F17=$ET$1,CZ17,0) -> 0 | EX17: =IF($F17=$ET$1,DA17,0) -> 0 | EY17: =IF($F17=$ET$1,DB17,0) -> 0 | EZ17: =IF($F17=$ET$1,DC17,0) -> 0 | FA17: =IF($F17=$ET$1,DD17,0) -> 0 | ... FF17: =IF($F17=$ET$1,DI17,0) -> 0 | FG17: =SUM(ET17:FF17) -> 0 | FI17: =ES17 -> 0 | FJ17: =IF($F17=$FJ$1,CW17,0) -> 0 | FK17: =IF($F17=$FJ$1,CX17,0) -> 0 | FL17: =IF($F17=$FJ$1,CY17,0) -> 0 | FM17: =IF($F17=$FJ$1,CZ17,0) -> 0 | FN17: =IF($F17=$FJ$1,DA17,0) -> 0 | FO17: =IF($F17=$FJ$1,DB17,0) -> 0 | FP17: =IF($F17=$FJ$1,DC17,0) -> 0 | FQ17: =IF($F17=$FJ$1,DD17,0) -> 0 | ... FV17: =IF($F17=$FJ$1,DI17,0) -> 0 | FW17: =SUM(FJ17:FV17) -> 0 | FZ17: =FI17 -> 0 | GN17: =SUM(GA17:GM17) -> 0 | GQ17: =IF(Registrering!$B$29="Prosjekter som foregår i UiOs lokaler",IF($B17="Teknisk/adm. bistand/Feltassistent",I17*Tabeller!J$11,I17*Tabeller!J$10),IF($B17="Teknisk/adm. bistand/Feltassistent",I17*Tabeller!J$13,I17*Tabeller!J$12)) -> 0 | GR17: =IF(Registrering!$B$29="Prosjekter som foregår i UiOs lokaler",IF($B17="Teknisk/adm. bistand/Feltassistent",J17*Tabeller!K$11,J17*Tabeller!K$10),IF($B17="Teknisk/adm. bistand/Feltassistent",J17*Tabeller!K$13,J17*Tabeller!K$12)) -> 0 | GS17: =IF(Registrering!$B$29="Prosjekter som foregår i UiOs lokaler",IF($B17="Teknisk/adm. bistand/Feltassistent",K17*Tabeller!L$11,K17*Tabeller!L$10),IF($B17="Teknisk/adm. bistand/Feltassistent",K17*Tabeller!L$13,K17*Tabeller!L$12)) -> 0 | GT17: =IF(Registrering!$B$29="Prosjekter som foregår i UiOs lokaler",IF($B17="Teknisk/adm. bistand/Feltassistent",L17*Tabeller!M$11,L17*Tabeller!M$10),IF($B17="Teknisk/adm. bistand/Feltassistent",L17*Tabeller!M$13,L17*Tabeller!M$12)) -> 0 | GU17: =IF(Registrering!$B$29="Prosjekter som foregår i UiOs lokaler",IF($B17="Teknisk/adm. bistand/Feltassistent",M17*Tabeller!N$11,M17*Tabeller!N$10),IF($B17="Teknisk/adm. bistand/Feltassistent",M17*Tabeller!N$13,M17*Tabeller!N$12)) -> 0 | GV17: =IF(Registrering!$B$29="Prosjekter som foregår i UiOs lokaler",IF($B17="Teknisk/adm. bistand/Feltassistent",N17*Tabeller!O$11,N17*Tabeller!O$10),IF($B17="Teknisk/adm. bistand/Feltassistent",N17*Tabeller!O$13,N17*Tabeller!O$12)) -> 0 | GW17: =IF(Registrering!$B$29="Prosjekter som foregår i UiOs lokaler",IF($B17="Teknisk/adm. bistand/Feltassistent",O17*Tabeller!P$11,O17*Tabeller!P$10),IF($B17="Teknisk/adm. bistand/Feltassistent",O17*Tabeller!P$13,O17*Tabeller!P$12)) -> 0 | GX17: =IF(Registrering!$B$29="Prosjekter som foregår i UiOs lokaler",IF($B17="Teknisk/adm. bistand/Feltassistent",P17*Tabeller!Q$11,P17*Tabeller!Q$10),IF($B17="Teknisk/adm. bistand/Feltassistent",P17*Tabeller!Q$13,P17*Tabeller!Q$12)) -> 0 | ... HC17: =IF(Registrering!$B$29="Prosjekter som foregår i UiOs lokaler",IF($B17="Teknisk/adm. bistand/Feltassistent",U17*Tabeller!V$11,U17*Tabeller!V$10),IF($B17="Teknisk/adm. bistand/Feltassistent",U17*Tabeller!V$13,U17*Tabeller!V$12)) -> 0
C18: =IF(Registrering!$B$28="Fast beløp",0,IF(Registrering!$B$28="Sats for ekst. fin. overhead",0,DJ18)) -> 0 | D18: =SUM(AP18:BB18) -> 0 | E18: =SUM(I18:U18) -> 0 | AE18: =G18 -> 0 | AF18: =AE18*Tabeller!$I$49 -> 0 | AG18: =IF(AE18>0,(AF18-400)/52*47,0) -> 0 | AH18: =AG18*Tabeller!$H$40 -> 0 | AI18: =SUM(AG18:AH18,AJ18)*Tabeller!$H$42 -> 0 | AJ18: =AF18*Tabeller!$H$41 -> 0 | AK18: =SUM(AG18:AJ18) -> 0 | AL18: =AK18+(IF(B18="Teknisk adm bistand",Registrering!$E$51,Registrering!$B$51)) -> 0 | AM18: =AL18/Tabeller!$H$5 -> 0 | AP18: =((I18*Budsjett!$AK18)) -> 0 | AQ18: =((J18*Budsjett!$AK18)*(Tabeller!J$49)) -> 0 | AR18: =((K18*Budsjett!$AK18)*(Tabeller!K$49)) -> 0 | AS18: =((L18*Budsjett!$AK18)*(Tabeller!L$49)) -> 0 | AT18: =((M18*Budsjett!$AK18)*(Tabeller!M$49)) -> 0 | AU18: =((N18*Budsjett!$AK18)*(Tabeller!N$49)) -> 0 | AV18: =((O18*Budsjett!$AK18)*(Tabeller!O$49)) -> 0 | AW18: =((P18*Budsjett!$AK18)*(Tabeller!P$49)) -> 0 | AX18: =((Q18*Budsjett!$AK18)*(Tabeller!Q$49)) -> 0 | ... BB18: =((U18*Budsjett!$AK18)*(Tabeller!U$49)) -> 0 | BD18: =IFERROR(IF(#REF!>#REF!,BS18,GQ18),0) -> 0 | BE18: =IFERROR(IF(#REF!>#REF!,BT18,GR18),0) -> 0 | BF18: =IFERROR(IF(#REF!>#REF!,BU18,GS18),0) -> 0 | BG18: =IFERROR(IF(#REF!>#REF!,BV18,GT18),0) -> 0 | BH18: =IFERROR(IF(#REF!>#REF!,BW18,GU18),0) -> 0 | BI18: =IFERROR(IF(#REF!>#REF!,BX18,GV18),0) -> 0 | BJ18: =IFERROR(IF(#REF!>#REF!,BY18,GW18),0) -> 0 | BK18: =IFERROR(IF(#REF!>#REF!,BZ18,GX18),0) -> 0 | ... BP18: =IFERROR(IF(#REF!>#REF!,CE18,HC18),0) -> 0 | BS18: =IFERROR(IF($F$85=$M$85,AP18*#REF!,AP18*Budsjett!#REF!),0) -> 0 | BT18: =IFERROR(IF($F$85=$M$85,AQ18*#REF!,AQ18*Budsjett!#REF!),0) -> 0 | BU18: =IFERROR(IF($F$85=$M$85,AR18*#REF!,AR18*Budsjett!#REF!),0) -> 0 | BV18: =IFERROR(IF($F$85=$M$85,AS18*#REF!,AS18*Budsjett!#REF!),0) -> 0 | BW18: =IFERROR(IF($F$85=$M$85,AT18*#REF!,AT18*Budsjett!#REF!),0) -> 0 | BX18: =IFERROR(IF($F$85=$M$85,AU18*#REF!,AU18*Budsjett!#REF!),0) -> 0 | BY18: =IFERROR(IF($F$85=$M$85,AV18*#REF!,AV18*Budsjett!#REF!),0) -> 0 | BZ18: =IFERROR(IF($F$85=$M$85,AW18*#REF!,AW18*Budsjett!#REF!),0) -> 0 | ... CE18: =IFERROR(IF($F$85=$M$85,BB18*#REF!,BB18*Budsjett!#REF!),0) -> 0 | CH18: =BD18-BS18 -> 0 | CI18: =BE18-BT18 -> 0 | CJ18: =BF18-BU18 -> 0 | CK18: =BG18-BV18 -> 0 | CL18: =BH18-BW18 -> 0 | CM18: =BI18-BX18 -> 0 | CN18: =BJ18-BY18 -> 0 | CO18: =BK18-BZ18 -> 0 | ... CT18: =BP18-CE18 -> 0 | CV18: =B18 -> 0 | CW18: =-((IF($CV18="Teknisk/adm. bistand/Feltassistent",IF(Budsjett!AP18*(1+Tabeller!$I$76)>Tabeller!I$69,Tabeller!I$69,Budsjett!AP18*(1+Tabeller!$I$76)),0)+(IF($CV18="Forsker - professor",Tabeller!I$69*I18,0)+IF($CV18="Prosjektleder/adm.leder",Tabeller!I$68*I18,0)+IF($CV18="Forsker - 1.aman.",Tabeller!I$70*I18,0)+IF($CV18="Gjesteforsker",Tabeller!I$72*I18,0)+IF($CV18="Postdoktor / forsker",Tabeller!I$73*I18,0)+IF($CV18="Stipendiat",Tabeller!I$74*I18,0)+IF($CV18="Forsker (rundsum)",Tabeller!I$71*I18,0)+IF($CV18="Vit.ass",Tabeller!I$75*I18,0))/1)) -> 0 | CX18: =-((IF($CV18="Teknisk/adm. bistand/Feltassistent",IF(Budsjett!AQ18*(1+Tabeller!$I$76)>Tabeller!J$69,Tabeller!J$69,Budsjett!AQ18*(1+Tabeller!$I$76)),0)+(IF($CV18="Forsker - professor",Tabeller!J$69*J18,0)+IF($CV18="Prosjektleder/adm.leder",Tabeller!J$68*J18,0)+IF($CV18="Forsker - 1.aman.",Tabeller!J$70*J18,0)+IF($CV18="Gjesteforsker",Tabeller!J$72*J18,0)+IF($CV18="Postdoktor / forsker",Tabeller!J$73*J18,0)+IF($CV18="Stipendiat",Tabeller!J$74*J18,0)+IF($CV18="Forsker (rundsum)",Tabeller!J$71*J18,0)+IF($CV18="Vit.ass",Tabeller!J$75*J18,0))/1)) -> 0 | CY18: =-((IF($CV18="Teknisk/adm. bistand/Feltassistent",IF(Budsjett!AR18*(1+Tabeller!$I$76)>Tabeller!K$69,Tabeller!K$69,Budsjett!AR18*(1+Tabeller!$I$76)),0)+(IF($CV18="Forsker - professor",Tabeller!K$69*K18,0)+IF($CV18="Prosjektleder/adm.leder",Tabeller!K$68*K18,0)+IF($CV18="Forsker - 1.aman.",Tabeller!K$70*K18,0)+IF($CV18="Gjesteforsker",Tabeller!K$72*K18,0)+IF($CV18="Postdoktor / forsker",Tabeller!K$73*K18,0)+IF($CV18="Stipendiat",Tabeller!K$74*K18,0)+IF($CV18="Forsker (rundsum)",Tabeller!K$71*K18,0)+IF($CV18="Vit.ass",Tabeller!K$75*K18,0))/1)) -> 0 | CZ18: =-((IF($CV18="Teknisk/adm. bistand/Feltassistent",IF(Budsjett!AS18*(1+Tabeller!$I$76)>Tabeller!L$69,Tabeller!L$69,Budsjett!AS18*(1+Tabeller!$I$76)),0)+(IF($CV18="Forsker - professor",Tabeller!L$69*L18,0)+IF($CV18="Prosjektleder/adm.leder",Tabeller!L$68*L18,0)+IF($CV18="Forsker - 1.aman.",Tabeller!L$70*L18,0)+IF($CV18="Gjesteforsker",Tabeller!L$72*L18,0)+IF($CV18="Postdoktor / forsker",Tabeller!L$73*L18,0)+IF($CV18="Stipendiat",Tabeller!L$74*L18,0)+IF($CV18="Forsker (rundsum)",Tabeller!L$71*L18,0)+IF($CV18="Vit.ass",Tabeller!L$75*L18,0))/1)) -> 0 | DA18: =-((IF($CV18="Teknisk/adm. bistand/Feltassistent",IF(Budsjett!AT18*(1+Tabeller!$I$76)>Tabeller!M$69,Tabeller!M$69,Budsjett!AT18*(1+Tabeller!$I$76)),0)+(IF($CV18="Forsker - professor",Tabeller!M$69*M18,0)+IF($CV18="Prosjektleder/adm.leder",Tabeller!M$68*M18,0)+IF($CV18="Forsker - 1.aman.",Tabeller!M$70*M18,0)+IF($CV18="Gjesteforsker",Tabeller!M$72*M18,0)+IF($CV18="Postdoktor / forsker",Tabeller!M$73*M18,0)+IF($CV18="Stipendiat",Tabeller!M$74*M18,0)+IF($CV18="Forsker (rundsum)",Tabeller!M$71*M18,0)+IF($CV18="Vit.ass",Tabeller!M$75*M18,0))/1)) -> 0 | DB18: =-((IF($CV18="Teknisk/adm. bistand/Feltassistent",IF(Budsjett!AU18*(1+Tabeller!$I$76)>Tabeller!N$69,Tabeller!N$69,Budsjett!AU18*(1+Tabeller!$I$76)),0)+(IF($CV18="Forsker - professor",Tabeller!N$69*N18,0)+IF($CV18="Prosjektleder/adm.leder",Tabeller!N$68*N18,0)+IF($CV18="Forsker - 1.aman.",Tabeller!N$70*N18,0)+IF($CV18="Gjesteforsker",Tabeller!N$72*N18,0)+IF($CV18="Postdoktor / forsker",Tabeller!N$73*N18,0)+IF($CV18="Stipendiat",Tabeller!N$74*N18,0)+IF($CV18="Forsker (rundsum)",Tabeller!N$71*N18,0)+IF($CV18="Vit.ass",Tabeller!N$75*N18,0))/1)) -> 0 | DC18: =-((IF($CV18="Teknisk/adm. bistand/Feltassistent",IF(Budsjett!AV18*(1+Tabeller!$I$76)>Tabeller!O$69,Tabeller!O$69,Budsjett!AV18*(1+Tabeller!$I$76)),0)+(IF($CV18="Forsker - professor",Tabeller!O$69*O18,0)+IF($CV18="Prosjektleder/adm.leder",Tabeller!O$68*O18,0)+IF($CV18="Forsker - 1.aman.",Tabeller!O$70*O18,0)+IF($CV18="Gjesteforsker",Tabeller!O$72*O18,0)+IF($CV18="Postdoktor / forsker",Tabeller!O$73*O18,0)+IF($CV18="Stipendiat",Tabeller!O$74*O18,0)+IF($CV18="Forsker (rundsum)",Tabeller!O$71*O18,0)+IF($CV18="Vit.ass",Tabeller!O$75*O18,0))/1)) -> 0 | DD18: =-((IF($CV18="Teknisk/adm. bistand/Feltassistent",IF(Budsjett!AW18*(1+Tabeller!$I$76)>Tabeller!P$69,Tabeller!P$69,Budsjett!AW18*(1+Tabeller!$I$76)),0)+(IF($CV18="Forsker - professor",Tabeller!P$69*P18,0)+IF($CV18="Prosjektleder/adm.leder",Tabeller!P$68*P18,0)+IF($CV18="Forsker - 1.aman.",Tabeller!P$70*P18,0)+IF($CV18="Gjesteforsker",Tabeller!P$72*P18,0)+IF($CV18="Postdoktor / forsker",Tabeller!P$73*P18,0)+IF($CV18="Stipendiat",Tabeller!P$74*P18,0)+IF($CV18="Forsker (rundsum)",Tabeller!P$71*P18,0)+IF($CV18="Vit.ass",Tabeller!P$75*P18,0))/1)) -> 0 | ... DI18: =-((IF($CV18="Teknisk/adm. bistand/Feltassistent",IF(Budsjett!BB18*(1+Tabeller!$I$76)>Tabeller!U$69,Tabeller!U$69,Budsjett!BB18*(1+Tabeller!$I$76)),0)+(IF($CV18="Forsker - professor",Tabeller!U$69*U18,0)+IF($CV18="Prosjektleder/adm.leder",Tabeller!U$68*U18,0)+IF($CV18="Forsker - 1.aman.",Tabeller!U$70*U18,0)+IF($CV18="Gjesteforsker",Tabeller!U$72*U18,0)+IF($CV18="Postdoktor / forsker",Tabeller!U$73*U18,0)+IF($CV18="Stipendiat",Tabeller!U$74*U18,0)+IF($CV18="Forsker (rundsum)",Tabeller!U$71*U18,0)+IF($CV18="Vit.ass",Tabeller!U$75*U18,0))/1)) -> 0 | DJ18: =SUM(CW18:DI18) -> 0 | DM18: =CV18 -> 0 | DN18: =IF($F18="NFR",CW18,0) -> 0 | DO18: =IF($F18="NFR",CX18,0) -> 0 | DP18: =IF($F18="NFR",CY18,0) -> 0 | DQ18: =IF($F18="NFR",CZ18,0) -> 0 | DR18: =IF($F18="NFR",DA18,0) -> 0 | DS18: =IF($F18="NFR",DB18,0) -> 0 | DT18: =IF($F18="NFR",DC18,0) -> 0 | DU18: =IF($F18="NFR",DD18,0) -> 0 | ... DZ18: =IF($F18="NFR",DI18,0) -> 0 | EA18: =SUM(DN18:DZ18) -> 0 | EC18: =DM18 -> 0 | ED18: =IF($F18=$ED$1,CW18,0) -> 0 | EE18: =IF($F18=$ED$1,CX18,0) -> 0 | EF18: =IF($F18=$ED$1,CY18,0) -> 0 | EG18: =IF($F18=$ED$1,CZ18,0) -> 0 | EH18: =IF($F18=$ED$1,DA18,0) -> 0 | EI18: =IF($F18=$ED$1,DB18,0) -> 0 | EJ18: =IF($F18=$ED$1,DC18,0) -> 0 | EK18: =IF($F18=$ED$1,DD18,0) -> 0 | ... EP18: =IF($F18=$ED$1,DI18,0) -> 0 | EQ18: =SUM(ED18:EP18) -> 0 | ES18: =EC18 -> 0 | ET18: =IF($F18=$ET$1,CW18,0) -> 0 | EU18: =IF($F18=$ET$1,CX18,0) -> 0 | EV18: =IF($F18=$ET$1,CY18,0) -> 0 | EW18: =IF($F18=$ET$1,CZ18,0) -> 0 | EX18: =IF($F18=$ET$1,DA18,0) -> 0 | EY18: =IF($F18=$ET$1,DB18,0) -> 0 | EZ18: =IF($F18=$ET$1,DC18,0) -> 0 | FA18: =IF($F18=$ET$1,DD18,0) -> 0 | ... FF18: =IF($F18=$ET$1,DI18,0) -> 0 | FG18: =SUM(ET18:FF18) -> 0 | FI18: =ES18 -> 0 | FJ18: =IF($F18=$FJ$1,CW18,0) -> 0 | FK18: =IF($F18=$FJ$1,CX18,0) -> 0 | FL18: =IF($F18=$FJ$1,CY18,0) -> 0 | FM18: =IF($F18=$FJ$1,CZ18,0) -> 0 | FN18: =IF($F18=$FJ$1,DA18,0) -> 0 | FO18: =IF($F18=$FJ$1,DB18,0) -> 0 | FP18: =IF($F18=$FJ$1,DC18,0) -> 0 | FQ18: =IF($F18=$FJ$1,DD18,0) -> 0 | ... FV18: =IF($F18=$FJ$1,DI18,0) -> 0 | FW18: =SUM(FJ18:FV18) -> 0 | FZ18: =FI18 -> 0 | GN18: =SUM(GA18:GM18) -> 0 | GQ18: =IF(Registrering!$B$29="Prosjekter som foregår i UiOs lokaler",IF($B18="Teknisk/adm. bistand/Feltassistent",I18*Tabeller!J$11,I18*Tabeller!J$10),IF($B18="Teknisk/adm. bistand/Feltassistent",I18*Tabeller!J$13,I18*Tabeller!J$12)) -> 0 | GR18: =IF(Registrering!$B$29="Prosjekter som foregår i UiOs lokaler",IF($B18="Teknisk/adm. bistand/Feltassistent",J18*Tabeller!K$11,J18*Tabeller!K$10),IF($B18="Teknisk/adm. bistand/Feltassistent",J18*Tabeller!K$13,J18*Tabeller!K$12)) -> 0 | GS18: =IF(Registrering!$B$29="Prosjekter som foregår i UiOs lokaler",IF($B18="Teknisk/adm. bistand/Feltassistent",K18*Tabeller!L$11,K18*Tabeller!L$10),IF($B18="Teknisk/adm. bistand/Feltassistent",K18*Tabeller!L$13,K18*Tabeller!L$12)) -> 0 | GT18: =IF(Registrering!$B$29="Prosjekter som foregår i UiOs lokaler",IF($B18="Teknisk/adm. bistand/Feltassistent",L18*Tabeller!M$11,L18*Tabeller!M$10),IF($B18="Teknisk/adm. bistand/Feltassistent",L18*Tabeller!M$13,L18*Tabeller!M$12)) -> 0 | GU18: =IF(Registrering!$B$29="Prosjekter som foregår i UiOs lokaler",IF($B18="Teknisk/adm. bistand/Feltassistent",M18*Tabeller!N$11,M18*Tabeller!N$10),IF($B18="Teknisk/adm. bistand/Feltassistent",M18*Tabeller!N$13,M18*Tabeller!N$12)) -> 0 | GV18: =IF(Registrering!$B$29="Prosjekter som foregår i UiOs lokaler",IF($B18="Teknisk/adm. bistand/Feltassistent",N18*Tabeller!O$11,N18*Tabeller!O$10),IF($B18="Teknisk/adm. bistand/Feltassistent",N18*Tabeller!O$13,N18*Tabeller!O$12)) -> 0 | GW18: =IF(Registrering!$B$29="Prosjekter som foregår i UiOs lokaler",IF($B18="Teknisk/adm. bistand/Feltassistent",O18*Tabeller!P$11,O18*Tabeller!P$10),IF($B18="Teknisk/adm. bistand/Feltassistent",O18*Tabeller!P$13,O18*Tabeller!P$12)) -> 0 | GX18: =IF(Registrering!$B$29="Prosjekter som foregår i UiOs lokaler",IF($B18="Teknisk/adm. bistand/Feltassistent",P18*Tabeller!Q$11,P18*Tabeller!Q$10),IF($B18="Teknisk/adm. bistand/Feltassistent",P18*Tabeller!Q$13,P18*Tabeller!Q$12)) -> 0 | ... HC18: =IF(Registrering!$B$29="Prosjekter som foregår i UiOs lokaler",IF($B18="Teknisk/adm. bistand/Feltassistent",U18*Tabeller!V$11,U18*Tabeller!V$10),IF($B18="Teknisk/adm. bistand/Feltassistent",U18*Tabeller!V$13,U18*Tabeller!V$12)) -> 0
B19: Sum frikjøp art 5892 | C19: =SUM(C13:C18) -> 0 | D19: =SUM(D13:D18) -> 0 | E19: =SUM(E13:E18) -> 0 | I19: =SUM(I13:I18) -> 0 | J19: =SUM(J13:J18) -> 0 | K19: =SUM(K13:K18) -> 0 | L19: =SUM(L13:L18) -> 0 | M19: =SUM(M13:M18) -> 0 | N19: =SUM(N13:N18) -> 0 | O19: =SUM(O13:O18) -> 0 | P19: =SUM(P13:P18) -> 0 | ... U19: =SUM(U13:U18) -> 0 | AP19: =SUM(AP13:AP18) -> 0 | AQ19: =SUM(AQ13:AQ18) -> 0 | AR19: =SUM(AR13:AR18) -> 0 | AS19: =SUM(AS13:AS18) -> 0 | AT19: =SUM(AT13:AT18) -> 0 | AU19: =SUM(AU13:AU18) -> 0 | AV19: =SUM(AV13:AV18) -> 0 | AW19: =SUM(AW13:AW18) -> 0 | ... BB19: =SUM(BB13:BB18) -> 0 | BC19: =SUM(AP19:BB19) -> 0 | BD19: =SUM(BD13:BD18) -> 0 | BE19: =SUM(BE13:BE18) -> 0 | BF19: =SUM(BF13:BF18) -> 0 | BG19: =SUM(BG13:BG18) -> 0 | BH19: =SUM(BH13:BH18) -> 0 | BI19: =SUM(BI13:BI18) -> 0 | BJ19: =SUM(BJ13:BJ18) -> 0 | BK19: =SUM(BK13:BK18) -> 0 | ... BP19: =SUM(BP13:BP18) -> 0 | BQ19: =SUM(BD19:BP19) -> 0 | BS19: =SUM(BS13:BS18) -> 0 | BT19: =SUM(BT13:BT18) -> 0 | BU19: =SUM(BU13:BU18) -> 0 | BV19: =SUM(BV13:BV18) -> 0 | BW19: =SUM(BW13:BW18) -> 0 | BX19: =SUM(BX13:BX18) -> 0 | BY19: =SUM(BY13:BY18) -> 0 | BZ19: =SUM(BZ13:BZ18) -> 0 | ... CE19: =SUM(CE13:CE18) -> 0 | CH19: =SUM(CH13:CH18) -> 0 | CI19: =SUM(CI13:CI18) -> 0 | CJ19: =SUM(CJ13:CJ18) -> 0 | CK19: =SUM(CK13:CK18) -> 0 | CL19: =SUM(CL13:CL18) -> 0 | CM19: =SUM(CM13:CM18) -> 0 | CN19: =SUM(CN13:CN18) -> 0 | CO19: =SUM(CO13:CO18) -> 0 | ... CT19: =SUM(CT13:CT18) -> 0 | CW19: =SUM(CW13:CW18) -> 0 | CX19: =SUM(CX13:CX18) -> 0 | CY19: =SUM(CY13:CY18) -> 0 | CZ19: =SUM(CZ13:CZ18) -> 0 | DA19: =SUM(DA13:DA18) -> 0 | DB19: =SUM(DB13:DB18) -> 0 | DC19: =SUM(DC13:DC18) -> 0 | DD19: =SUM(DD13:DD18) -> 0 | ... DI19: =SUM(DI13:DI18) -> 0 | DJ19: =SUM(CW19:DI19) -> 0 | DN19: =SUM(DN13:DN18) -> 0 | DO19: =SUM(DO13:DO18) -> 0 | DP19: =SUM(DP13:DP18) -> 0 | DQ19: =SUM(DQ13:DQ18) -> 0 | DR19: =SUM(DR13:DR18) -> 0 | DS19: =SUM(DS13:DS18) -> 0 | DT19: =SUM(DT13:DT18) -> 0 | DU19: =SUM(DU13:DU18) -> 0 | ... DZ19: =SUM(DZ13:DZ18) -> 0 | EA19: =SUM(DN19:DZ19) -> 0 | EC19: =DM19 -> 0 | ED19: =SUM(ED13:ED18) -> 0 | EE19: =SUM(EE13:EE18) -> 0 | EF19: =SUM(EF13:EF18) -> 0 | EG19: =SUM(EG13:EG18) -> 0 | EH19: =SUM(EH13:EH18) -> 0 | EI19: =SUM(EI13:EI18) -> 0 | EJ19: =SUM(EJ13:EJ18) -> 0 | EK19: =SUM(EK13:EK18) -> 0 | ... EP19: =SUM(EP13:EP18) -> 0 | EQ19: =SUM(ED19:EP19) -> 0 | ES19: =EC19 -> 0 | ET19: =SUM(ET13:ET18) -> 0 | EU19: =SUM(EU13:EU18) -> 0 | EV19: =SUM(EV13:EV18) -> 0 | EW19: =SUM(EW13:EW18) -> 0 | EX19: =SUM(EX13:EX18) -> 0 | EY19: =SUM(EY13:EY18) -> 0 | EZ19: =SUM(EZ13:EZ18) -> 0 | FA19: =SUM(FA13:FA18) -> 0 | ... FF19: =SUM(FF13:FF18) -> 0 | FG19: =SUM(ET19:FF19) -> 0 | FI19: =ES19 -> 0 | FJ19: =SUM(FJ13:FJ18) -> 0 | FK19: =SUM(FK13:FK18) -> 0 | FL19: =SUM(FL13:FL18) -> 0 | FM19: =SUM(FM13:FM18) -> 0 | FN19: =SUM(FN13:FN18) -> 0 | FO19: =SUM(FO13:FO18) -> 0 | FP19: =SUM(FP13:FP18) -> 0 | FQ19: =SUM(FQ13:FQ18) -> 0 | ... FV19: =SUM(FV13:FV18) -> 0 | FW19: =SUM(FJ19:FV19) -> 0 | FZ19: =FI19 -> 0 | GA19: =SUM(GA13:GA18) -> 0 | GB19: =SUM(GB13:GB18) -> 0 | GC19: =SUM(GC13:GC18) -> 0 | GD19: =SUM(GD13:GD18) -> 0 | GE19: =SUM(GE13:GE18) -> 0 | GF19: =SUM(GF13:GF18) -> 0 | GG19: =SUM(GG13:GG18) -> 0 | GH19: =SUM(GH13:GH18) -> 0 | ... GM19: =SUM(GM13:GM18) -> 0 | GN19: =SUM(GA19:GM19) -> 0 | GQ19: =SUM(GQ13:GQ18) -> 0 | GR19: =SUM(GR13:GR18) -> 0 | GS19: =SUM(GS13:GS18) -> 0 | GT19: =SUM(GT13:GT18) -> 0 | GU19: =SUM(GU13:GU18) -> 0 | GV19: =SUM(GV13:GV18) -> 0 | GW19: =SUM(GW13:GW18) -> 0 | GX19: =SUM(GX13:GX18) -> 0 | ... HC19: =SUM(HC13:HC18) -> 0
I20: ÅRSVERK | EC20: =DM20 -> 0 | ES20: =EC20 -> 0 | FI20: =ES20 -> 0 | FZ20: =FI20 -> 0
B21: Internt finansiert frikjøp | C21: Inntekter | D21: Lønn og sos. kostn. | E21: Årsv | F21: Finansiør | G21: Årslønn | H21: Navn | I21: =I12 -> 2025 | J21: =J12 -> 2026 | K21: =K12 -> 2027 | L21: =L12 -> 2028 | M21: =M12 -> 2029 | N21: =N12 -> 2030 | O21: =O12 -> 2031 | P21: =P12 -> 2032 | ... U21: =U12 -> 2037 | AE21: Bruttolønn | AF21: inkl lønnsv. | AG21: Lønn | AH21: Feriep | AI21: AGA | AJ21: Pensjon | AK21: inkl sos.avg. | AL21: inkl. ind.kost. | AM21: Timesats | AP21: =I21 -> 2025 | AQ21: =J21 -> 2026 | AR21: =K21 -> 2027 | AS21: =L21 -> 2028 | AT21: =M21 -> 2029 | AU21: =N21 -> 2030 | AV21: =O21 -> 2031 | AW21: =P21 -> 2032 | ... BB21: =U21 -> 2037 | BD21: =AP21 -> 2025 | BE21: =AQ21 -> 2026 | BF21: =AR21 -> 2027 | BG21: =AS21 -> 2028 | BH21: =AT21 -> 2029 | BI21: =AU21 -> 2030 | BJ21: =AV21 -> 2031 | BK21: =AW21 -> 2032 | ... BP21: =BB21 -> 2037 | BS21: =BD21 -> 2025 | BT21: =BE21 -> 2026 | BU21: =BF21 -> 2027 | BV21: =BG21 -> 2028 | BW21: =BH21 -> 2029 | BX21: =BI21 -> 2030 | BY21: =BJ21 -> 2031 | BZ21: =BK21 -> 2032 | ... CE21: =BP21 -> 2037 | CH21: =CW21 -> 2025 | CI21: =CX21 -> 2026 | CJ21: =CY21 -> 2027 | CK21: =CZ21 -> 2028 | CL21: =DA21 -> 2029 | CM21: =DB21 -> 2030 | CN21: =DC21 -> 2031 | CO21: =DD21 -> 2032 | ... CT21: =DI21 -> 2037 | CW21: =BS21 -> 2025 | CX21: =BT21 -> 2026 | CY21: =BU21 -> 2027 | CZ21: =BV21 -> 2028 | DA21: =BW21 -> 2029 | DB21: =BX21 -> 2030 | DC21: =BY21 -> 2031 | DD21: =BZ21 -> 2032 | ... DI21: =CE21 -> 2037 | DJ21: Totalt | DN21: =BS21 -> 2025 | DO21: =BT21 -> 2026 | DP21: =BU21 -> 2027 | DQ21: =BV21 -> 2028 | DR21: =BW21 -> 2029 | DS21: =BX21 -> 2030 | DT21: =BY21 -> 2031 | DU21: =BZ21 -> 2032 | ... DZ21: =CE21 -> 2037 | EA21: =EA3 -> Totalt | EC21: =DM21 -> 0 | ED21: =ED12 -> 2025 | EE21: =EE12 -> 2026 | EF21: =EF12 -> 2027 | EG21: =EG12 -> 2028 | EH21: =EH12 -> 2029 | EI21: =EI12 -> 2030 | EJ21: =EJ12 -> 2031 | EK21: =EK12 -> 2032 | ... EQ21: =EQ12 -> Totalt | ES21: =EC21 -> 0 | ET21: =ET12 -> 2025 | EU21: =EU12 -> 2026 | EV21: =EV12 -> 2027 | EW21: =EW12 -> 2028 | EX21: =EX12 -> 2029 | EY21: =EY12 -> 2030 | EZ21: =EZ12 -> 2031 | FA21: =FA12 -> 2032 | ... FG21: =FG12 -> Totalt | FI21: =ES21 -> 0 | FJ21: =FJ12 -> 2025 | FK21: =FK12 -> 2026 | FL21: =FL12 -> 2027 | FM21: =FM12 -> 2028 | FN21: =FN12 -> 2029 | FO21: =FO12 -> 2030 | FP21: =FP12 -> 2031 | FQ21: =FQ12 -> 2032 | ... FW21: =FW12 -> Totalt | FZ21: =FI21 -> 0 | GA21: =GA12 -> 2025 | GB21: =GB12 -> 2026 | GC21: =GC12 -> 2027 | GD21: =GD12 -> 2028 | GE21: =GE12 -> 2029 | GF21: =GF12 -> 2030 | GG21: =GG12 -> 2031 | GH21: =GH12 -> 2032 | ... GN21: =GN12 -> Totalt | GQ21: =AP21 -> 2025 | GR21: =AQ21 -> 2026 | GS21: =AR21 -> 2027 | GT21: =AS21 -> 2028 | GU21: =AT21 -> 2029 | GV21: =AU21 -> 2030 | GW21: =AV21 -> 2031 | GX21: =AW21 -> 2032 | ... HC21: =BB21 -> 2037
C22: =DJ22 -> 0 | D22: =SUM(AP22:BB22) -> 0 | E22: =SUM(I22:U22) -> 0 | F22: Egenandel | AE22: =G22 -> 0 | AF22: =AE22*Tabeller!$I$49 -> 0 | AG22: =IF(AE22>0,(AF22-400)/52*47,0) -> 0 | AH22: =AG22*Tabeller!$H$40 -> 0 | AI22: =SUM(AG22:AH22,AJ22)*Tabeller!$H$42 -> 0 | AJ22: =AF22*Tabeller!$H$41 -> 0 | AK22: =SUM(AG22:AJ22) -> 0 | AL22: =AK22+(IF(B22="Teknisk adm bistand",Registrering!$E$51,Registrering!$B$51)) -> 0 | AM22: =AL22/Tabeller!$H$5 -> 0 | AP22: =((I22*Budsjett!$AK22)) -> 0 | AQ22: =((J22*Budsjett!$AK22)*(Tabeller!J$49)) -> 0 | AR22: =((K22*Budsjett!$AK22)*(Tabeller!K$49)) -> 0 | AS22: =((L22*Budsjett!$AK22)*(Tabeller!L$49)) -> 0 | AT22: =((M22*Budsjett!$AK22)*(Tabeller!M$49)) -> 0 | AU22: =((N22*Budsjett!$AK22)*(Tabeller!N$49)) -> 0 | AV22: =((O22*Budsjett!$AK22)*(Tabeller!O$49)) -> 0 | AW22: =((P22*Budsjett!$AK22)*(Tabeller!P$49)) -> 0 | AX22: =((Q22*Budsjett!$AK22)*(Tabeller!Q$49)) -> 0 | ... BB22: =((U22*Budsjett!$AK22)*(Tabeller!U$49)) -> 0 | BD22: =GQ22 -> 0 | BE22: =GR22 -> 0 | BF22: =GS22 -> 0 | BG22: =GT22 -> 0 | BH22: =GU22 -> 0 | BI22: =GV22 -> 0 | BJ22: =GW22 -> 0 | BK22: =GX22 -> 0 | ... BP22: =HC22 -> 0 | CH22: =BD22 -> 0 | CI22: =BE22 -> 0 | CJ22: =BF22 -> 0 | CK22: =BG22 -> 0 | CL22: =BH22 -> 0 | CM22: =BI22 -> 0 | CN22: =BJ22 -> 0 | CO22: =BK22 -> 0 | ... CT22: =BP22 -> 0 | CV22: =B22 -> 0 | DJ22: =SUM(CW22:DI22) -> 0 | DM22: =CV22 -> 0 | EA22: =SUM(DN22:DZ22) -> 0 | EC22: =DM22 -> 0 | EQ22: =SUM(ED22:EP22) -> 0 | ES22: =EC22 -> 0 | FG22: =SUM(ET22:FF22) -> 0 | FI22: =ES22 -> 0 | FW22: =SUM(FJ22:FV22) -> 0 | FZ22: =FI22 -> 0 | GA22: =IF($F22=$GA$1,AP22,0) -> 0 | GB22: =IF($F22=$GA$1,AQ22,0) -> 0 | GC22: =IF($F22=$GA$1,AR22,0) -> 0 | GD22: =IF($F22=$GA$1,AS22,0) -> 0 | GE22: =IF($F22=$GA$1,AT22,0) -> 0 | GF22: =IF($F22=$GA$1,AU22,0) -> 0 | GG22: =IF($F22=$GA$1,AV22,0) -> 0 | GH22: =IF($F22=$GA$1,AW22,0) -> 0 | ... GM22: =IF($F22=$GA$1,BB22,0) -> 0 | GN22: =SUM(GA22:GM22) -> 0 | GQ22: =IF(Registrering!$B$29="Prosjekter som foregår i UiOs lokaler",IF($B22="Teknisk/adm. bistand/Feltassistent",I22*Tabeller!J$11,I22*Tabeller!J$10),IF($B22="Teknisk/adm. bistand/Feltassistent",I22*Tabeller!J$13,I22*Tabeller!J$12)) -> 0 | GR22: =IF(Registrering!$B$29="Prosjekter som foregår i UiOs lokaler",IF($B22="Teknisk/adm. bistand/Feltassistent",J22*Tabeller!K$11,J22*Tabeller!K$10),IF($B22="Teknisk/adm. bistand/Feltassistent",J22*Tabeller!K$13,J22*Tabeller!K$12)) -> 0 | GS22: =IF(Registrering!$B$29="Prosjekter som foregår i UiOs lokaler",IF($B22="Teknisk/adm. bistand/Feltassistent",K22*Tabeller!L$11,K22*Tabeller!L$10),IF($B22="Teknisk/adm. bistand/Feltassistent",K22*Tabeller!L$13,K22*Tabeller!L$12)) -> 0 | GT22: =IF(Registrering!$B$29="Prosjekter som foregår i UiOs lokaler",IF($B22="Teknisk/adm. bistand/Feltassistent",L22*Tabeller!M$11,L22*Tabeller!M$10),IF($B22="Teknisk/adm. bistand/Feltassistent",L22*Tabeller!M$13,L22*Tabeller!M$12)) -> 0 | GU22: =IF(Registrering!$B$29="Prosjekter som foregår i UiOs lokaler",IF($B22="Teknisk/adm. bistand/Feltassistent",M22*Tabeller!N$11,M22*Tabeller!N$10),IF($B22="Teknisk/adm. bistand/Feltassistent",M22*Tabeller!N$13,M22*Tabeller!N$12)) -> 0 | GV22: =IF(Registrering!$B$29="Prosjekter som foregår i UiOs lokaler",IF($B22="Teknisk/adm. bistand/Feltassistent",N22*Tabeller!O$11,N22*Tabeller!O$10),IF($B22="Teknisk/adm. bistand/Feltassistent",N22*Tabeller!O$13,N22*Tabeller!O$12)) -> 0 | GW22: =IF(Registrering!$B$29="Prosjekter som foregår i UiOs lokaler",IF($B22="Teknisk/adm. bistand/Feltassistent",O22*Tabeller!P$11,O22*Tabeller!P$10),IF($B22="Teknisk/adm. bistand/Feltassistent",O22*Tabeller!P$13,O22*Tabeller!P$12)) -> 0 | GX22: =IF(Registrering!$B$29="Prosjekter som foregår i UiOs lokaler",IF($B22="Teknisk/adm. bistand/Feltassistent",P22*Tabeller!Q$11,P22*Tabeller!Q$10),IF($B22="Teknisk/adm. bistand/Feltassistent",P22*Tabeller!Q$13,P22*Tabeller!Q$12)) -> 0 | ... HC22: =IF(Registrering!$B$29="Prosjekter som foregår i UiOs lokaler",IF($B22="Teknisk/adm. bistand/Feltassistent",U22*Tabeller!V$11,U22*Tabeller!V$10),IF($B22="Teknisk/adm. bistand/Feltassistent",U22*Tabeller!V$13,U22*Tabeller!V$12)) -> 0
C23: =DJ23 -> 0 | D23: =SUM(AP23:BB23) -> 0 | E23: =SUM(I23:U23) -> 0 | F23: Egenandel | AE23: =G23 -> 0 | AF23: =AE23*Tabeller!$I$49 -> 0 | AG23: =IF(AE23>0,(AF23-400)/52*47,0) -> 0 | AH23: =AG23*Tabeller!$H$40 -> 0 | AI23: =SUM(AG23:AH23,AJ23)*Tabeller!$H$42 -> 0 | AJ23: =AF23*Tabeller!$H$41 -> 0 | AK23: =SUM(AG23:AJ23) -> 0 | AL23: =AK23+(IF(B23="Teknisk adm bistand",Registrering!$E$51,Registrering!$B$51)) -> 0 | AM23: =AL23/Tabeller!$H$5 -> 0 | AO23: =AP22*0.67 -> 0 | AP23: =((I23*Budsjett!$AK23)) -> 0 | AQ23: =((J23*Budsjett!$AK23)*(Tabeller!J$49)) -> 0 | AR23: =((K23*Budsjett!$AK23)*(Tabeller!K$49)) -> 0 | AS23: =((L23*Budsjett!$AK23)*(Tabeller!L$49)) -> 0 | AT23: =((M23*Budsjett!$AK23)*(Tabeller!M$49)) -> 0 | AU23: =((N23*Budsjett!$AK23)*(Tabeller!N$49)) -> 0 | AV23: =((O23*Budsjett!$AK23)*(Tabeller!O$49)) -> 0 | AW23: =((P23*Budsjett!$AK23)*(Tabeller!P$49)) -> 0 | AX23: =((Q23*Budsjett!$AK23)*(Tabeller!Q$49)) -> 0 | ... BB23: =((U23*Budsjett!$AK23)*(Tabeller!U$49)) -> 0 | BD23: =GQ23 -> 0 | BE23: =GR23 -> 0 | BF23: =GS23 -> 0 | BG23: =GT23 -> 0 | BH23: =GU23 -> 0 | BI23: =GV23 -> 0 | BJ23: =GW23 -> 0 | BK23: =GX23 -> 0 | ... BP23: =HC23 -> 0 | CH23: =BD23 -> 0 | CI23: =BE23 -> 0 | CJ23: =BF23 -> 0 | CK23: =BG23 -> 0 | CL23: =BH23 -> 0 | CM23: =BI23 -> 0 | CN23: =BJ23 -> 0 | CO23: =BK23 -> 0 | ... CT23: =BP23 -> 0 | CV23: =B23 -> 0 | DJ23: =SUM(CW23:DI23) -> 0 | DM23: =CV23 -> 0 | EA23: =SUM(DN23:DZ23) -> 0 | EC23: =DM23 -> 0 | EQ23: =SUM(ED23:EP23) -> 0 | ES23: =EC23 -> 0 | FG23: =SUM(ET23:FF23) -> 0 | FI23: =ES23 -> 0 | FW23: =SUM(FJ23:FV23) -> 0 | FZ23: =FI23 -> 0 | GA23: =IF($F23=$GA$1,AP23,0) -> 0 | GB23: =IF($F23=$GA$1,AQ23,0) -> 0 | GC23: =IF($F23=$GA$1,AR23,0) -> 0 | GD23: =IF($F23=$GA$1,AS23,0) -> 0 | GE23: =IF($F23=$GA$1,AT23,0) -> 0 | GF23: =IF($F23=$GA$1,AU23,0) -> 0 | GG23: =IF($F23=$GA$1,AV23,0) -> 0 | GH23: =IF($F23=$GA$1,AW23,0) -> 0 | ... GM23: =IF($F23=$GA$1,BB23,0) -> 0 | GN23: =SUM(GA23:GM23) -> 0 | GQ23: =IF(Registrering!$B$29="Prosjekter som foregår i UiOs lokaler",IF($B23="Teknisk/adm. bistand/Feltassistent",I23*Tabeller!J$11,I23*Tabeller!J$10),IF($B23="Teknisk/adm. bistand/Feltassistent",I23*Tabeller!J$13,I23*Tabeller!J$12)) -> 0 | GR23: =IF(Registrering!$B$29="Prosjekter som foregår i UiOs lokaler",IF($B23="Teknisk/adm. bistand/Feltassistent",J23*Tabeller!K$11,J23*Tabeller!K$10),IF($B23="Teknisk/adm. bistand/Feltassistent",J23*Tabeller!K$13,J23*Tabeller!K$12)) -> 0 | GS23: =IF(Registrering!$B$29="Prosjekter som foregår i UiOs lokaler",IF($B23="Teknisk/adm. bistand/Feltassistent",K23*Tabeller!L$11,K23*Tabeller!L$10),IF($B23="Teknisk/adm. bistand/Feltassistent",K23*Tabeller!L$13,K23*Tabeller!L$12)) -> 0 | GT23: =IF(Registrering!$B$29="Prosjekter som foregår i UiOs lokaler",IF($B23="Teknisk/adm. bistand/Feltassistent",L23*Tabeller!M$11,L23*Tabeller!M$10),IF($B23="Teknisk/adm. bistand/Feltassistent",L23*Tabeller!M$13,L23*Tabeller!M$12)) -> 0 | GU23: =IF(Registrering!$B$29="Prosjekter som foregår i UiOs lokaler",IF($B23="Teknisk/adm. bistand/Feltassistent",M23*Tabeller!N$11,M23*Tabeller!N$10),IF($B23="Teknisk/adm. bistand/Feltassistent",M23*Tabeller!N$13,M23*Tabeller!N$12)) -> 0 | GV23: =IF(Registrering!$B$29="Prosjekter som foregår i UiOs lokaler",IF($B23="Teknisk/adm. bistand/Feltassistent",N23*Tabeller!O$11,N23*Tabeller!O$10),IF($B23="Teknisk/adm. bistand/Feltassistent",N23*Tabeller!O$13,N23*Tabeller!O$12)) -> 0 | GW23: =IF(Registrering!$B$29="Prosjekter som foregår i UiOs lokaler",IF($B23="Teknisk/adm. bistand/Feltassistent",O23*Tabeller!P$11,O23*Tabeller!P$10),IF($B23="Teknisk/adm. bistand/Feltassistent",O23*Tabeller!P$13,O23*Tabeller!P$12)) -> 0 | GX23: =IF(Registrering!$B$29="Prosjekter som foregår i UiOs lokaler",IF($B23="Teknisk/adm. bistand/Feltassistent",P23*Tabeller!Q$11,P23*Tabeller!Q$10),IF($B23="Teknisk/adm. bistand/Feltassistent",P23*Tabeller!Q$13,P23*Tabeller!Q$12)) -> 0 | ... HC23: =IF(Registrering!$B$29="Prosjekter som foregår i UiOs lokaler",IF($B23="Teknisk/adm. bistand/Feltassistent",U23*Tabeller!V$11,U23*Tabeller!V$10),IF($B23="Teknisk/adm. bistand/Feltassistent",U23*Tabeller!V$13,U23*Tabeller!V$12)) -> 0
C24: =DJ24 -> 0 | D24: =SUM(AP24:BB24) -> 0 | E24: =SUM(I24:U24) -> 0 | F24: Egenandel | AE24: =G24 -> 0 | AF24: =AE24*Tabeller!$I$49 -> 0 | AG24: =IF(AE24>0,(AF24-400)/52*47,0) -> 0 | AH24: =AG24*Tabeller!$H$40 -> 0 | AI24: =SUM(AG24:AH24,AJ24)*Tabeller!$H$42 -> 0 | AJ24: =AF24*Tabeller!$H$41 -> 0 | AK24: =SUM(AG24:AJ24) -> 0 | AL24: =AK24+(IF(B24="Teknisk adm bistand",Registrering!$E$51,Registrering!$B$51)) -> 0 | AM24: =AL24/Tabeller!$H$5 -> 0 | AP24: =((I24*Budsjett!$AK24)) -> 0 | AQ24: =((J24*Budsjett!$AK24)*(Tabeller!J$49)) -> 0 | AR24: =((K24*Budsjett!$AK24)*(Tabeller!K$49)) -> 0 | AS24: =((L24*Budsjett!$AK24)*(Tabeller!L$49)) -> 0 | AT24: =((M24*Budsjett!$AK24)*(Tabeller!M$49)) -> 0 | AU24: =((N24*Budsjett!$AK24)*(Tabeller!N$49)) -> 0 | AV24: =((O24*Budsjett!$AK24)*(Tabeller!O$49)) -> 0 | AW24: =((P24*Budsjett!$AK24)*(Tabeller!P$49)) -> 0 | AX24: =((Q24*Budsjett!$AK24)*(Tabeller!Q$49)) -> 0 | ... BB24: =((U24*Budsjett!$AK24)*(Tabeller!U$49)) -> 0 | BD24: =GQ24 -> 0 | BE24: =GR24 -> 0 | BF24: =GS24 -> 0 | BG24: =GT24 -> 0 | BH24: =GU24 -> 0 | BI24: =GV24 -> 0 | BJ24: =GW24 -> 0 | BK24: =GX24 -> 0 | ... BP24: =HC24 -> 0 | CH24: =BD24 -> 0 | CI24: =BE24 -> 0 | CJ24: =BF24 -> 0 | CK24: =BG24 -> 0 | CL24: =BH24 -> 0 | CM24: =BI24 -> 0 | CN24: =BJ24 -> 0 | CO24: =BK24 -> 0 | ... CT24: =BP24 -> 0 | CV24: =B24 -> 0 | DJ24: =SUM(CW24:DI24) -> 0 | DM24: =CV24 -> 0 | EA24: =SUM(DN24:DZ24) -> 0 | EC24: =DM24 -> 0 | EQ24: =SUM(ED24:EP24) -> 0 | ES24: =EC24 -> 0 | FG24: =SUM(ET24:FF24) -> 0 | FI24: =ES24 -> 0 | FW24: =SUM(FJ24:FV24) -> 0 | FZ24: =FI24 -> 0 | GA24: =IF($F24=$GA$1,AP24,0) -> 0 | GB24: =IF($F24=$GA$1,AQ24,0) -> 0 | GC24: =IF($F24=$GA$1,AR24,0) -> 0 | GD24: =IF($F24=$GA$1,AS24,0) -> 0 | GE24: =IF($F24=$GA$1,AT24,0) -> 0 | GF24: =IF($F24=$GA$1,AU24,0) -> 0 | GG24: =IF($F24=$GA$1,AV24,0) -> 0 | GH24: =IF($F24=$GA$1,AW24,0) -> 0 | ... GM24: =IF($F24=$GA$1,BB24,0) -> 0 | GN24: =SUM(GA24:GM24) -> 0 | GQ24: =IF(Registrering!$B$29="Prosjekter som foregår i UiOs lokaler",IF($B24="Teknisk/adm. bistand/Feltassistent",I24*Tabeller!J$11,I24*Tabeller!J$10),IF($B24="Teknisk/adm. bistand/Feltassistent",I24*Tabeller!J$13,I24*Tabeller!J$12)) -> 0 | GR24: =IF(Registrering!$B$29="Prosjekter som foregår i UiOs lokaler",IF($B24="Teknisk/adm. bistand/Feltassistent",J24*Tabeller!K$11,J24*Tabeller!K$10),IF($B24="Teknisk/adm. bistand/Feltassistent",J24*Tabeller!K$13,J24*Tabeller!K$12)) -> 0 | GS24: =IF(Registrering!$B$29="Prosjekter som foregår i UiOs lokaler",IF($B24="Teknisk/adm. bistand/Feltassistent",K24*Tabeller!L$11,K24*Tabeller!L$10),IF($B24="Teknisk/adm. bistand/Feltassistent",K24*Tabeller!L$13,K24*Tabeller!L$12)) -> 0 | GT24: =IF(Registrering!$B$29="Prosjekter som foregår i UiOs lokaler",IF($B24="Teknisk/adm. bistand/Feltassistent",L24*Tabeller!M$11,L24*Tabeller!M$10),IF($B24="Teknisk/adm. bistand/Feltassistent",L24*Tabeller!M$13,L24*Tabeller!M$12)) -> 0 | GU24: =IF(Registrering!$B$29="Prosjekter som foregår i UiOs lokaler",IF($B24="Teknisk/adm. bistand/Feltassistent",M24*Tabeller!N$11,M24*Tabeller!N$10),IF($B24="Teknisk/adm. bistand/Feltassistent",M24*Tabeller!N$13,M24*Tabeller!N$12)) -> 0 | GV24: =IF(Registrering!$B$29="Prosjekter som foregår i UiOs lokaler",IF($B24="Teknisk/adm. bistand/Feltassistent",N24*Tabeller!O$11,N24*Tabeller!O$10),IF($B24="Teknisk/adm. bistand/Feltassistent",N24*Tabeller!O$13,N24*Tabeller!O$12)) -> 0 | GW24: =IF(Registrering!$B$29="Prosjekter som foregår i UiOs lokaler",IF($B24="Teknisk/adm. bistand/Feltassistent",O24*Tabeller!P$11,O24*Tabeller!P$10),IF($B24="Teknisk/adm. bistand/Feltassistent",O24*Tabeller!P$13,O24*Tabeller!P$12)) -> 0 | GX24: =IF(Registrering!$B$29="Prosjekter som foregår i UiOs lokaler",IF($B24="Teknisk/adm. bistand/Feltassistent",P24*Tabeller!Q$11,P24*Tabeller!Q$10),IF($B24="Teknisk/adm. bistand/Feltassistent",P24*Tabeller!Q$13,P24*Tabeller!Q$12)) -> 0 | ... HC24: =IF(Registrering!$B$29="Prosjekter som foregår i UiOs lokaler",IF($B24="Teknisk/adm. bistand/Feltassistent",U24*Tabeller!V$11,U24*Tabeller!V$10),IF($B24="Teknisk/adm. bistand/Feltassistent",U24*Tabeller!V$13,U24*Tabeller!V$12)) -> 0
C25: =DJ25 -> 0 | D25: =SUM(AP25:BB25) -> 0 | E25: =SUM(I25:U25) -> 0 | F25: Egenandel | AE25: =G25 -> 0 | AF25: =AE25*Tabeller!$I$49 -> 0 | AG25: =IF(AE25>0,(AF25-400)/52*47,0) -> 0 | AH25: =AG25*Tabeller!$H$40 -> 0 | AI25: =SUM(AG25:AH25,AJ25)*Tabeller!$H$42 -> 0 | AJ25: =AF25*Tabeller!$H$41 -> 0 | AK25: =SUM(AG25:AJ25) -> 0 | AL25: =AK25+(IF(B25="Teknisk adm bistand",Registrering!$E$51,Registrering!$B$51)) -> 0 | AM25: =AL25/Tabeller!$H$5 -> 0 | AP25: =((I25*Budsjett!$AK25)) -> 0 | AQ25: =((J25*Budsjett!$AK25)*(Tabeller!J$49)) -> 0 | AR25: =((K25*Budsjett!$AK25)*(Tabeller!K$49)) -> 0 | AS25: =((L25*Budsjett!$AK25)*(Tabeller!L$49)) -> 0 | AT25: =((M25*Budsjett!$AK25)*(Tabeller!M$49)) -> 0 | AU25: =((N25*Budsjett!$AK25)*(Tabeller!N$49)) -> 0 | AV25: =((O25*Budsjett!$AK25)*(Tabeller!O$49)) -> 0 | AW25: =((P25*Budsjett!$AK25)*(Tabeller!P$49)) -> 0 | AX25: =((Q25*Budsjett!$AK25)*(Tabeller!Q$49)) -> 0 | ... BB25: =((U25*Budsjett!$AK25)*(Tabeller!U$49)) -> 0 | BD25: =GQ25 -> 0 | BE25: =GR25 -> 0 | BF25: =GS25 -> 0 | BG25: =GT25 -> 0 | BH25: =GU25 -> 0 | BI25: =GV25 -> 0 | BJ25: =GW25 -> 0 | BK25: =GX25 -> 0 | ... BP25: =HC25 -> 0 | CH25: =BD25 -> 0 | CI25: =BE25 -> 0 | CJ25: =BF25 -> 0 | CK25: =BG25 -> 0 | CL25: =BH25 -> 0 | CM25: =BI25 -> 0 | CN25: =BJ25 -> 0 | CO25: =BK25 -> 0 | ... CT25: =BP25 -> 0 | CV25: =B25 -> 0 | DJ25: =SUM(CW25:DI25) -> 0 | DM25: =CV25 -> 0 | EA25: =SUM(DN25:DZ25) -> 0 | EC25: =DM25 -> 0 | EQ25: =SUM(ED25:EP25) -> 0 | ES25: =EC25 -> 0 | FG25: =SUM(ET25:FF25) -> 0 | FI25: =ES25 -> 0 | FW25: =SUM(FJ25:FV25) -> 0 | FZ25: =FI25 -> 0 | GA25: =IF($F25=$GA$1,AP25,0) -> 0 | GB25: =IF($F25=$GA$1,AQ25,0) -> 0 | GC25: =IF($F25=$GA$1,AR25,0) -> 0 | GD25: =IF($F25=$GA$1,AS25,0) -> 0 | GE25: =IF($F25=$GA$1,AT25,0) -> 0 | GF25: =IF($F25=$GA$1,AU25,0) -> 0 | GG25: =IF($F25=$GA$1,AV25,0) -> 0 | GH25: =IF($F25=$GA$1,AW25,0) -> 0 | ... GM25: =IF($F25=$GA$1,BB25,0) -> 0 | GN25: =SUM(GA25:GM25) -> 0 | GQ25: =IF(Registrering!$B$29="Prosjekter som foregår i UiOs lokaler",IF($B25="Teknisk/adm. bistand/Feltassistent",I25*Tabeller!J$11,I25*Tabeller!J$10),IF($B25="Teknisk/adm. bistand/Feltassistent",I25*Tabeller!J$13,I25*Tabeller!J$12)) -> 0 | GR25: =IF(Registrering!$B$29="Prosjekter som foregår i UiOs lokaler",IF($B25="Teknisk/adm. bistand/Feltassistent",J25*Tabeller!K$11,J25*Tabeller!K$10),IF($B25="Teknisk/adm. bistand/Feltassistent",J25*Tabeller!K$13,J25*Tabeller!K$12)) -> 0 | GS25: =IF(Registrering!$B$29="Prosjekter som foregår i UiOs lokaler",IF($B25="Teknisk/adm. bistand/Feltassistent",K25*Tabeller!L$11,K25*Tabeller!L$10),IF($B25="Teknisk/adm. bistand/Feltassistent",K25*Tabeller!L$13,K25*Tabeller!L$12)) -> 0 | GT25: =IF(Registrering!$B$29="Prosjekter som foregår i UiOs lokaler",IF($B25="Teknisk/adm. bistand/Feltassistent",L25*Tabeller!M$11,L25*Tabeller!M$10),IF($B25="Teknisk/adm. bistand/Feltassistent",L25*Tabeller!M$13,L25*Tabeller!M$12)) -> 0 | GU25: =IF(Registrering!$B$29="Prosjekter som foregår i UiOs lokaler",IF($B25="Teknisk/adm. bistand/Feltassistent",M25*Tabeller!N$11,M25*Tabeller!N$10),IF($B25="Teknisk/adm. bistand/Feltassistent",M25*Tabeller!N$13,M25*Tabeller!N$12)) -> 0 | GV25: =IF(Registrering!$B$29="Prosjekter som foregår i UiOs lokaler",IF($B25="Teknisk/adm. bistand/Feltassistent",N25*Tabeller!O$11,N25*Tabeller!O$10),IF($B25="Teknisk/adm. bistand/Feltassistent",N25*Tabeller!O$13,N25*Tabeller!O$12)) -> 0 | GW25: =IF(Registrering!$B$29="Prosjekter som foregår i UiOs lokaler",IF($B25="Teknisk/adm. bistand/Feltassistent",O25*Tabeller!P$11,O25*Tabeller!P$10),IF($B25="Teknisk/adm. bistand/Feltassistent",O25*Tabeller!P$13,O25*Tabeller!P$12)) -> 0 | GX25: =IF(Registrering!$B$29="Prosjekter som foregår i UiOs lokaler",IF($B25="Teknisk/adm. bistand/Feltassistent",P25*Tabeller!Q$11,P25*Tabeller!Q$10),IF($B25="Teknisk/adm. bistand/Feltassistent",P25*Tabeller!Q$13,P25*Tabeller!Q$12)) -> 0 | ... HC25: =IF(Registrering!$B$29="Prosjekter som foregår i UiOs lokaler",IF($B25="Teknisk/adm. bistand/Feltassistent",U25*Tabeller!V$11,U25*Tabeller!V$10),IF($B25="Teknisk/adm. bistand/Feltassistent",U25*Tabeller!V$13,U25*Tabeller!V$12)) -> 0
C26: =DJ26 -> 0 | D26: =SUM(AP26:BB26) -> 0 | E26: =SUM(I26:U26) -> 0 | F26: Egenandel | AE26: =G26 -> 0 | AF26: =AE26*Tabeller!$I$49 -> 0 | AG26: =IF(AE26>0,(AF26-400)/52*47,0) -> 0 | AH26: =AG26*Tabeller!$H$40 -> 0 | AI26: =SUM(AG26:AH26,AJ26)*Tabeller!$H$42 -> 0 | AJ26: =AF26*Tabeller!$H$41 -> 0 | AK26: =SUM(AG26:AJ26) -> 0 | AL26: =AK26+(IF(B26="Teknisk adm bistand",Registrering!$E$51,Registrering!$B$51)) -> 0 | AM26: =AL26/Tabeller!$H$5 -> 0 | AP26: =((I26*Budsjett!$AK26)) -> 0 | AQ26: =((J26*Budsjett!$AK26)*(Tabeller!J$49)) -> 0 | AR26: =((K26*Budsjett!$AK26)*(Tabeller!K$49)) -> 0 | AS26: =((L26*Budsjett!$AK26)*(Tabeller!L$49)) -> 0 | AT26: =((M26*Budsjett!$AK26)*(Tabeller!M$49)) -> 0 | AU26: =((N26*Budsjett!$AK26)*(Tabeller!N$49)) -> 0 | AV26: =((O26*Budsjett!$AK26)*(Tabeller!O$49)) -> 0 | AW26: =((P26*Budsjett!$AK26)*(Tabeller!P$49)) -> 0 | AX26: =((Q26*Budsjett!$AK26)*(Tabeller!Q$49)) -> 0 | ... BB26: =((U26*Budsjett!$AK26)*(Tabeller!U$49)) -> 0 | BD26: =GQ26 -> 0 | BE26: =GR26 -> 0 | BF26: =GS26 -> 0 | BG26: =GT26 -> 0 | BH26: =GU26 -> 0 | BI26: =GV26 -> 0 | BJ26: =GW26 -> 0 | BK26: =GX26 -> 0 | ... BP26: =HC26 -> 0 | CH26: =BD26 -> 0 | CI26: =BE26 -> 0 | CJ26: =BF26 -> 0 | CK26: =BG26 -> 0 | CL26: =BH26 -> 0 | CM26: =BI26 -> 0 | CN26: =BJ26 -> 0 | CO26: =BK26 -> 0 | ... CT26: =BP26 -> 0 | CV26: =B26 -> 0 | DJ26: =SUM(CW26:DI26) -> 0 | DM26: =CV26 -> 0 | EA26: =SUM(DN26:DZ26) -> 0 | EC26: =DM26 -> 0 | EQ26: =SUM(ED26:EP26) -> 0 | ES26: =EC26 -> 0 | FG26: =SUM(ET26:FF26) -> 0 | FI26: =ES26 -> 0 | FW26: =SUM(FJ26:FV26) -> 0 | FZ26: =FI26 -> 0 | GA26: =IF($F26=$GA$1,AP26,0) -> 0 | GB26: =IF($F26=$GA$1,AQ26,0) -> 0 | GC26: =IF($F26=$GA$1,AR26,0) -> 0 | GD26: =IF($F26=$GA$1,AS26,0) -> 0 | GE26: =IF($F26=$GA$1,AT26,0) -> 0 | GF26: =IF($F26=$GA$1,AU26,0) -> 0 | GG26: =IF($F26=$GA$1,AV26,0) -> 0 | GH26: =IF($F26=$GA$1,AW26,0) -> 0 | ... GM26: =IF($F26=$GA$1,BB26,0) -> 0 | GN26: =SUM(GA26:GM26) -> 0 | GQ26: =IF(Registrering!$B$29="Prosjekter som foregår i UiOs lokaler",IF($B26="Teknisk/adm. bistand/Feltassistent",I26*Tabeller!J$11,I26*Tabeller!J$10),IF($B26="Teknisk/adm. bistand/Feltassistent",I26*Tabeller!J$13,I26*Tabeller!J$12)) -> 0 | GR26: =IF(Registrering!$B$29="Prosjekter som foregår i UiOs lokaler",IF($B26="Teknisk/adm. bistand/Feltassistent",J26*Tabeller!K$11,J26*Tabeller!K$10),IF($B26="Teknisk/adm. bistand/Feltassistent",J26*Tabeller!K$13,J26*Tabeller!K$12)) -> 0 | GS26: =IF(Registrering!$B$29="Prosjekter som foregår i UiOs lokaler",IF($B26="Teknisk/adm. bistand/Feltassistent",K26*Tabeller!L$11,K26*Tabeller!L$10),IF($B26="Teknisk/adm. bistand/Feltassistent",K26*Tabeller!L$13,K26*Tabeller!L$12)) -> 0 | GT26: =IF(Registrering!$B$29="Prosjekter som foregår i UiOs lokaler",IF($B26="Teknisk/adm. bistand/Feltassistent",L26*Tabeller!M$11,L26*Tabeller!M$10),IF($B26="Teknisk/adm. bistand/Feltassistent",L26*Tabeller!M$13,L26*Tabeller!M$12)) -> 0 | GU26: =IF(Registrering!$B$29="Prosjekter som foregår i UiOs lokaler",IF($B26="Teknisk/adm. bistand/Feltassistent",M26*Tabeller!N$11,M26*Tabeller!N$10),IF($B26="Teknisk/adm. bistand/Feltassistent",M26*Tabeller!N$13,M26*Tabeller!N$12)) -> 0 | GV26: =IF(Registrering!$B$29="Prosjekter som foregår i UiOs lokaler",IF($B26="Teknisk/adm. bistand/Feltassistent",N26*Tabeller!O$11,N26*Tabeller!O$10),IF($B26="Teknisk/adm. bistand/Feltassistent",N26*Tabeller!O$13,N26*Tabeller!O$12)) -> 0 | GW26: =IF(Registrering!$B$29="Prosjekter som foregår i UiOs lokaler",IF($B26="Teknisk/adm. bistand/Feltassistent",O26*Tabeller!P$11,O26*Tabeller!P$10),IF($B26="Teknisk/adm. bistand/Feltassistent",O26*Tabeller!P$13,O26*Tabeller!P$12)) -> 0 | GX26: =IF(Registrering!$B$29="Prosjekter som foregår i UiOs lokaler",IF($B26="Teknisk/adm. bistand/Feltassistent",P26*Tabeller!Q$11,P26*Tabeller!Q$10),IF($B26="Teknisk/adm. bistand/Feltassistent",P26*Tabeller!Q$13,P26*Tabeller!Q$12)) -> 0 | ... HC26: =IF(Registrering!$B$29="Prosjekter som foregår i UiOs lokaler",IF($B26="Teknisk/adm. bistand/Feltassistent",U26*Tabeller!V$11,U26*Tabeller!V$10),IF($B26="Teknisk/adm. bistand/Feltassistent",U26*Tabeller!V$13,U26*Tabeller!V$12)) -> 0
C27: =DJ27 -> 0 | D27: =SUM(AP27:BB27) -> 0 | E27: =SUM(I27:U27) -> 0 | F27: Egenandel | AE27: =G27 -> 0 | AF27: =AE27*Tabeller!$I$49 -> 0 | AG27: =IF(AE27>0,(AF27-400)/52*47,0) -> 0 | AH27: =AG27*Tabeller!$H$40 -> 0 | AI27: =SUM(AG27:AH27,AJ27)*Tabeller!$H$42 -> 0 | AJ27: =AF27*Tabeller!$H$41 -> 0 | AK27: =SUM(AG27:AJ27) -> 0 | AL27: =AK27+(IF(B27="Teknisk adm bistand",Registrering!$E$51,Registrering!$B$51)) -> 0 | AM27: =AL27/Tabeller!$H$5 -> 0 | AP27: =((I27*Budsjett!$AK27)) -> 0 | AQ27: =((J27*Budsjett!$AK27)*(Tabeller!J$49)) -> 0 | AR27: =((K27*Budsjett!$AK27)*(Tabeller!K$49)) -> 0 | AS27: =((L27*Budsjett!$AK27)*(Tabeller!L$49)) -> 0 | AT27: =((M27*Budsjett!$AK27)*(Tabeller!M$49)) -> 0 | AU27: =((N27*Budsjett!$AK27)*(Tabeller!N$49)) -> 0 | AV27: =((O27*Budsjett!$AK27)*(Tabeller!O$49)) -> 0 | AW27: =((P27*Budsjett!$AK27)*(Tabeller!P$49)) -> 0 | AX27: =((Q27*Budsjett!$AK27)*(Tabeller!Q$49)) -> 0 | ... BB27: =((U27*Budsjett!$AK27)*(Tabeller!U$49)) -> 0 | BD27: =GQ27 -> 0 | BE27: =GR27 -> 0 | BF27: =GS27 -> 0 | BG27: =GT27 -> 0 | BH27: =GU27 -> 0 | BI27: =GV27 -> 0 | BJ27: =GW27 -> 0 | BK27: =GX27 -> 0 | ... BP27: =HC27 -> 0 | CH27: =BD27 -> 0 | CI27: =BE27 -> 0 | CJ27: =BF27 -> 0 | CK27: =BG27 -> 0 | CL27: =BH27 -> 0 | CM27: =BI27 -> 0 | CN27: =BJ27 -> 0 | CO27: =BK27 -> 0 | ... CT27: =BP27 -> 0 | CV27: =B27 -> 0 | DJ27: =SUM(CW27:DI27) -> 0 | DM27: =CV27 -> 0 | EA27: =SUM(DN27:DZ27) -> 0 | EC27: =DM27 -> 0 | EQ27: =SUM(ED27:EP27) -> 0 | ES27: =EC27 -> 0 | FG27: =SUM(ET27:FF27) -> 0 | FI27: =ES27 -> 0 | FW27: =SUM(FJ27:FV27) -> 0 | FZ27: =FI27 -> 0 | GA27: =IF($F27=$GA$1,AP27,0) -> 0 | GB27: =IF($F27=$GA$1,AQ27,0) -> 0 | GC27: =IF($F27=$GA$1,AR27,0) -> 0 | GD27: =IF($F27=$GA$1,AS27,0) -> 0 | GE27: =IF($F27=$GA$1,AT27,0) -> 0 | GF27: =IF($F27=$GA$1,AU27,0) -> 0 | GG27: =IF($F27=$GA$1,AV27,0) -> 0 | GH27: =IF($F27=$GA$1,AW27,0) -> 0 | ... GM27: =IF($F27=$GA$1,BB27,0) -> 0 | GN27: =SUM(GA27:GM27) -> 0 | GQ27: =IF(Registrering!$B$29="Prosjekter som foregår i UiOs lokaler",IF($B27="Teknisk/adm. bistand/Feltassistent",I27*Tabeller!J$11,I27*Tabeller!J$10),IF($B27="Teknisk/adm. bistand/Feltassistent",I27*Tabeller!J$13,I27*Tabeller!J$12)) -> 0 | GR27: =IF(Registrering!$B$29="Prosjekter som foregår i UiOs lokaler",IF($B27="Teknisk/adm. bistand/Feltassistent",J27*Tabeller!K$11,J27*Tabeller!K$10),IF($B27="Teknisk/adm. bistand/Feltassistent",J27*Tabeller!K$13,J27*Tabeller!K$12)) -> 0 | GS27: =IF(Registrering!$B$29="Prosjekter som foregår i UiOs lokaler",IF($B27="Teknisk/adm. bistand/Feltassistent",K27*Tabeller!L$11,K27*Tabeller!L$10),IF($B27="Teknisk/adm. bistand/Feltassistent",K27*Tabeller!L$13,K27*Tabeller!L$12)) -> 0 | GT27: =IF(Registrering!$B$29="Prosjekter som foregår i UiOs lokaler",IF($B27="Teknisk/adm. bistand/Feltassistent",L27*Tabeller!M$11,L27*Tabeller!M$10),IF($B27="Teknisk/adm. bistand/Feltassistent",L27*Tabeller!M$13,L27*Tabeller!M$12)) -> 0 | GU27: =IF(Registrering!$B$29="Prosjekter som foregår i UiOs lokaler",IF($B27="Teknisk/adm. bistand/Feltassistent",M27*Tabeller!N$11,M27*Tabeller!N$10),IF($B27="Teknisk/adm. bistand/Feltassistent",M27*Tabeller!N$13,M27*Tabeller!N$12)) -> 0 | GV27: =IF(Registrering!$B$29="Prosjekter som foregår i UiOs lokaler",IF($B27="Teknisk/adm. bistand/Feltassistent",N27*Tabeller!O$11,N27*Tabeller!O$10),IF($B27="Teknisk/adm. bistand/Feltassistent",N27*Tabeller!O$13,N27*Tabeller!O$12)) -> 0 | GW27: =IF(Registrering!$B$29="Prosjekter som foregår i UiOs lokaler",IF($B27="Teknisk/adm. bistand/Feltassistent",O27*Tabeller!P$11,O27*Tabeller!P$10),IF($B27="Teknisk/adm. bistand/Feltassistent",O27*Tabeller!P$13,O27*Tabeller!P$12)) -> 0 | GX27: =IF(Registrering!$B$29="Prosjekter som foregår i UiOs lokaler",IF($B27="Teknisk/adm. bistand/Feltassistent",P27*Tabeller!Q$11,P27*Tabeller!Q$10),IF($B27="Teknisk/adm. bistand/Feltassistent",P27*Tabeller!Q$13,P27*Tabeller!Q$12)) -> 0 | ... HC27: =IF(Registrering!$B$29="Prosjekter som foregår i UiOs lokaler",IF($B27="Teknisk/adm. bistand/Feltassistent",U27*Tabeller!V$11,U27*Tabeller!V$10),IF($B27="Teknisk/adm. bistand/Feltassistent",U27*Tabeller!V$13,U27*Tabeller!V$12)) -> 0
B28: Sum frikjøp art 5896 | C28: =SUM(C22:C27) -> 0 | D28: =SUM(D22:D27) -> 0 | E28: =SUM(E22:E27) -> 0 | I28: =SUM(I22:I27) -> 0 | J28: =SUM(J22:J27) -> 0 | K28: =SUM(K22:K27) -> 0 | L28: =SUM(L22:L27) -> 0 | M28: =SUM(M22:M27) -> 0 | N28: =SUM(N22:N27) -> 0 | O28: =SUM(O22:O27) -> 0 | P28: =SUM(P22:P27) -> 0 | ... U28: =SUM(U22:U27) -> 0 | AP28: =SUM(AP22:AP27) -> 0 | AQ28: =SUM(AQ22:AQ27) -> 0 | AR28: =SUM(AR22:AR27) -> 0 | AS28: =SUM(AS22:AS27) -> 0 | AT28: =SUM(AT22:AT27) -> 0 | AU28: =SUM(AU22:AU27) -> 0 | AV28: =SUM(AV22:AV27) -> 0 | AW28: =SUM(AW22:AW27) -> 0 | ... BB28: =SUM(BB22:BB27) -> 0 | BC28: =SUM(AP28:BB28) -> 0 | BD28: =SUM(BD22:BD27) -> 0 | BE28: =SUM(BE22:BE27) -> 0 | BF28: =SUM(BF22:BF27) -> 0 | BG28: =SUM(BG22:BG27) -> 0 | BH28: =SUM(BH22:BH27) -> 0 | BI28: =SUM(BI22:BI27) -> 0 | BJ28: =SUM(BJ22:BJ27) -> 0 | BK28: =SUM(BK22:BK27) -> 0 | ... BP28: =SUM(BP22:BP27) -> 0 | BQ28: =SUM(BD28:BP28) -> 0 | BS28: =SUM(BS22:BS27) -> 0 | BT28: =SUM(BT22:BT27) -> 0 | BU28: =SUM(BU22:BU27) -> 0 | BV28: =SUM(BV22:BV27) -> 0 | BW28: =SUM(BW22:BW27) -> 0 | BX28: =SUM(BX22:BX27) -> 0 | BY28: =SUM(BY22:BY27) -> 0 | BZ28: =SUM(BZ22:BZ27) -> 0 | ... CE28: =SUM(CE22:CE27) -> 0 | CH28: =SUM(CH22:CH27) -> 0 | CI28: =SUM(CI22:CI27) -> 0 | CJ28: =SUM(CJ22:CJ27) -> 0 | CK28: =SUM(CK22:CK27) -> 0 | CL28: =SUM(CL22:CL27) -> 0 | CM28: =SUM(CM22:CM27) -> 0 | CN28: =SUM(CN22:CN27) -> 0 | CO28: =SUM(CO22:CO27) -> 0 | ... CT28: =SUM(CT22:CT27) -> 0 | CV28: =B28 -> Sum frikjøp art 5896 | DJ28: =SUM(CW28:DI28) -> 0 | DM28: =CV28 -> Sum frikjøp art 5896 | EA28: =SUM(DN28:DZ28) -> 0 | EC28: =DM28 -> Sum frikjøp art 5896 | EQ28: =SUM(ED28:EP28) -> 0 | ES28: =EC28 -> Sum frikjøp art 5896 | FG28: =SUM(ET28:FF28) -> 0 | FI28: =ES28 -> Sum frikjøp art 5896 | FW28: =SUM(FJ28:FV28) -> 0 | FZ28: =FI28 -> Sum frikjøp art 5896 | GA28: =SUM(GA22:GA27) -> 0 | GB28: =SUM(GB22:GB27) -> 0 | GC28: =SUM(GC22:GC27) -> 0 | GD28: =SUM(GD22:GD27) -> 0 | GE28: =SUM(GE22:GE27) -> 0 | GF28: =SUM(GF22:GF27) -> 0 | GG28: =SUM(GG22:GG27) -> 0 | GH28: =SUM(GH22:GH27) -> 0 | ... GM28: =SUM(GM22:GM27) -> 0 | GN28: =SUM(GA28:GM28) -> 0 | GQ28: =SUM(GQ22:GQ27) -> 0 | GR28: =SUM(GR22:GR27) -> 0 | GS28: =SUM(GS22:GS27) -> 0 | GT28: =SUM(GT22:GT27) -> 0 | GU28: =SUM(GU22:GU27) -> 0 | GV28: =SUM(GV22:GV27) -> 0 | GW28: =SUM(GW22:GW27) -> 0 | GX28: =SUM(GX22:GX27) -> 0 | ... HC28: =SUM(HC22:HC27) -> 0
I29: TIMER | EC29: =DM29 -> 0 | ES29: =EC29 -> 0 | FI29: =ES29 -> 0 | FZ29: =FI29 -> 0
B30: Timelønn | C30: Inntekter | D30: Lønn og sos. kostn. | E30: Årsv | F30: Finansiør | G30: Årslønn | H30: Navn | I30: =I21 -> 2025 | J30: =J21 -> 2026 | K30: =K21 -> 2027 | L30: =L21 -> 2028 | M30: =M21 -> 2029 | N30: =N21 -> 2030 | O30: =O21 -> 2031 | P30: =P21 -> 2032 | ... U30: =U21 -> 2037 | AE30: Bruttolønn | AF30: inkl lønnsv. | AG30: Lønn | AH30: Feriep | AI30: AGA | AJ30: Pensjon | AK30: inkl sos.avg. | AL30: inkl. ind.kost. | AM30: Timesats | AP30: =I30 -> 2025 | AQ30: =J30 -> 2026 | AR30: =K30 -> 2027 | AS30: =L30 -> 2028 | AT30: =M30 -> 2029 | AU30: =N30 -> 2030 | AV30: =O30 -> 2031 | AW30: =P30 -> 2032 | ... BB30: =U30 -> 2037 | BD30: =AP30 -> 2025 | BE30: =AQ30 -> 2026 | BF30: =AR30 -> 2027 | BG30: =AS30 -> 2028 | BH30: =AT30 -> 2029 | BI30: =AU30 -> 2030 | BJ30: =AV30 -> 2031 | BK30: =AW30 -> 2032 | ... BP30: =BB30 -> 2037 | BS30: =BD30 -> 2025 | BT30: =BE30 -> 2026 | BU30: =BF30 -> 2027 | BV30: =BG30 -> 2028 | BW30: =BH30 -> 2029 | BX30: =BI30 -> 2030 | BY30: =BJ30 -> 2031 | BZ30: =BK30 -> 2032 | ... CE30: =BP30 -> 2037 | CH30: =CW30 -> 2025 | CI30: =CX30 -> 2026 | CJ30: =CY30 -> 2027 | CK30: =CZ30 -> 2028 | CL30: =DA30 -> 2029 | CM30: =DB30 -> 2030 | CN30: =DC30 -> 2031 | CO30: =DD30 -> 2032 | ... CT30: =DI30 -> 2037 | CW30: =BS30 -> 2025 | CX30: =BT30 -> 2026 | CY30: =BU30 -> 2027 | CZ30: =BV30 -> 2028 | DA30: =BW30 -> 2029 | DB30: =BX30 -> 2030 | DC30: =BY30 -> 2031 | DD30: =BZ30 -> 2032 | ... DI30: =CE30 -> 2037 | DJ30: Totalt | DN30: =BS30 -> 2025 | DO30: =BT30 -> 2026 | DP30: =BU30 -> 2027 | DQ30: =BV30 -> 2028 | DR30: =BW30 -> 2029 | DS30: =BX30 -> 2030 | DT30: =BY30 -> 2031 | DU30: =BZ30 -> 2032 | ... DZ30: =CE30 -> 2037 | EA30: =EA3 -> Totalt | EC30: =DM30 -> 0 | ED30: =ED21 -> 2025 | EE30: =EE21 -> 2026 | EF30: =EF21 -> 2027 | EG30: =EG21 -> 2028 | EH30: =EH21 -> 2029 | EI30: =EI21 -> 2030 | EJ30: =EJ21 -> 2031 | EK30: =EK21 -> 2032 | ... EQ30: =EQ21 -> Totalt | ES30: =EC30 -> 0 | ET30: =ET21 -> 2025 | EU30: =EU21 -> 2026 | EV30: =EV21 -> 2027 | EW30: =EW21 -> 2028 | EX30: =EX21 -> 2029 | EY30: =EY21 -> 2030 | EZ30: =EZ21 -> 2031 | FA30: =FA21 -> 2032 | ... FG30: =FG21 -> Totalt | FI30: =ES30 -> 0 | FJ30: =FJ21 -> 2025 | FK30: =FK21 -> 2026 | FL30: =FL21 -> 2027 | FM30: =FM21 -> 2028 | FN30: =FN21 -> 2029 | FO30: =FO21 -> 2030 | FP30: =FP21 -> 2031 | FQ30: =FQ21 -> 2032 | ... FW30: =FW21 -> Totalt | FZ30: =FI30 -> 0 | GA30: =GA21 -> 2025 | GB30: =GB21 -> 2026 | GC30: =GC21 -> 2027 | GD30: =GD21 -> 2028 | GE30: =GE21 -> 2029 | GF30: =GF21 -> 2030 | GG30: =GG21 -> 2031 | GH30: =GH21 -> 2032 | ... GN30: =GN21 -> Totalt | GQ30: =AP30 -> 2025 | GR30: =AQ30 -> 2026 | GS30: =AR30 -> 2027 | GT30: =AS30 -> 2028 | GU30: =AT30 -> 2029 | GV30: =AU30 -> 2030 | GW30: =AV30 -> 2031 | GX30: =AW30 -> 2032 | ... HC30: =BB30 -> 2037
C31: =IF(Registrering!$B$28="Fast beløp",0,IF(Registrering!$B$28="Sats for ekst. fin. overhead",0,DJ31)) -> 0 | D31: =SUM(AP31:BB31) -> 0 | E31: =SUM(I31:U31)/Tabeller!$H$5 -> 0 | AE31: =G31 -> 0 | AF31: =AE31*Tabeller!$I$49 -> 0 | AG31: =IF(AE31>0,(AF31-400)/52*47,0) -> 0 | AH31: =AG31*Tabeller!$H$40 -> 0 | AI31: =SUM(AG31:AH31,AJ31)*Tabeller!$H$42 -> 0 | AJ31: =AF31*Tabeller!$H$41 -> 0 | AK31: =SUM(AG31:AJ31) -> 0 | AL31: =AK31+(IF(B31="Teknisk adm bistand",Registrering!$E$51,Registrering!$B$51)) -> 0 | AM31: =AK31/Tabeller!$H$5 -> 0 | AP31: =((I31*Budsjett!$AM31)*(Tabeller!I$51)) -> 0 | AQ31: =((J31*Budsjett!$AM31)*(Tabeller!J$49)) -> 0 | AR31: =((K31*Budsjett!$AM31)*(Tabeller!K$49)) -> 0 | AS31: =((L31*Budsjett!$AM31)*(Tabeller!L$49)) -> 0 | AT31: =((M31*Budsjett!$AM31)*(Tabeller!M$49)) -> 0 | AU31: =((N31*Budsjett!$AM31)*(Tabeller!N$49)) -> 0 | AV31: =((O31*Budsjett!$AM31)*(Tabeller!O$49)) -> 0 | AW31: =((P31*Budsjett!$AM31)*(Tabeller!P$49)) -> 0 | AX31: =((Q31*Budsjett!$AM31)*(Tabeller!Q$49)) -> 0 | ... BB31: =((U31*Budsjett!$AM31)*(Tabeller!U$49)) -> 0 | BD31: =IFERROR(IF(#REF!>#REF!,BS31,GQ31),0) -> 0 | BE31: =IFERROR(IF(#REF!>#REF!,BT31,GR31),0) -> 0 | BF31: =IFERROR(IF(#REF!>#REF!,BU31,GS31),0) -> 0 | BG31: =IFERROR(IF(#REF!>#REF!,BV31,GT31),0) -> 0 | BH31: =IFERROR(IF(#REF!>#REF!,BW31,GU31),0) -> 0 | BI31: =IFERROR(IF(#REF!>#REF!,BX31,GV31),0) -> 0 | BJ31: =IFERROR(IF(#REF!>#REF!,BY31,GW31),0) -> 0 | BK31: =IFERROR(IF(#REF!>#REF!,BZ31,GX31),0) -> 0 | ... BP31: =IFERROR(IF(#REF!>#REF!,CE31,HC31),0) -> 0 | BS31: =IFERROR(IF($F$89=$K$88,AP31*#REF!,AP31*Budsjett!$F$89),0) -> 0 | BT31: =IFERROR(IF($F$89=$K$88,AQ31*#REF!,AQ31*Budsjett!$F$89),0) -> 0 | BU31: =IFERROR(IF($F$89=$K$88,AR31*#REF!,AR31*Budsjett!$F$89),0) -> 0 | BV31: =IFERROR(IF($F$89=$K$88,AS31*#REF!,AS31*Budsjett!$F$89),0) -> 0 | BW31: =IFERROR(IF($F$89=$K$88,AT31*#REF!,AT31*Budsjett!$F$89),0) -> 0 | BX31: =IFERROR(IF($F$89=$K$88,AU31*#REF!,AU31*Budsjett!$F$89),0) -> 0 | BY31: =IFERROR(IF($F$89=$K$88,AV31*#REF!,AV31*Budsjett!$F$89),0) -> 0 | BZ31: =IFERROR(IF($F$89=$K$88,AW31*#REF!,AW31*Budsjett!$F$89),0) -> 0 | ... CE31: =IFERROR(IF($F$89=$K$88,BB31*#REF!,BB31*Budsjett!$F$89),0) -> 0 | CH31: =BD31-BS31 -> 0 | CI31: =BE31-BT31 -> 0 | CJ31: =BF31-BU31 -> 0 | CK31: =BG31-BV31 -> 0 | CL31: =BH31-BW31 -> 0 | CM31: =BI31-BX31 -> 0 | CN31: =BJ31-BY31 -> 0 | CO31: =BK31-BZ31 -> 0 | ... CT31: =BP31-CE31 -> 0 | CV31: =B31 -> 0 | CW31: =-(AP31*(1+Tabeller!$I$82)) -> 0 | CX31: =-(AQ31*(1+Tabeller!$I$82)) -> 0 | CY31: =-(AR31*(1+Tabeller!$I$82)) -> 0 | CZ31: =-(AS31*(1+Tabeller!$I$82)) -> 0 | DA31: =-(AT31*(1+Tabeller!$I$82)) -> 0 | DB31: =-(AU31*(1+Tabeller!$I$82)) -> 0 | DC31: =-(AV31*(1+Tabeller!$I$82)) -> 0 | DD31: =-(AW31*(1+Tabeller!$I$82)) -> 0 | ... DI31: =-(BB31*(1+Tabeller!$I$82)) -> 0 | DJ31: =SUM(CW31:DI31) -> 0 | DM31: =CV31 -> 0 | DN31: =IF($F31="NFR",CW31,0) -> 0 | DO31: =IF($F31="NFR",CX31,0) -> 0 | DP31: =IF($F31="NFR",CY31,0) -> 0 | DQ31: =IF($F31="NFR",CZ31,0) -> 0 | DR31: =IF($F31="NFR",DA31,0) -> 0 | DS31: =IF($F31="NFR",DB31,0) -> 0 | DT31: =IF($F31="NFR",DC31,0) -> 0 | DU31: =IF($F31="NFR",DD31,0) -> 0 | ... DZ31: =IF($F31="NFR",DI31,0) -> 0 | EA31: =SUM(DN31:DZ31) -> 0 | EC31: =DM31 -> 0 | ED31: =IF($F31=$ED$1,CW31,0) -> 0 | EE31: =IF($F31=$ED$1,CX31,0) -> 0 | EF31: =IF($F31=$ED$1,CY31,0) -> 0 | EG31: =IF($F31=$ED$1,CZ31,0) -> 0 | EH31: =IF($F31=$ED$1,DA31,0) -> 0 | EI31: =IF($F31=$ED$1,DB31,0) -> 0 | EJ31: =IF($F31=$ED$1,DC31,0) -> 0 | EK31: =IF($F31=$ED$1,DD31,0) -> 0 | ... EP31: =IF($F31=$ED$1,DI31,0) -> 0 | EQ31: =SUM(ED31:EP31) -> 0 | ES31: =EC31 -> 0 | ET31: =IF($F31=$ET$1,CW31,0) -> 0 | EU31: =IF($F31=$ET$1,CX31,0) -> 0 | EV31: =IF($F31=$ET$1,CY31,0) -> 0 | EW31: =IF($F31=$ET$1,CZ31,0) -> 0 | EX31: =IF($F31=$ET$1,DA31,0) -> 0 | EY31: =IF($F31=$ET$1,DB31,0) -> 0 | EZ31: =IF($F31=$ET$1,DC31,0) -> 0 | FA31: =IF($F31=$ET$1,DD31,0) -> 0 | ... FF31: =IF($F31=$ET$1,DI31,0) -> 0 | FG31: =SUM(ET31:FF31) -> 0 | FI31: =ES31 -> 0 | FJ31: =IF($F31=$FJ$1,CW31,0) -> 0 | FK31: =IF($F31=$FJ$1,CX31,0) -> 0 | FL31: =IF($F31=$FJ$1,CY31,0) -> 0 | FM31: =IF($F31=$FJ$1,CZ31,0) -> 0 | FN31: =IF($F31=$FJ$1,DA31,0) -> 0 | FO31: =IF($F31=$FJ$1,DB31,0) -> 0 | FP31: =IF($F31=$FJ$1,DC31,0) -> 0 | FQ31: =IF($F31=$FJ$1,DD31,0) -> 0 | ... FV31: =IF($F31=$FJ$1,DI31,0) -> 0 | FW31: =SUM(FJ31:FV31) -> 0 | FZ31: =FI31 -> 0 | GN31: =SUM(GA31:GM31) -> 0 | GQ31: =IF(Registrering!$B$29="Prosjekter som foregår i UiOs lokaler",IF($B31="Teknisk/adm. bistand/Feltassistent",I31*Tabeller!J$11,I31*Tabeller!J$10)/Tabeller!$H$5,IF($B31="Teknisk/adm. bistand/Feltassistent",I31*Tabeller!J$13,I31*Tabeller!J$12)/Tabeller!$H$5) -> 0 | GR31: =IF(Registrering!$B$29="Prosjekter som foregår i UiOs lokaler",IF($B31="Teknisk/adm. bistand/Feltassistent",J31*Tabeller!K$11,J31*Tabeller!K$10)/Tabeller!$H$5,IF($B31="Teknisk/adm. bistand/Feltassistent",J31*Tabeller!K$13,J31*Tabeller!K$12)/Tabeller!$H$5) -> 0 | GS31: =IF(Registrering!$B$29="Prosjekter som foregår i UiOs lokaler",IF($B31="Teknisk/adm. bistand/Feltassistent",K31*Tabeller!L$11,K31*Tabeller!L$10)/Tabeller!$H$5,IF($B31="Teknisk/adm. bistand/Feltassistent",K31*Tabeller!L$13,K31*Tabeller!L$12)/Tabeller!$H$5) -> 0 | GT31: =IF(Registrering!$B$29="Prosjekter som foregår i UiOs lokaler",IF($B31="Teknisk/adm. bistand/Feltassistent",L31*Tabeller!M$11,L31*Tabeller!M$10)/Tabeller!$H$5,IF($B31="Teknisk/adm. bistand/Feltassistent",L31*Tabeller!M$13,L31*Tabeller!M$12)/Tabeller!$H$5) -> 0 | GU31: =IF(Registrering!$B$29="Prosjekter som foregår i UiOs lokaler",IF($B31="Teknisk/adm. bistand/Feltassistent",M31*Tabeller!N$11,M31*Tabeller!N$10)/Tabeller!$H$5,IF($B31="Teknisk/adm. bistand/Feltassistent",M31*Tabeller!N$13,M31*Tabeller!N$12)/Tabeller!$H$5) -> 0 | GV31: =IF(Registrering!$B$29="Prosjekter som foregår i UiOs lokaler",IF($B31="Teknisk/adm. bistand/Feltassistent",N31*Tabeller!O$11,N31*Tabeller!O$10)/Tabeller!$H$5,IF($B31="Teknisk/adm. bistand/Feltassistent",N31*Tabeller!O$13,N31*Tabeller!O$12)/Tabeller!$H$5) -> 0 | GW31: =IF(Registrering!$B$29="Prosjekter som foregår i UiOs lokaler",IF($B31="Teknisk/adm. bistand/Feltassistent",O31*Tabeller!P$11,O31*Tabeller!P$10)/Tabeller!$H$5,IF($B31="Teknisk/adm. bistand/Feltassistent",O31*Tabeller!P$13,O31*Tabeller!P$12)/Tabeller!$H$5) -> 0 | GX31: =IF(Registrering!$B$29="Prosjekter som foregår i UiOs lokaler",IF($B31="Teknisk/adm. bistand/Feltassistent",P31*Tabeller!Q$11,P31*Tabeller!Q$10)/Tabeller!$H$5,IF($B31="Teknisk/adm. bistand/Feltassistent",P31*Tabeller!Q$13,P31*Tabeller!Q$12)/Tabeller!$H$5) -> 0 | ... HC31: =IF(Registrering!$B$29="Prosjekter som foregår i UiOs lokaler",IF($B31="Teknisk/adm. bistand/Feltassistent",U31*Tabeller!V$11,U31*Tabeller!V$10)/Tabeller!$H$5,IF($B31="Teknisk/adm. bistand/Feltassistent",U31*Tabeller!V$13,U31*Tabeller!V$12)/Tabeller!$H$5) -> 0
C32: =IF(Registrering!$B$28="Fast beløp",0,IF(Registrering!$B$28="Sats for ekst. fin. overhead",0,DJ32)) -> 0 | D32: =SUM(AP32:BB32) -> 0 | E32: =SUM(I32:U32)/Tabeller!$H$5 -> 0 | AE32: =G32 -> 0 | AF32: =AE32*Tabeller!$I$49 -> 0 | AG32: =IF(AE32>0,(AF32-400)/52*47,0) -> 0 | AH32: =AG32*Tabeller!$H$40 -> 0 | AI32: =SUM(AG32:AH32,AJ32)*Tabeller!$H$42 -> 0 | AJ32: =AF32*Tabeller!$H$41 -> 0 | AK32: =SUM(AG32:AJ32) -> 0 | AL32: =AK32+(IF(B32="Teknisk adm bistand",Registrering!$E$51,Registrering!$B$51)) -> 0 | AM32: =AK32/Tabeller!$H$5 -> 0 | AP32: =((I32*Budsjett!$AM32)*(Tabeller!I$51)) -> 0 | AQ32: =((J32*Budsjett!$AM32)*(Tabeller!J$49)) -> 0 | AR32: =((K32*Budsjett!$AM32)*(Tabeller!K$49)) -> 0 | AS32: =((L32*Budsjett!$AM32)*(Tabeller!L$49)) -> 0 | AT32: =((M32*Budsjett!$AM32)*(Tabeller!M$49)) -> 0 | AU32: =((N32*Budsjett!$AM32)*(Tabeller!N$49)) -> 0 | AV32: =((O32*Budsjett!$AM32)*(Tabeller!O$49)) -> 0 | AW32: =((P32*Budsjett!$AM32)*(Tabeller!P$49)) -> 0 | AX32: =((Q32*Budsjett!$AM32)*(Tabeller!Q$49)) -> 0 | ... BB32: =((U32*Budsjett!$AM32)*(Tabeller!U$49)) -> 0 | BD32: =IFERROR(IF(#REF!>#REF!,BS32,GQ32),0) -> 0 | BE32: =IFERROR(IF(#REF!>#REF!,BT32,GR32),0) -> 0 | BF32: =IFERROR(IF(#REF!>#REF!,BU32,GS32),0) -> 0 | BG32: =IFERROR(IF(#REF!>#REF!,BV32,GT32),0) -> 0 | BH32: =IFERROR(IF(#REF!>#REF!,BW32,GU32),0) -> 0 | BI32: =IFERROR(IF(#REF!>#REF!,BX32,GV32),0) -> 0 | BJ32: =IFERROR(IF(#REF!>#REF!,BY32,GW32),0) -> 0 | BK32: =IFERROR(IF(#REF!>#REF!,BZ32,GX32),0) -> 0 | ... BP32: =IFERROR(IF(#REF!>#REF!,CE32,HC32),0) -> 0 | BS32: =IFERROR(IF($F$89=$K$88,AP32*#REF!,AP32*Budsjett!$F$89),0) -> 0 | BT32: =IFERROR(IF($F$89=$K$88,AQ32*#REF!,AQ32*Budsjett!$F$89),0) -> 0 | BU32: =IFERROR(IF($F$89=$K$88,AR32*#REF!,AR32*Budsjett!$F$89),0) -> 0 | BV32: =IFERROR(IF($F$89=$K$88,AS32*#REF!,AS32*Budsjett!$F$89),0) -> 0 | BW32: =IFERROR(IF($F$89=$K$88,AT32*#REF!,AT32*Budsjett!$F$89),0) -> 0 | BX32: =IFERROR(IF($F$89=$K$88,AU32*#REF!,AU32*Budsjett!$F$89),0) -> 0 | BY32: =IFERROR(IF($F$89=$K$88,AV32*#REF!,AV32*Budsjett!$F$89),0) -> 0 | BZ32: =IFERROR(IF($F$89=$K$88,AW32*#REF!,AW32*Budsjett!$F$89),0) -> 0 | ... CE32: =IFERROR(IF($F$89=$K$88,BB32*#REF!,BB32*Budsjett!$F$89),0) -> 0 | CH32: =BD32-BS32 -> 0 | CI32: =BE32-BT32 -> 0 | CJ32: =BF32-BU32 -> 0 | CK32: =BG32-BV32 -> 0 | CL32: =BH32-BW32 -> 0 | CM32: =BI32-BX32 -> 0 | CN32: =BJ32-BY32 -> 0 | CO32: =BK32-BZ32 -> 0 | ... CT32: =BP32-CE32 -> 0 | CV32: =B32 -> 0 | CW32: =-(AP32*(1+Tabeller!$I$82)) -> 0 | CX32: =-(AQ32*(1+Tabeller!$I$82)) -> 0 | CY32: =-(AR32*(1+Tabeller!$I$82)) -> 0 | CZ32: =-(AS32*(1+Tabeller!$I$82)) -> 0 | DA32: =-(AT32*(1+Tabeller!$I$82)) -> 0 | DB32: =-(AU32*(1+Tabeller!$I$82)) -> 0 | DC32: =-(AV32*(1+Tabeller!$I$82)) -> 0 | DD32: =-(AW32*(1+Tabeller!$I$82)) -> 0 | ... DI32: =-(BB32*(1+Tabeller!$I$82)) -> 0 | DJ32: =SUM(CW32:DI32) -> 0 | DM32: =CV32 -> 0 | DN32: =IF($F32="NFR",CW32,0) -> 0 | DO32: =IF($F32="NFR",CX32,0) -> 0 | DP32: =IF($F32="NFR",CY32,0) -> 0 | DQ32: =IF($F32="NFR",CZ32,0) -> 0 | DR32: =IF($F32="NFR",DA32,0) -> 0 | DS32: =IF($F32="NFR",DB32,0) -> 0 | DT32: =IF($F32="NFR",DC32,0) -> 0 | DU32: =IF($F32="NFR",DD32,0) -> 0 | ... DZ32: =IF($F32="NFR",DI32,0) -> 0 | EA32: =SUM(DN32:DZ32) -> 0 | EC32: =DM32 -> 0 | ED32: =IF($F32=$ED$1,CW32,0) -> 0 | EE32: =IF($F32=$ED$1,CX32,0) -> 0 | EF32: =IF($F32=$ED$1,CY32,0) -> 0 | EG32: =IF($F32=$ED$1,CZ32,0) -> 0 | EH32: =IF($F32=$ED$1,DA32,0) -> 0 | EI32: =IF($F32=$ED$1,DB32,0) -> 0 | EJ32: =IF($F32=$ED$1,DC32,0) -> 0 | EK32: =IF($F32=$ED$1,DD32,0) -> 0 | ... EP32: =IF($F32=$ED$1,DI32,0) -> 0 | EQ32: =SUM(ED32:EP32) -> 0 | ES32: =EC32 -> 0 | ET32: =IF($F32=$ET$1,CW32,0) -> 0 | EU32: =IF($F32=$ET$1,CX32,0) -> 0 | EV32: =IF($F32=$ET$1,CY32,0) -> 0 | EW32: =IF($F32=$ET$1,CZ32,0) -> 0 | EX32: =IF($F32=$ET$1,DA32,0) -> 0 | EY32: =IF($F32=$ET$1,DB32,0) -> 0 | EZ32: =IF($F32=$ET$1,DC32,0) -> 0 | FA32: =IF($F32=$ET$1,DD32,0) -> 0 | ... FF32: =IF($F32=$ET$1,DI32,0) -> 0 | FG32: =SUM(ET32:FF32) -> 0 | FI32: =ES32 -> 0 | FJ32: =IF($F32=$FJ$1,CW32,0) -> 0 | FK32: =IF($F32=$FJ$1,CX32,0) -> 0 | FL32: =IF($F32=$FJ$1,CY32,0) -> 0 | FM32: =IF($F32=$FJ$1,CZ32,0) -> 0 | FN32: =IF($F32=$FJ$1,DA32,0) -> 0 | FO32: =IF($F32=$FJ$1,DB32,0) -> 0 | FP32: =IF($F32=$FJ$1,DC32,0) -> 0 | FQ32: =IF($F32=$FJ$1,DD32,0) -> 0 | ... FV32: =IF($F32=$FJ$1,DI32,0) -> 0 | FW32: =SUM(FJ32:FV32) -> 0 | FZ32: =FI32 -> 0 | GN32: =SUM(GA32:GM32) -> 0 | GQ32: =IF(Registrering!$B$29="Prosjekter som foregår i UiOs lokaler",IF($B32="Teknisk/adm. bistand/Feltassistent",I32*Tabeller!J$11,I32*Tabeller!J$10)/Tabeller!$H$5,IF($B32="Teknisk/adm. bistand/Feltassistent",I32*Tabeller!J$13,I32*Tabeller!J$12)/Tabeller!$H$5) -> 0 | GR32: =IF(Registrering!$B$29="Prosjekter som foregår i UiOs lokaler",IF($B32="Teknisk/adm. bistand/Feltassistent",J32*Tabeller!K$11,J32*Tabeller!K$10)/Tabeller!$H$5,IF($B32="Teknisk/adm. bistand/Feltassistent",J32*Tabeller!K$13,J32*Tabeller!K$12)/Tabeller!$H$5) -> 0 | GS32: =IF(Registrering!$B$29="Prosjekter som foregår i UiOs lokaler",IF($B32="Teknisk/adm. bistand/Feltassistent",K32*Tabeller!L$11,K32*Tabeller!L$10)/Tabeller!$H$5,IF($B32="Teknisk/adm. bistand/Feltassistent",K32*Tabeller!L$13,K32*Tabeller!L$12)/Tabeller!$H$5) -> 0 | GT32: =IF(Registrering!$B$29="Prosjekter som foregår i UiOs lokaler",IF($B32="Teknisk/adm. bistand/Feltassistent",L32*Tabeller!M$11,L32*Tabeller!M$10)/Tabeller!$H$5,IF($B32="Teknisk/adm. bistand/Feltassistent",L32*Tabeller!M$13,L32*Tabeller!M$12)/Tabeller!$H$5) -> 0 | GU32: =IF(Registrering!$B$29="Prosjekter som foregår i UiOs lokaler",IF($B32="Teknisk/adm. bistand/Feltassistent",M32*Tabeller!N$11,M32*Tabeller!N$10)/Tabeller!$H$5,IF($B32="Teknisk/adm. bistand/Feltassistent",M32*Tabeller!N$13,M32*Tabeller!N$12)/Tabeller!$H$5) -> 0 | GV32: =IF(Registrering!$B$29="Prosjekter som foregår i UiOs lokaler",IF($B32="Teknisk/adm. bistand/Feltassistent",N32*Tabeller!O$11,N32*Tabeller!O$10)/Tabeller!$H$5,IF($B32="Teknisk/adm. bistand/Feltassistent",N32*Tabeller!O$13,N32*Tabeller!O$12)/Tabeller!$H$5) -> 0 | GW32: =IF(Registrering!$B$29="Prosjekter som foregår i UiOs lokaler",IF($B32="Teknisk/adm. bistand/Feltassistent",O32*Tabeller!P$11,O32*Tabeller!P$10)/Tabeller!$H$5,IF($B32="Teknisk/adm. bistand/Feltassistent",O32*Tabeller!P$13,O32*Tabeller!P$12)/Tabeller!$H$5) -> 0 | GX32: =IF(Registrering!$B$29="Prosjekter som foregår i UiOs lokaler",IF($B32="Teknisk/adm. bistand/Feltassistent",P32*Tabeller!Q$11,P32*Tabeller!Q$10)/Tabeller!$H$5,IF($B32="Teknisk/adm. bistand/Feltassistent",P32*Tabeller!Q$13,P32*Tabeller!Q$12)/Tabeller!$H$5) -> 0 | ... HC32: =IF(Registrering!$B$29="Prosjekter som foregår i UiOs lokaler",IF($B32="Teknisk/adm. bistand/Feltassistent",U32*Tabeller!V$11,U32*Tabeller!V$10)/Tabeller!$H$5,IF($B32="Teknisk/adm. bistand/Feltassistent",U32*Tabeller!V$13,U32*Tabeller!V$12)/Tabeller!$H$5) -> 0
C33: =IF(Registrering!$B$28="Fast beløp",0,IF(Registrering!$B$28="Sats for ekst. fin. overhead",0,DJ33)) -> 0 | D33: =SUM(AP33:BB33) -> 0 | E33: =SUM(I33:U33)/Tabeller!$H$5 -> 0 | AE33: =G33 -> 0 | AF33: =AE33*Tabeller!$I$49 -> 0 | AG33: =IF(AE33>0,(AF33-400)/52*47,0) -> 0 | AH33: =AG33*Tabeller!$H$40 -> 0 | AI33: =SUM(AG33:AH33,AJ33)*Tabeller!$H$42 -> 0 | AJ33: =AF33*Tabeller!$H$41 -> 0 | AK33: =SUM(AG33:AJ33) -> 0 | AL33: =AK33+(IF(B33="Teknisk adm bistand",Registrering!$E$51,Registrering!$B$51)) -> 0 | AM33: =AK33/Tabeller!$H$5 -> 0 | AP33: =((I33*Budsjett!$AM33)*(Tabeller!I$51)) -> 0 | AQ33: =((J33*Budsjett!$AM33)*(Tabeller!J$49)) -> 0 | AR33: =((K33*Budsjett!$AM33)*(Tabeller!K$49)) -> 0 | AS33: =((L33*Budsjett!$AM33)*(Tabeller!L$49)) -> 0 | AT33: =((M33*Budsjett!$AM33)*(Tabeller!M$49)) -> 0 | AU33: =((N33*Budsjett!$AM33)*(Tabeller!N$49)) -> 0 | AV33: =((O33*Budsjett!$AM33)*(Tabeller!O$49)) -> 0 | AW33: =((P33*Budsjett!$AM33)*(Tabeller!P$49)) -> 0 | AX33: =((Q33*Budsjett!$AM33)*(Tabeller!Q$49)) -> 0 | ... BB33: =((U33*Budsjett!$AM33)*(Tabeller!U$49)) -> 0 | BD33: =IFERROR(IF(#REF!>#REF!,BS33,GQ33),0) -> 0 | BE33: =IFERROR(IF(#REF!>#REF!,BT33,GR33),0) -> 0 | BF33: =IFERROR(IF(#REF!>#REF!,BU33,GS33),0) -> 0 | BG33: =IFERROR(IF(#REF!>#REF!,BV33,GT33),0) -> 0 | BH33: =IFERROR(IF(#REF!>#REF!,BW33,GU33),0) -> 0 | BI33: =IFERROR(IF(#REF!>#REF!,BX33,GV33),0) -> 0 | BJ33: =IFERROR(IF(#REF!>#REF!,BY33,GW33),0) -> 0 | BK33: =IFERROR(IF(#REF!>#REF!,BZ33,GX33),0) -> 0 | ... BP33: =IFERROR(IF(#REF!>#REF!,CE33,HC33),0) -> 0 | BS33: =IFERROR(IF($F$89=$K$88,AP33*#REF!,AP33*Budsjett!$F$89),0) -> 0 | BT33: =IFERROR(IF($F$89=$K$88,AQ33*#REF!,AQ33*Budsjett!$F$89),0) -> 0 | BU33: =IFERROR(IF($F$89=$K$88,AR33*#REF!,AR33*Budsjett!$F$89),0) -> 0 | BV33: =IFERROR(IF($F$89=$K$88,AS33*#REF!,AS33*Budsjett!$F$89),0) -> 0 | BW33: =IFERROR(IF($F$89=$K$88,AT33*#REF!,AT33*Budsjett!$F$89),0) -> 0 | BX33: =IFERROR(IF($F$89=$K$88,AU33*#REF!,AU33*Budsjett!$F$89),0) -> 0 | BY33: =IFERROR(IF($F$89=$K$88,AV33*#REF!,AV33*Budsjett!$F$89),0) -> 0 | BZ33: =IFERROR(IF($F$89=$K$88,AW33*#REF!,AW33*Budsjett!$F$89),0) -> 0 | ... CE33: =IFERROR(IF($F$89=$K$88,BB33*#REF!,BB33*Budsjett!$F$89),0) -> 0 | CH33: =BD33-BS33 -> 0 | CI33: =BE33-BT33 -> 0 | CJ33: =BF33-BU33 -> 0 | CK33: =BG33-BV33 -> 0 | CL33: =BH33-BW33 -> 0 | CM33: =BI33-BX33 -> 0 | CN33: =BJ33-BY33 -> 0 | CO33: =BK33-BZ33 -> 0 | ... CT33: =BP33-CE33 -> 0 | CV33: =B33 -> 0 | CW33: =-(AP33*(1+Tabeller!$I$82)) -> 0 | CX33: =-(AQ33*(1+Tabeller!$I$82)) -> 0 | CY33: =-(AR33*(1+Tabeller!$I$82)) -> 0 | CZ33: =-(AS33*(1+Tabeller!$I$82)) -> 0 | DA33: =-(AT33*(1+Tabeller!$I$82)) -> 0 | DB33: =-(AU33*(1+Tabeller!$I$82)) -> 0 | DC33: =-(AV33*(1+Tabeller!$I$82)) -> 0 | DD33: =-(AW33*(1+Tabeller!$I$82)) -> 0 | ... DI33: =-(BB33*(1+Tabeller!$I$82)) -> 0 | DJ33: =SUM(CW33:DI33) -> 0 | DM33: =CV33 -> 0 | DN33: =IF($F33="NFR",CW33,0) -> 0 | DO33: =IF($F33="NFR",CX33,0) -> 0 | DP33: =IF($F33="NFR",CY33,0) -> 0 | DQ33: =IF($F33="NFR",CZ33,0) -> 0 | DR33: =IF($F33="NFR",DA33,0) -> 0 | DS33: =IF($F33="NFR",DB33,0) -> 0 | DT33: =IF($F33="NFR",DC33,0) -> 0 | DU33: =IF($F33="NFR",DD33,0) -> 0 | ... DZ33: =IF($F33="NFR",DI33,0) -> 0 | EA33: =SUM(DN33:DZ33) -> 0 | EC33: =DM33 -> 0 | ED33: =IF($F33=$ED$1,CW33,0) -> 0 | EE33: =IF($F33=$ED$1,CX33,0) -> 0 | EF33: =IF($F33=$ED$1,CY33,0) -> 0 | EG33: =IF($F33=$ED$1,CZ33,0) -> 0 | EH33: =IF($F33=$ED$1,DA33,0) -> 0 | EI33: =IF($F33=$ED$1,DB33,0) -> 0 | EJ33: =IF($F33=$ED$1,DC33,0) -> 0 | EK33: =IF($F33=$ED$1,DD33,0) -> 0 | ... EP33: =IF($F33=$ED$1,DI33,0) -> 0 | EQ33: =SUM(ED33:EP33) -> 0 | ES33: =EC33 -> 0 | ET33: =IF($F33=$ET$1,CW33,0) -> 0 | EU33: =IF($F33=$ET$1,CX33,0) -> 0 | EV33: =IF($F33=$ET$1,CY33,0) -> 0 | EW33: =IF($F33=$ET$1,CZ33,0) -> 0 | EX33: =IF($F33=$ET$1,DA33,0) -> 0 | EY33: =IF($F33=$ET$1,DB33,0) -> 0 | EZ33: =IF($F33=$ET$1,DC33,0) -> 0 | FA33: =IF($F33=$ET$1,DD33,0) -> 0 | ... FF33: =IF($F33=$ET$1,DI33,0) -> 0 | FG33: =SUM(ET33:FF33) -> 0 | FI33: =ES33 -> 0 | FJ33: =IF($F33=$FJ$1,CW33,0) -> 0 | FK33: =IF($F33=$FJ$1,CX33,0) -> 0 | FL33: =IF($F33=$FJ$1,CY33,0) -> 0 | FM33: =IF($F33=$FJ$1,CZ33,0) -> 0 | FN33: =IF($F33=$FJ$1,DA33,0) -> 0 | FO33: =IF($F33=$FJ$1,DB33,0) -> 0 | FP33: =IF($F33=$FJ$1,DC33,0) -> 0 | FQ33: =IF($F33=$FJ$1,DD33,0) -> 0 | ... FV33: =IF($F33=$FJ$1,DI33,0) -> 0 | FW33: =SUM(FJ33:FV33) -> 0 | FZ33: =FI33 -> 0 | GN33: =SUM(GA33:GM33) -> 0 | GQ33: =IF(Registrering!$B$29="Prosjekter som foregår i UiOs lokaler",IF($B33="Teknisk/adm. bistand/Feltassistent",I33*Tabeller!J$11,I33*Tabeller!J$10)/Tabeller!$H$5,IF($B33="Teknisk/adm. bistand/Feltassistent",I33*Tabeller!J$13,I33*Tabeller!J$12)/Tabeller!$H$5) -> 0 | GR33: =IF(Registrering!$B$29="Prosjekter som foregår i UiOs lokaler",IF($B33="Teknisk/adm. bistand/Feltassistent",J33*Tabeller!K$11,J33*Tabeller!K$10)/Tabeller!$H$5,IF($B33="Teknisk/adm. bistand/Feltassistent",J33*Tabeller!K$13,J33*Tabeller!K$12)/Tabeller!$H$5) -> 0 | GS33: =IF(Registrering!$B$29="Prosjekter som foregår i UiOs lokaler",IF($B33="Teknisk/adm. bistand/Feltassistent",K33*Tabeller!L$11,K33*Tabeller!L$10)/Tabeller!$H$5,IF($B33="Teknisk/adm. bistand/Feltassistent",K33*Tabeller!L$13,K33*Tabeller!L$12)/Tabeller!$H$5) -> 0 | GT33: =IF(Registrering!$B$29="Prosjekter som foregår i UiOs lokaler",IF($B33="Teknisk/adm. bistand/Feltassistent",L33*Tabeller!M$11,L33*Tabeller!M$10)/Tabeller!$H$5,IF($B33="Teknisk/adm. bistand/Feltassistent",L33*Tabeller!M$13,L33*Tabeller!M$12)/Tabeller!$H$5) -> 0 | GU33: =IF(Registrering!$B$29="Prosjekter som foregår i UiOs lokaler",IF($B33="Teknisk/adm. bistand/Feltassistent",M33*Tabeller!N$11,M33*Tabeller!N$10)/Tabeller!$H$5,IF($B33="Teknisk/adm. bistand/Feltassistent",M33*Tabeller!N$13,M33*Tabeller!N$12)/Tabeller!$H$5) -> 0 | GV33: =IF(Registrering!$B$29="Prosjekter som foregår i UiOs lokaler",IF($B33="Teknisk/adm. bistand/Feltassistent",N33*Tabeller!O$11,N33*Tabeller!O$10)/Tabeller!$H$5,IF($B33="Teknisk/adm. bistand/Feltassistent",N33*Tabeller!O$13,N33*Tabeller!O$12)/Tabeller!$H$5) -> 0 | GW33: =IF(Registrering!$B$29="Prosjekter som foregår i UiOs lokaler",IF($B33="Teknisk/adm. bistand/Feltassistent",O33*Tabeller!P$11,O33*Tabeller!P$10)/Tabeller!$H$5,IF($B33="Teknisk/adm. bistand/Feltassistent",O33*Tabeller!P$13,O33*Tabeller!P$12)/Tabeller!$H$5) -> 0 | GX33: =IF(Registrering!$B$29="Prosjekter som foregår i UiOs lokaler",IF($B33="Teknisk/adm. bistand/Feltassistent",P33*Tabeller!Q$11,P33*Tabeller!Q$10)/Tabeller!$H$5,IF($B33="Teknisk/adm. bistand/Feltassistent",P33*Tabeller!Q$13,P33*Tabeller!Q$12)/Tabeller!$H$5) -> 0 | ... HC33: =IF(Registrering!$B$29="Prosjekter som foregår i UiOs lokaler",IF($B33="Teknisk/adm. bistand/Feltassistent",U33*Tabeller!V$11,U33*Tabeller!V$10)/Tabeller!$H$5,IF($B33="Teknisk/adm. bistand/Feltassistent",U33*Tabeller!V$13,U33*Tabeller!V$12)/Tabeller!$H$5) -> 0
